Workbook

Sheet INFORMAÇÕES
S1: INFORMAÇÕES DA PROPOSTA INICIAL DO CONTRATO
B4: Dados referentes ao Contrato (CR) ou Termo de Compromisso (TC) | Q4: * Preencha os campos necessários abaixo para transportar as informações para as demais guias *
B5: Tomador | Q5: MUNICÍPIO DE CASTRO
B6: Empreendimento (Obra, Serviço ou Aquisição) | Q6: SUBSTITUIÇÃO TELHAS UBS SOCAVÃO
B7: Número do CR ou TC COM DÍGITO VERIFICADOR | G7: =IF(Q7="",D4,Q7) -> 0
A8: X | B8: Número do DV (Dígito Verificador) | G8: =IF(Q8="",E4,Q8) -> 0
B9: Data da assinatura
A10: X | B10: Ano da proposta | G10: =IF(Q5="",F4,Q5) -> MUNICÍPIO DE CASTRO | Q10: =IF(Q9>0,YEAR(Q9),"")
A11: X | B11: Descrição do objeto | G11: =IF(Q11="",J4,Q11) -> 0
A12: X | B12: Logradouro | G12: =IF(Q12="","",Q12)
A13: X | B13: Município | G13: =IF(Q13="","",Q13) -> CASTRO | Q13: CASTRO
A14: X | B14: UF | G14: =IF(Q14="","",Q14) -> PR | Q14: PR
B15: Ministério Gestor | G15: =IF(Q15="",I4,Q15) -> 0
B16: Programa | G16: =IF(Q16="",LEFT(H4,25),Q16)
A17: X | B17: Localidade | G17: =IF(Q17="","",Q17)
A18: X | B18: Situação da obra | G18: =IF(Q18="",AI4,Q18) -> 0
A19: X | B19: Desembolso realizado (%) | G19: =IF(W4=0,0,(Y4+Z4)/W4) -> 0
A20: X | B20: Objetivo | G20: =IF(Q20="","",Q20)
A21: X | B21: Modalidade | G21: =IF(Q21="","",Q21)
A22: X | B22: Prazo de execução (meses) | G22: =IF(Q22="","",Q22)
B23: Repasse/Financiamento Máximo (R$) | G23: =IF(Q23="",U4,Q23) -> 0
A24: X | B24: Data da autorização Caixa | G24: =IF(Q24="",P4,Q24) -> 0
A25: X | B25: População beneficiada | G25: =IF(Q25="","",Q25)
A26: X | B26: Percentual realizado | G26: =IF(Q26="",Q4,Q26) -> * Preencha os campos necessários abaixo para transportar as informações para as demais guias *
A27: X | B27: Data de início de obra | G27: =IF(Q27="","",Q27)
A28: X | B28: Data da última vistoria | G28: =IF(Q28="",AH4,Q28) -> 0
A29: X | B29: Nome da GIGOV | G29: =IF(Q29="(selecione)","(selecione)","GIGOV - "&Q29) -> GIGOV - PG - PONTA GROSSA | Q29: PG - PONTA GROSSA
A30: X | B30: Sede da GIGOV | G30: =IF(Q30="","",Q30)
A31: X | B31: Nome da SR | G31: =IF(Q31="",N4,Q31) -> CAMPOS GERAIS | Q31: CAMPOS GERAIS
A32: X | B32: Ano do orçamento | G32: =IF(Q32="",AR4,Q32) -> 2017 | Q32: 2017
A33: X | B33: Data da assinatura para fins da CI GENOA 0919/08
A34: X | B34: Outras Fontes (R$)
B35: Contrapartida Mínima (R$) * | AA35: =IF($V$40="X"," * Consultar SICONV. Não confundir com a Contrapartida prevista na Proposta!","") -> * Consultar SICONV. Não confundir com a Contrapartida prevista na Proposta!
B36: Valor Previsto de Investimento (R$) | Q36: =IF(Q37=0,SUM(Q23+Q35),Q23/(1-Q37/100)) -> 0
B37: Contrapartida Mínima (%) | P37: =IF(Q35<>0,,Q37) -> 0 | R37: =IF(Q35>0,"* Indicar o valor acima apenas se souber o mínimo exigido no Programa, pois prevalece sobre este %",IF($V$40="X","* Consulte o SICONV ou a CAIXA p/ confirmar este %! *","")) -> * Consulte o SICONV ou a CAIXA p/ confirmar este %! * | AA37: =IF($V$40="X"," * No SICONV, consultar a Aba Programa.","") -> * No SICONV, consultar a Aba Programa.
A38: X | B38: Resíduos financeiros (R$)
A39: X | B39: Empreendimento enquadrado na Portaria Interministerial CGU/MF/MP 507 de 28/11/2011 | Q39: =Q42 -> X | R39: Sim p/ obras e serviços | V39: =IF(OR(AA23=1,Q40="X"),"X",IF(AA33=1,"X",IF(Q39=0,"X",0))) -> 0 | W39: Não
B40: Contrato de Financiamento? | R40: SIM | V40: =IF(Q40=0,"X",0) -> X | W40: Não
B41: Contrato de Repasse? | Q41: =IF(AND(Q23>0,Q40=""),"X","") | R41: SIM | V41: =IF(Q41="","X",0) -> X | W41: Não
B42: O objeto é obra ou serviço? | Q42: X | R42: SIM | V42: =IF(Q42=0,"X",0) -> 0 | W42: Não
S45: INFORMAÇÕES DO CONTRATO APÓS FECHAMENTO DO ORÇAMENTO DO EMPREENDIMENTO
B48: Dados referentes ao Orçamento | Q48: * Orçamento geral do empreendimento, considerando todos os eventuais contratos *
B49: Valor Orçado de Repasse (R$) | Q49: =S113 -> 0
B50: Valor Orçado de Contrapartida (R$) | Q50: =S114 -> 41766.75
B51: Outras Fontes (R$) | Q51: =S116 -> 0
B52: Valor Orçado de Investimento (R$) | Q52: =S104 -> 41766.75
S55: INFORMAÇÕES DO ORÇAMENTO P/ LICITAÇÃO (OU RELICITAÇÃO P/ CONCLUSÃO DE EMPREENDIMENTO)
B58: Dados referentes ao Orçamento | Q58: * Orçamento de nova licitação para conclusão de obra não concluída em contrato anterior (se for o caso) *
B59: Valor Orçado de Repasse (R$) | Q59: =T120 -> 0
B60: Valor Orçado de Contrapartida (R$) | Q60: =T121 -> 41766.75
B61: Outras Fontes (R$) | Q61: =T116 -> 0
B62: Valor Orçado de Investimento (R$) | Q62: =T124 -> 41766.75
S65: INFORMAÇÕES DO CONTRATO DE REPASSE PÓS-LICITAÇÃO
B68: Dados referentes ao Orçamento | Q68: * Orçamento geral do empreendimento após licitação ou relicitação para conclusão de obra *
B69: Valor Orçado de Repasse (R$) | Q69: =Q72-Q70 -> 0
B70: Valor Orçado de Contrapartida (R$) | Q70: =IFERROR(IF(Q72>Q36,Q72-Q23,Q72*(Q35/Q36)),0) -> 0
B71: Outras Fontes (R$) | Q71: =T123 -> 0
B72: Valor Orçado de Investimento (R$) | Q72: =IFERROR('QCI PÓS-LICIT.'!J47,0) -> 0
S75: INFORMAÇÕES DO ORÇAMENTO PÓS-LICITAÇÃO
B78: Dados referentes ao Orçamento | Q78: * Orçamento pós-licitação do empreendimento *
B79: Valor Orçado de Repasse (R$) | Q79: =Q82-Q80 -> 0
B80: Valor Orçado de Contrapartida (R$) | Q80: =IFERROR(IF(Q82>Q36,Q82-Q23,Q82*(Q35/Q36)),0) -> 0
B81: Outras Fontes (R$) | Q81: =T132 -> 0
B82: Valor Orçado de Investimento (R$) | Q82: ='ORÇ.GLOBAL EMPRESA'!H1014 -> 0
S85: INFORMAÇÕES DO CONTRATO DE REPASSE APÓS REPROGRAMAÇÃO
B88: Dados referentes ao Orçamento | Q88: * Orçamento geral após reprogramação para conclusão do empreendimento (se for o caso) *
B89: Valor Orçado de Repasse (R$) | Q89: =Q92-Q90 -> 0
B90: Valor Orçado de Contrapartida (R$) | Q90: =IFERROR(IF(Q92>Q36,Q92-Q23,Q92*(Q35/Q36)),0) -> 41766.75
B91: Outras Fontes (R$) | Q91: =T123 -> 0
B92: Valor Orçado de Investimento (R$) | Q92: ='ORÇ.REPROG. P CAIXA'!I1016 -> 41766.75
S95: INFORMAÇÕES DO ORÇAMENTO APÓS REPROGRAMAÇÃO
B98: Dados referentes ao Orçamento | Q98: * Orçamento do CTEF após reprogramação para conclusão do empreendimento (se for o caso) *
B99: Valor Orçado de Repasse (R$) | Q99: =Q102-Q100 -> 0
B100: Valor Orçado de Contrapartida (R$) | Q100: =IFERROR(IF(Q102>Q36,Q102-Q23,Q102*(Q35/Q36)),0) -> 41766.75
B101: Outras Fontes (R$) | Q101: =T125 -> 0
B102: Valor Orçado de Investimento (R$) | Q102: ='ORÇ.REPROG. P LICIT'!I1015 -> 41766.75
C103: X | S103: =Q37 -> 0
Q104: ORÇAMENTO | S104: ='ORÇ.GLOBAL P CAIXA'!F1015 -> 41766.75 | U104: =IF(S108>S112,S108,S112) -> 0 | V104: 0 - Maior entre "excl. outras fontes" e "outras fontes"
F105: R | Q105: EXCL. REPASSE | S105: =SUMIF('ORÇ.GLOBAL P CAIXA'!I12:I1011,"R",'ORÇ.GLOBAL P CAIXA'!G12:G1011) -> 0 | U105: =S106+S107 -> 0 | V105: 1 - Soma cont. exclusiva
F106: C | Q106: EXCL. CONTRAP. $ | S106: =SUMIF('ORÇ.GLOBAL P CAIXA'!I12:I1011,"C",'ORÇ.GLOBAL P CAIXA'!G12:G1011) -> 0 | U106: =U104+U105 -> 0 | V106: 2 - Soma de "0" e "1"
F107: CF | Q107: EXCL. CONTRAP. FÍSICA | S107: =SUMIF('ORÇ.GLOBAL P CAIXA'!I12:I1011,"CF",'ORÇ.GLOBAL P CAIXA'!G12:G1011) -> 0 | U107: =IF(S110<T110,S110,T110) -> 0 | V107: 3 - Menor entre "cont. mín. %" e "cont. ad. %"
F108: O | Q108: EXCL. OUTRAS F. | S108: =SUMIF('ORÇ.GLOBAL P CAIXA'!I12:I1011,"O",'ORÇ.GLOBAL P CAIXA'!G12:G1011) -> 0 | U108: =IF(S111>U107,S111,U107) -> 0 | V108: 4 - Maior entre "3" e "cont. min. $"
Q109: REPASSE | S109: =Q23 -> 0 | U109: =IF(U105>U108,U105,U108) -> 0 | V109: 5 - Maior entre "1" e "4"
Q110: CP MIN. % | S110: =S103*(S109-Q37)/100 -> 0 | T110: =S104-S104/(1+S103/100) -> 0 | U110: =IF(U106>U109,U106,U109) -> 0 | V110: 6 - Maior entre "2" e "5"
Q111: CP MIN. $ | S111: =IF(S110<>0,0,Q35) -> 0 | U111: =IF(U104>U110,U104,U110) -> 0 | V111: 7 - Maior entre "0" e "6"
Q112: OUTRAS FONTES | S112: =Q34 -> 0 | U112: =IF(U111>(S104-S109),U111,(S104-S109)) -> 41766.75 | V112: 8 - Maior entre "7" e "orç"-"rep."
Q113: REPASSE | S113: =S104-U112 -> 0 | T113: =S113-S105 -> 0 | U113: =IF(T113=0,0,T113/$T$117) -> 0
Q114: CONTRAP. $ | S114: =U112-U104-S107 -> 41766.75 | T114: =S114-S106 -> 41766.75 | U114: =IF(T114=0,0,T114/$T$117) -> 1
Q115: CONTRAP. FÍSICA | S115: =S107 -> 0 | T115: =S115-S107 -> 0 | U115: =IF(T115=0,0,T115/$T$117) -> 0
Q116: OUTRAS FONTES | S116: =U104 -> 0 | T116: =S116-S108 -> 0 | U116: =IF(T116=0,0,T116/$T$117) -> 0
Q117: TOTAL | S117: =SUM(S113:S116) -> 41766.75 | T117: =SUM(T113:T116) -> 41766.75 | U117: =SUM(U113:U116) -> 1
Q120: REPASSE | S120: =SUMIFS('ORÇ.GLOBAL P CAIXA'!G12:G1011,'ORÇ.GLOBAL P CAIXA'!I12:I1011,"R",'ORÇ.GLOBAL P CAIXA'!K12:K1011,"EXEC.") -> 0 | T120: =S113-S120 -> 0 | U120: =IF(T120=0,0,T120/$T$124) -> 0
Q121: CONTRAP. $ | S121: =SUMIFS('ORÇ.GLOBAL P CAIXA'!G12:G1011,'ORÇ.GLOBAL P CAIXA'!I12:I1011,"C",'ORÇ.GLOBAL P CAIXA'!K12:K1011,"EXEC.") -> 0 | T121: =S114-S121 -> 41766.75 | U121: =IF(T121=0,0,T121/$T$124) -> 1
E122: EXEC. | Q122: CONTRAP. FÍSICA | S122: =SUMIFS('ORÇ.GLOBAL P CAIXA'!G12:G1011,'ORÇ.GLOBAL P CAIXA'!I12:I1011,"CF",'ORÇ.GLOBAL P CAIXA'!K12:K1011,"EXEC.") -> 0 | T122: =S115-S122 -> 0 | U122: =IF(T122=0,0,T122/$T$124) -> 0
Q123: OUTRAS FONTES | S123: =SUMIFS('ORÇ.GLOBAL P CAIXA'!G12:G1011,'ORÇ.GLOBAL P CAIXA'!I12:I1011,"CF",'ORÇ.GLOBAL P CAIXA'!K12:K1011,"EXEC.") -> 0 | T123: =S116-S123 -> 0 | U123: =IF(T123=0,0,T123/$T$124) -> 0
Q124: TOTAL | S124: =SUM(S120:S123) -> 0 | T124: =SUM(T120:T123) -> 41766.75 | U124: =SUM(U120:U123) -> 1

Sheet ORÇ.GLOBAL P CAIXA
E1: PLANILHA DE ORÇAMENTO GLOBAL | L1: =IF(D2="","Calcule o BDI na guia 'BDI REF.'","")
B2: =IF(P2=0,"Digite o número da ART/RRT de Orçamento no campo à direita",CONCATENATE(M2," ",P2)) -> Digite o número da ART/RRT de Orçamento no campo à direita | D2: =IF(AND('BDI REF.'!K5=0,'BDI REF.'!K6=0),'BDI REF.'!N3,IF('BDI REF.'!N20<>0,(CONCATENATE("* BDI COM Desoneração: ",'BDI REF.'!N1,'BDI REF.'!N2,'BDI REF.'!N3)),(CONCATENATE("* BDI SEM Desoneração: ",'BDI REF.'!N1,'BDI REF.'!N2,'BDI REF.'!N3)))) -> * BDI SEM Desoneração: | M2: =IF(P2=0,"Insira Nº da ART/RRT de orçamento >","ART/RRT de Orçamento Nº:") -> Insira Nº da ART/RRT de orçamento >
B4: Tomador: | C4: =INFORMAÇÕES!Q5 -> MUNICÍPIO DE CASTRO | D4: Data base do orçamento: | G4: =P4 -> 45414 | J4: Encargos sociais s/ M.O. | M4: =IF(P4=0,"Insira a data base do orçamento >","Data base do Orçamento:") -> Data base do Orçamento: | P4: 45414
B6: Programa: | C6: =IF(INFORMAÇÕES!Q16>0,INFORMAÇÕES!Q16,"") | D6: Nº do Contrato: | F6: =IF(INFORMAÇÕES!Q7>0,CONCATENATE(INFORMAÇÕES!Q7,"/",INFORMAÇÕES!Q10,"/",INFORMAÇÕES!Q15),"") | J6: =CONCATENATE('BDI REF.'!M33,"% (hora)") -> 117,57% (hora) | M6: =IF(P6=0,"Insira data atualizada do orçamento >","Data atualizada do Orçamento:") -> Data atualizada do Orçamento: | P6: 45414
B8: Empreendimento: | C8: =IF(INFORMAÇÕES!Q6="","PREENCHA O NOME DA OBRA NA GUIA 'INFORMAÇÕES'",INFORMAÇÕES!Q6) -> SUBSTITUIÇÃO TELHAS UBS SOCAVÃO | J8: =CONCATENATE('BDI REF.'!M37,"% (mês)") -> 74,17% (mês)
B10: ITEM | C10: DESCRIÇÃO DO SERVIÇO | D10: UND | E10: QTDE | F10: =F1015 -> 41766.75 | H10: BDI* | I10: Fonte¹ | J10: CÓDIGO SINAPI | K10: SERVIÇO JÁ | Q10: QUANT.
F11: PREÇO UNIT. | G11: TOTAL | J11: ou OUTROS | K11: EXECUTADO | M11: ITEM | N11: CÓDIGO | O11: DESCRIÇÃO DOS SERVIÇOS | P11: UND | Q11: GLOBAL | R11: PREÇO | V11: APROPRIAR O MACRO ITEM | W11: CONTAR OS ITENS | X11: APROPRIAR OS CABEÇALHOS DE MACRO ITEM | Y11: CONTAR OS CABEÇALHOS DE MACRO ITENS | Z11: REPASSE | AA11: CONT. FIN. | AB11: CONT. FIS. | AC11: OUT. FONT. | AD11: TOTAL
A12: 1 | B12: =M12 -> 1 | C12: =O12 -> REMOÇÃO TELHAS | D12: =P12 -> 0 | E12: =ROUND(Q12,2) -> 0 | F12: =TRUNC((1+(IF(OR(H12=0,H12=""),'BDI REF.'!$K$5,CHOOSE(H12,'BDI REF.'!$K$5,'BDI REF.'!$K$6,'BDI REF.'!$K$7))))*R12,2) -> 0 | G12: =IF(E12<>0,ROUND(E12*F12,2),IF(AD12=0,(SUMIF($V$12:$V$1011,B12,$AD$12:$AD$1011)),AD12)) -> 3401.68 | J12: =IF(N12<>0,N12,"") | L12: =IF(B12>0,"ok","ocultar") -> ok | M12: 1 | O12: REMOÇÃO TELHAS | V12: =IF(B12=0,V11,IF(ISNONTEXT(B12)=TRUE(),INT(B12),INT(LEFT(B12,FIND(".",B12)-1)))) -> 1 | W12: =IF(W13=1,1,IF(B12<>0,1,IF(C12<>0,1,IF(D12<>0,1,IF(E12<>0,1,""))))) -> 1 | X12: =IF(V12=0," ",IF(V12<>V11,V12," ")) -> 1 | Y12: =COUNT(X12:X1011) -> 3 | Z12: =IF(V12<>X12,(IF(I12="",G12*INFORMAÇÕES!$U$113,IF(I12="R",G12,0))),0) -> 0 | AA12: =IF(V12<>X12,(IF(I12="",G12*INFORMAÇÕES!$U$114,IF(I12="C",G12,0))),0) -> 0 | AB12: =IF(V12<>X12,(IF(I12="",G12*INFORMAÇÕES!$U$115,IF(I12="CF",G12,0))),0) -> 0 | AC12: =IF(V12<>X12,(IF(I12="",G12*INFORMAÇÕES!$U$116,IF(I12="O",G12,0))),0) -> 0 | AD12: =IF(E12<>0,G12,0) -> 0
A13: 2 | B13: =M13 -> 1.1 | C13: =O13 -> REMOÇÃO DE TELHAS DE FIBROCIMENTO METÁLICA E CERÂMICA, DE FORMA MANUAL, SEM REAPROVEITAMENTO. AF_09/2023 | D13: =P13 -> M2 | E13: =ROUND(Q13,2) -> 629.94 | F13: =TRUNC((1+(IF(OR(H13=0,H13=""),'BDI REF.'!$K$5,CHOOSE(H13,'BDI REF.'!$K$5,'BDI REF.'!$K$6,'BDI REF.'!$K$7))))*R13,2) -> 5.4 | G13: =IF(E13<>0,ROUND(E13*F13,2),IF(AD13=0,(SUMIF($V$12:$V$1011,B13,$AD$12:$AD$1011)),AD13)) -> 3401.68 | J13: =IF(N13<>0,N13,"") -> 97647 | L13: =IF(B13>0,"ok","ocultar") -> ok | M13: 1.1 | N13: 97647 | O13: REMOÇÃO DE TELHAS DE FIBROCIMENTO METÁLICA E CERÂMICA, DE FORMA MANUAL, SEM REAPROVEITAMENTO. AF_09/2023 | P13: M2 | Q13: 629.941 | R13: 4.48 | V13: =IF(B13=0,V12,IF(ISNONTEXT(B13)=TRUE(),INT(B13),INT(LEFT(B13,FIND(".",B13)-1)))) -> 1 | W13: =IF(W14=1,1,IF(B13<>0,1,IF(C13<>0,1,IF(D13<>0,1,IF(E13<>0,1,""))))) -> 1 | X13: =IF(V13=0," ",IF(V13<>V12,V13," ")) | Z13: =IF(V13<>X13,(IF(I13="",G13*INFORMAÇÕES!$U$113,IF(I13="R",G13,0))),0) -> 0 | AA13: =IF(V13<>X13,(IF(I13="",G13*INFORMAÇÕES!$U$114,IF(I13="C",G13,0))),0) -> 3401.68 | AB13: =IF(V13<>X13,(IF(I13="",G13*INFORMAÇÕES!$U$115,IF(I13="CF",G13,0))),0) -> 0 | AC13: =IF(V13<>X13,(IF(I13="",G13*INFORMAÇÕES!$U$116,IF(I13="O",G13,0))),0) -> 0 | AD13: =IF(E13<>0,G13,0) -> 3401.68
A14: 3 | B14: =M14 -> 2 | C14: =O14 -> COBERTURA | D14: =P14 -> 0 | E14: =ROUND(Q14,2) -> 0 | F14: =TRUNC((1+(IF(OR(H14=0,H14=""),'BDI REF.'!$K$5,CHOOSE(H14,'BDI REF.'!$K$5,'BDI REF.'!$K$6,'BDI REF.'!$K$7))))*R14,2) -> 0 | G14: =IF(E14<>0,ROUND(E14*F14,2),IF(AD14=0,(SUMIF($V$12:$V$1011,B14,$AD$12:$AD$1011)),AD14)) -> 37818.07 | J14: =IF(N14<>0,N14,"") | L14: =IF(B14>0,"ok","ocultar") -> ok | M14: 2 | O14: COBERTURA | V14: =IF(B14=0,V13,IF(ISNONTEXT(B14)=TRUE(),INT(B14),INT(LEFT(B14,FIND(".",B14)-1)))) -> 2 | W14: =IF(W15=1,1,IF(B14<>0,1,IF(C14<>0,1,IF(D14<>0,1,IF(E14<>0,1,""))))) -> 1 | X14: =IF(V14=0," ",IF(V14<>V13,V14," ")) -> 2 | Z14: =IF(V14<>X14,(IF(I14="",G14*INFORMAÇÕES!$U$113,IF(I14="R",G14,0))),0) -> 0 | AA14: =IF(V14<>X14,(IF(I14="",G14*INFORMAÇÕES!$U$114,IF(I14="C",G14,0))),0) -> 0 | AB14: =IF(V14<>X14,(IF(I14="",G14*INFORMAÇÕES!$U$115,IF(I14="CF",G14,0))),0) -> 0 | AC14: =IF(V14<>X14,(IF(I14="",G14*INFORMAÇÕES!$U$116,IF(I14="O",G14,0))),0) -> 0 | AD14: =IF(E14<>0,G14,0) -> 0
A15: 4 | B15: =M15 -> 2.1 | C15: =O15 -> TELHAMENTO COM TELHA ONDULADA DE FIBROCIMENTO E = 6 MM, COM RECOBRIMENTO LATERAL DE 1/4 DE ONDA PARA TELHADO COM INCLINAÇÃO MAIOR QUE 10°, COM ATÉ 2 ÁGUAS, INCLUSO IÇAMENTO. AF_07/2019 | D15: =P15 -> M2 | E15: =ROUND(Q15,2) -> 629.94 | F15: =TRUNC((1+(IF(OR(H15=0,H15=""),'BDI REF.'!$K$5,CHOOSE(H15,'BDI REF.'!$K$5,'BDI REF.'!$K$6,'BDI REF.'!$K$7))))*R15,2) -> 55.2 | G15: =IF(E15<>0,ROUND(E15*F15,2),IF(AD15=0,(SUMIF($V$12:$V$1011,B15,$AD$12:$AD$1011)),AD15)) -> 34772.69 | J15: =IF(N15<>0,N15,"") -> 94207 | L15: =IF(B15>0,"ok","ocultar") -> ok | M15: 2.1 | N15: 94207 | O15: TELHAMENTO COM TELHA ONDULADA DE FIBROCIMENTO E = 6 MM, COM RECOBRIMENTO LATERAL DE 1/4 DE ONDA PARA TELHADO COM INCLINAÇÃO MAIOR QUE 10°, COM ATÉ 2 ÁGUAS, INCLUSO IÇAMENTO. AF_07/2019 | P15: M2 | Q15: 629.941 | R15: 45.79 | V15: =IF(B15=0,V14,IF(ISNONTEXT(B15)=TRUE(),INT(B15),INT(LEFT(B15,FIND(".",B15)-1)))) -> 2 | W15: =IF(W16=1,1,IF(B15<>0,1,IF(C15<>0,1,IF(D15<>0,1,IF(E15<>0,1,""))))) -> 1 | X15: =IF(V15=0," ",IF(V15<>V14,V15," ")) | Z15: =IF(V15<>X15,(IF(I15="",G15*INFORMAÇÕES!$U$113,IF(I15="R",G15,0))),0) -> 0 | AA15: =IF(V15<>X15,(IF(I15="",G15*INFORMAÇÕES!$U$114,IF(I15="C",G15,0))),0) -> 34772.69 | AB15: =IF(V15<>X15,(IF(I15="",G15*INFORMAÇÕES!$U$115,IF(I15="CF",G15,0))),0) -> 0 | AC15: =IF(V15<>X15,(IF(I15="",G15*INFORMAÇÕES!$U$116,IF(I15="O",G15,0))),0) -> 0 | AD15: =IF(E15<>0,G15,0) -> 34772.69
A16: 5 | B16: =M16 -> 2.2 | C16: =O16 -> CUMEEIRA PARA TELHA DE FIBROCIMENTO ONDULADA E = 6 MM, INCLUSO ACESSÓRIOS DE FIXAÇÃO E IÇAMENTO. AF_07/2019 | D16: =P16 -> M | E16: =ROUND(Q16,2) -> 34 | F16: =TRUNC((1+(IF(OR(H16=0,H16=""),'BDI REF.'!$K$5,CHOOSE(H16,'BDI REF.'!$K$5,'BDI REF.'!$K$6,'BDI REF.'!$K$7))))*R16,2) -> 89.57 | G16: =IF(E16<>0,ROUND(E16*F16,2),IF(AD16=0,(SUMIF($V$12:$V$1011,B16,$AD$12:$AD$1011)),AD16)) -> 3045.38 | J16: =IF(N16<>0,N16,"") -> 94223 | L16: =IF(B16>0,"ok","ocultar") -> ok | M16: 2.2 | N16: 94223 | O16: CUMEEIRA PARA TELHA DE FIBROCIMENTO ONDULADA E = 6 MM, INCLUSO ACESSÓRIOS DE FIXAÇÃO E IÇAMENTO. AF_07/2019 | P16: M | Q16: 34 | R16: 74.3 | V16: =IF(B16=0,V15,IF(ISNONTEXT(B16)=TRUE(),INT(B16),INT(LEFT(B16,FIND(".",B16)-1)))) -> 2 | W16: =IF(W17=1,1,IF(B16<>0,1,IF(C16<>0,1,IF(D16<>0,1,IF(E16<>0,1,""))))) -> 1 | X16: =IF(V16=0," ",IF(V16<>V15,V16," ")) | Z16: =IF(V16<>X16,(IF(I16="",G16*INFORMAÇÕES!$U$113,IF(I16="R",G16,0))),0) -> 0 | AA16: =IF(V16<>X16,(IF(I16="",G16*INFORMAÇÕES!$U$114,IF(I16="C",G16,0))),0) -> 3045.38 | AB16: =IF(V16<>X16,(IF(I16="",G16*INFORMAÇÕES!$U$115,IF(I16="CF",G16,0))),0) -> 0 | AC16: =IF(V16<>X16,(IF(I16="",G16*INFORMAÇÕES!$U$116,IF(I16="O",G16,0))),0) -> 0 | AD16: =IF(E16<>0,G16,0) -> 3045.38
A17: 6 | B17: =M17 -> 3 | C17: =O17 -> BEIRAL PVC | D17: =P17 -> 0 | E17: =ROUND(Q17,2) -> 0 | F17: =TRUNC((1+(IF(OR(H17=0,H17=""),'BDI REF.'!$K$5,CHOOSE(H17,'BDI REF.'!$K$5,'BDI REF.'!$K$6,'BDI REF.'!$K$7))))*R17,2) -> 0 | G17: =IF(E17<>0,ROUND(E17*F17,2),IF(AD17=0,(SUMIF($V$12:$V$1011,B17,$AD$12:$AD$1011)),AD17)) -> 547 | J17: =IF(N17<>0,N17,"") | L17: =IF(B17>0,"ok","ocultar") -> ok | M17: 3 | O17: BEIRAL PVC | V17: =IF(B17=0,V16,IF(ISNONTEXT(B17)=TRUE(),INT(B17),INT(LEFT(B17,FIND(".",B17)-1)))) -> 3 | W17: =IF(W18=1,1,IF(B17<>0,1,IF(C17<>0,1,IF(D17<>0,1,IF(E17<>0,1,""))))) -> 1 | X17: =IF(V17=0," ",IF(V17<>V16,V17," ")) -> 3 | Z17: =IF(V17<>X17,(IF(I17="",G17*INFORMAÇÕES!$U$113,IF(I17="R",G17,0))),0) -> 0 | AA17: =IF(V17<>X17,(IF(I17="",G17*INFORMAÇÕES!$U$114,IF(I17="C",G17,0))),0) -> 0 | AB17: =IF(V17<>X17,(IF(I17="",G17*INFORMAÇÕES!$U$115,IF(I17="CF",G17,0))),0) -> 0 | AC17: =IF(V17<>X17,(IF(I17="",G17*INFORMAÇÕES!$U$116,IF(I17="O",G17,0))),0) -> 0 | AD17: =IF(E17<>0,G17,0) -> 0
A18: 7 | B18: =M18 -> 3.1 | C18: =O18 -> FORRO EM RÉGUAS DE PVC, LISO, PARA AMBIENTES RESIDENCIAIS, INCLUSIVE ESTRUTURA UNIDIRECIONAL DE FIXAÇÃO. AF_08/2023_PS | D18: =P18 -> M2 | E18: =ROUND(Q18,2) -> 5 | F18: =TRUNC((1+(IF(OR(H18=0,H18=""),'BDI REF.'!$K$5,CHOOSE(H18,'BDI REF.'!$K$5,'BDI REF.'!$K$6,'BDI REF.'!$K$7))))*R18,2) -> 109.4 | G18: =IF(E18<>0,ROUND(E18*F18,2),IF(AD18=0,(SUMIF($V$12:$V$1011,B18,$AD$12:$AD$1011)),AD18)) -> 547 | J18: =IF(N18<>0,N18,"") -> 96485 | L18: =IF(B18>0,"ok","ocultar") -> ok | M18: 3.1 | N18: 96485 | O18: FORRO EM RÉGUAS DE PVC, LISO, PARA AMBIENTES RESIDENCIAIS, INCLUSIVE ESTRUTURA UNIDIRECIONAL DE FIXAÇÃO. AF_08/2023_PS | P18: M2 | Q18: 5 | R18: 90.75 | V18: =IF(B18=0,V17,IF(ISNONTEXT(B18)=TRUE(),INT(B18),INT(LEFT(B18,FIND(".",B18)-1)))) -> 3 | W18: =IF(W19=1,1,IF(B18<>0,1,IF(C18<>0,1,IF(D18<>0,1,IF(E18<>0,1,""))))) -> 1 | X18: =IF(V18=0," ",IF(V18<>V17,V18," ")) | Z18: =IF(V18<>X18,(IF(I18="",G18*INFORMAÇÕES!$U$113,IF(I18="R",G18,0))),0) -> 0 | AA18: =IF(V18<>X18,(IF(I18="",G18*INFORMAÇÕES!$U$114,IF(I18="C",G18,0))),0) -> 547 | AB18: =IF(V18<>X18,(IF(I18="",G18*INFORMAÇÕES!$U$115,IF(I18="CF",G18,0))),0) -> 0 | AC18: =IF(V18<>X18,(IF(I18="",G18*INFORMAÇÕES!$U$116,IF(I18="O",G18,0))),0) -> 0 | AD18: =IF(E18<>0,G18,0) -> 547
A19: 8 | B19: =M19 -> 0 | C19: =O19 -> 0 | D19: =P19 -> 0 | E19: =ROUND(Q19,2) -> 0 | F19: =TRUNC((1+(IF(OR(H19=0,H19=""),'BDI REF.'!$K$5,CHOOSE(H19,'BDI REF.'!$K$5,'BDI REF.'!$K$6,'BDI REF.'!$K$7))))*R19,2) -> 0 | G19: =IF(E19<>0,ROUND(E19*F19,2),IF(AD19=0,(SUMIF($V$12:$V$1011,B19,$AD$12:$AD$1011)),AD19)) -> 0 | J19: =IF(N19<>0,N19,"") | L19: =IF(B19>0,"ok","ocultar") -> ocultar | V19: =IF(B19=0,V18,IF(ISNONTEXT(B19)=TRUE(),INT(B19),INT(LEFT(B19,FIND(".",B19)-1)))) -> 3 | W19: =IF(W20=1,1,IF(B19<>0,1,IF(C19<>0,1,IF(D19<>0,1,IF(E19<>0,1,""))))) | X19: =IF(V19=0," ",IF(V19<>V18,V19," ")) | Z19: =IF(V19<>X19,(IF(I19="",G19*INFORMAÇÕES!$U$113,IF(I19="R",G19,0))),0) -> 0 | AA19: =IF(V19<>X19,(IF(I19="",G19*INFORMAÇÕES!$U$114,IF(I19="C",G19,0))),0) -> 0 | AB19: =IF(V19<>X19,(IF(I19="",G19*INFORMAÇÕES!$U$115,IF(I19="CF",G19,0))),0) -> 0 | AC19: =IF(V19<>X19,(IF(I19="",G19*INFORMAÇÕES!$U$116,IF(I19="O",G19,0))),0) -> 0 | AD19: =IF(E19<>0,G19,0) -> 0
A20: 9 | B20: =M20 -> 0 | C20: =O20 -> 0 | D20: =P20 -> 0 | E20: =ROUND(Q20,2) -> 0 | F20: =TRUNC((1+(IF(OR(H20=0,H20=""),'BDI REF.'!$K$5,CHOOSE(H20,'BDI REF.'!$K$5,'BDI REF.'!$K$6,'BDI REF.'!$K$7))))*R20,2) -> 0 | G20: =IF(E20<>0,ROUND(E20*F20,2),IF(AD20=0,(SUMIF($V$12:$V$1011,B20,$AD$12:$AD$1011)),AD20)) -> 0 | J20: =IF(N20<>0,N20,"") | L20: =IF(B20>0,"ok","ocultar") -> ocultar | V20: =IF(B20=0,V19,IF(ISNONTEXT(B20)=TRUE(),INT(B20),INT(LEFT(B20,FIND(".",B20)-1)))) -> 3 | W20: =IF(W21=1,1,IF(B20<>0,1,IF(C20<>0,1,IF(D20<>0,1,IF(E20<>0,1,""))))) | X20: =IF(V20=0," ",IF(V20<>V19,V20," ")) | Z20: =IF(V20<>X20,(IF(I20="",G20*INFORMAÇÕES!$U$113,IF(I20="R",G20,0))),0) -> 0 | AA20: =IF(V20<>X20,(IF(I20="",G20*INFORMAÇÕES!$U$114,IF(I20="C",G20,0))),0) -> 0 | AB20: =IF(V20<>X20,(IF(I20="",G20*INFORMAÇÕES!$U$115,IF(I20="CF",G20,0))),0) -> 0 | AC20: =IF(V20<>X20,(IF(I20="",G20*INFORMAÇÕES!$U$116,IF(I20="O",G20,0))),0) -> 0 | AD20: =IF(E20<>0,G20,0) -> 0
A21: 10 | B21: =M21 -> 0 | C21: =O21 -> 0 | D21: =P21 -> 0 | E21: =ROUND(Q21,2) -> 0 | F21: =TRUNC((1+(IF(OR(H21=0,H21=""),'BDI REF.'!$K$5,CHOOSE(H21,'BDI REF.'!$K$5,'BDI REF.'!$K$6,'BDI REF.'!$K$7))))*R21,2) -> 0 | G21: =IF(E21<>0,ROUND(E21*F21,2),IF(AD21=0,(SUMIF($V$12:$V$1011,B21,$AD$12:$AD$1011)),AD21)) -> 0 | J21: =IF(N21<>0,N21,"") | L21: =IF(B21>0,"ok","ocultar") -> ocultar | V21: =IF(B21=0,V20,IF(ISNONTEXT(B21)=TRUE(),INT(B21),INT(LEFT(B21,FIND(".",B21)-1)))) -> 3 | W21: =IF(W22=1,1,IF(B21<>0,1,IF(C21<>0,1,IF(D21<>0,1,IF(E21<>0,1,""))))) | X21: =IF(V21=0," ",IF(V21<>V20,V21," ")) | Z21: =IF(V21<>X21,(IF(I21="",G21*INFORMAÇÕES!$U$113,IF(I21="R",G21,0))),0) -> 0 | AA21: =IF(V21<>X21,(IF(I21="",G21*INFORMAÇÕES!$U$114,IF(I21="C",G21,0))),0) -> 0 | AB21: =IF(V21<>X21,(IF(I21="",G21*INFORMAÇÕES!$U$115,IF(I21="CF",G21,0))),0) -> 0 | AC21: =IF(V21<>X21,(IF(I21="",G21*INFORMAÇÕES!$U$116,IF(I21="O",G21,0))),0) -> 0 | AD21: =IF(E21<>0,G21,0) -> 0
A22: 11 | B22: =M22 -> 0 | C22: =O22 -> 0 | D22: =P22 -> 0 | E22: =ROUND(Q22,2) -> 0 | F22: =TRUNC((1+(IF(OR(H22=0,H22=""),'BDI REF.'!$K$5,CHOOSE(H22,'BDI REF.'!$K$5,'BDI REF.'!$K$6,'BDI REF.'!$K$7))))*R22,2) -> 0 | G22: =IF(E22<>0,ROUND(E22*F22,2),IF(AD22=0,(SUMIF($V$12:$V$1011,B22,$AD$12:$AD$1011)),AD22)) -> 0 | J22: =IF(N22<>0,N22,"") | L22: =IF(B22>0,"ok","ocultar") -> ocultar | V22: =IF(B22=0,V21,IF(ISNONTEXT(B22)=TRUE(),INT(B22),INT(LEFT(B22,FIND(".",B22)-1)))) -> 3 | W22: =IF(W23=1,1,IF(B22<>0,1,IF(C22<>0,1,IF(D22<>0,1,IF(E22<>0,1,""))))) | X22: =IF(V22=0," ",IF(V22<>V21,V22," ")) | Z22: =IF(V22<>X22,(IF(I22="",G22*INFORMAÇÕES!$U$113,IF(I22="R",G22,0))),0) -> 0 | AA22: =IF(V22<>X22,(IF(I22="",G22*INFORMAÇÕES!$U$114,IF(I22="C",G22,0))),0) -> 0 | AB22: =IF(V22<>X22,(IF(I22="",G22*INFORMAÇÕES!$U$115,IF(I22="CF",G22,0))),0) -> 0 | AC22: =IF(V22<>X22,(IF(I22="",G22*INFORMAÇÕES!$U$116,IF(I22="O",G22,0))),0) -> 0 | AD22: =IF(E22<>0,G22,0) -> 0
A23: 12 | B23: =M23 -> 0 | C23: =O23 -> 0 | D23: =P23 -> 0 | E23: =ROUND(Q23,2) -> 0 | F23: =TRUNC((1+(IF(OR(H23=0,H23=""),'BDI REF.'!$K$5,CHOOSE(H23,'BDI REF.'!$K$5,'BDI REF.'!$K$6,'BDI REF.'!$K$7))))*R23,2) -> 0 | G23: =IF(E23<>0,ROUND(E23*F23,2),IF(AD23=0,(SUMIF($V$12:$V$1011,B23,$AD$12:$AD$1011)),AD23)) -> 0 | J23: =IF(N23<>0,N23,"") | L23: =IF(B23>0,"ok","ocultar") -> ocultar | V23: =IF(B23=0,V22,IF(ISNONTEXT(B23)=TRUE(),INT(B23),INT(LEFT(B23,FIND(".",B23)-1)))) -> 3 | W23: =IF(W24=1,1,IF(B23<>0,1,IF(C23<>0,1,IF(D23<>0,1,IF(E23<>0,1,""))))) | X23: =IF(V23=0," ",IF(V23<>V22,V23," ")) | Z23: =IF(V23<>X23,(IF(I23="",G23*INFORMAÇÕES!$U$113,IF(I23="R",G23,0))),0) -> 0 | AA23: =IF(V23<>X23,(IF(I23="",G23*INFORMAÇÕES!$U$114,IF(I23="C",G23,0))),0) -> 0 | AB23: =IF(V23<>X23,(IF(I23="",G23*INFORMAÇÕES!$U$115,IF(I23="CF",G23,0))),0) -> 0 | AC23: =IF(V23<>X23,(IF(I23="",G23*INFORMAÇÕES!$U$116,IF(I23="O",G23,0))),0) -> 0 | AD23: =IF(E23<>0,G23,0) -> 0
A24: 13 | B24: =M24 -> 0 | C24: =O24 -> 0 | D24: =P24 -> 0 | E24: =ROUND(Q24,2) -> 0 | F24: =TRUNC((1+(IF(OR(H24=0,H24=""),'BDI REF.'!$K$5,CHOOSE(H24,'BDI REF.'!$K$5,'BDI REF.'!$K$6,'BDI REF.'!$K$7))))*R24,2) -> 0 | G24: =IF(E24<>0,ROUND(E24*F24,2),IF(AD24=0,(SUMIF($V$12:$V$1011,B24,$AD$12:$AD$1011)),AD24)) -> 0 | J24: =IF(N24<>0,N24,"") | L24: =IF(B24>0,"ok","ocultar") -> ocultar | V24: =IF(B24=0,V23,IF(ISNONTEXT(B24)=TRUE(),INT(B24),INT(LEFT(B24,FIND(".",B24)-1)))) -> 3 | W24: =IF(W25=1,1,IF(B24<>0,1,IF(C24<>0,1,IF(D24<>0,1,IF(E24<>0,1,""))))) | X24: =IF(V24=0," ",IF(V24<>V23,V24," ")) | Z24: =IF(V24<>X24,(IF(I24="",G24*INFORMAÇÕES!$U$113,IF(I24="R",G24,0))),0) -> 0 | AA24: =IF(V24<>X24,(IF(I24="",G24*INFORMAÇÕES!$U$114,IF(I24="C",G24,0))),0) -> 0 | AB24: =IF(V24<>X24,(IF(I24="",G24*INFORMAÇÕES!$U$115,IF(I24="CF",G24,0))),0) -> 0 | AC24: =IF(V24<>X24,(IF(I24="",G24*INFORMAÇÕES!$U$116,IF(I24="O",G24,0))),0) -> 0 | AD24: =IF(E24<>0,G24,0) -> 0
A25: 14 | B25: =M25 -> 0 | C25: =O25 -> 0 | D25: =P25 -> 0 | E25: =ROUND(Q25,2) -> 0 | F25: =TRUNC((1+(IF(OR(H25=0,H25=""),'BDI REF.'!$K$5,CHOOSE(H25,'BDI REF.'!$K$5,'BDI REF.'!$K$6,'BDI REF.'!$K$7))))*R25,2) -> 0 | G25: =IF(E25<>0,ROUND(E25*F25,2),IF(AD25=0,(SUMIF($V$12:$V$1011,B25,$AD$12:$AD$1011)),AD25)) -> 0 | J25: =IF(N25<>0,N25,"") | L25: =IF(B25>0,"ok","ocultar") -> ocultar | V25: =IF(B25=0,V24,IF(ISNONTEXT(B25)=TRUE(),INT(B25),INT(LEFT(B25,FIND(".",B25)-1)))) -> 3 | W25: =IF(W26=1,1,IF(B25<>0,1,IF(C25<>0,1,IF(D25<>0,1,IF(E25<>0,1,""))))) | X25: =IF(V25=0," ",IF(V25<>V24,V25," ")) | Z25: =IF(V25<>X25,(IF(I25="",G25*INFORMAÇÕES!$U$113,IF(I25="R",G25,0))),0) -> 0 | AA25: =IF(V25<>X25,(IF(I25="",G25*INFORMAÇÕES!$U$114,IF(I25="C",G25,0))),0) -> 0 | AB25: =IF(V25<>X25,(IF(I25="",G25*INFORMAÇÕES!$U$115,IF(I25="CF",G25,0))),0) -> 0 | AC25: =IF(V25<>X25,(IF(I25="",G25*INFORMAÇÕES!$U$116,IF(I25="O",G25,0))),0) -> 0 | AD25: =IF(E25<>0,G25,0) -> 0
A26: 15 | B26: =M26 -> 0 | C26: =O26 -> 0 | D26: =P26 -> 0 | E26: =ROUND(Q26,2) -> 0 | F26: =TRUNC((1+(IF(OR(H26=0,H26=""),'BDI REF.'!$K$5,CHOOSE(H26,'BDI REF.'!$K$5,'BDI REF.'!$K$6,'BDI REF.'!$K$7))))*R26,2) -> 0 | G26: =IF(E26<>0,ROUND(E26*F26,2),IF(AD26=0,(SUMIF($V$12:$V$1011,B26,$AD$12:$AD$1011)),AD26)) -> 0 | J26: =IF(N26<>0,N26,"") | L26: =IF(B26>0,"ok","ocultar") -> ocultar | V26: =IF(B26=0,V25,IF(ISNONTEXT(B26)=TRUE(),INT(B26),INT(LEFT(B26,FIND(".",B26)-1)))) -> 3 | W26: =IF(W27=1,1,IF(B26<>0,1,IF(C26<>0,1,IF(D26<>0,1,IF(E26<>0,1,""))))) | X26: =IF(V26=0," ",IF(V26<>V25,V26," ")) | Z26: =IF(V26<>X26,(IF(I26="",G26*INFORMAÇÕES!$U$113,IF(I26="R",G26,0))),0) -> 0 | AA26: =IF(V26<>X26,(IF(I26="",G26*INFORMAÇÕES!$U$114,IF(I26="C",G26,0))),0) -> 0 | AB26: =IF(V26<>X26,(IF(I26="",G26*INFORMAÇÕES!$U$115,IF(I26="CF",G26,0))),0) -> 0 | AC26: =IF(V26<>X26,(IF(I26="",G26*INFORMAÇÕES!$U$116,IF(I26="O",G26,0))),0) -> 0 | AD26: =IF(E26<>0,G26,0) -> 0
A27: 16 | B27: =M27 -> 0 | C27: =O27 -> 0 | D27: =P27 -> 0 | E27: =ROUND(Q27,2) -> 0 | F27: =TRUNC((1+(IF(OR(H27=0,H27=""),'BDI REF.'!$K$5,CHOOSE(H27,'BDI REF.'!$K$5,'BDI REF.'!$K$6,'BDI REF.'!$K$7))))*R27,2) -> 0 | G27: =IF(E27<>0,ROUND(E27*F27,2),IF(AD27=0,(SUMIF($V$12:$V$1011,B27,$AD$12:$AD$1011)),AD27)) -> 0 | J27: =IF(N27<>0,N27,"") | L27: =IF(B27>0,"ok","ocultar") -> ocultar | V27: =IF(B27=0,V26,IF(ISNONTEXT(B27)=TRUE(),INT(B27),INT(LEFT(B27,FIND(".",B27)-1)))) -> 3 | W27: =IF(W28=1,1,IF(B27<>0,1,IF(C27<>0,1,IF(D27<>0,1,IF(E27<>0,1,""))))) | X27: =IF(V27=0," ",IF(V27<>V26,V27," ")) | Z27: =IF(V27<>X27,(IF(I27="",G27*INFORMAÇÕES!$U$113,IF(I27="R",G27,0))),0) -> 0 | AA27: =IF(V27<>X27,(IF(I27="",G27*INFORMAÇÕES!$U$114,IF(I27="C",G27,0))),0) -> 0 | AB27: =IF(V27<>X27,(IF(I27="",G27*INFORMAÇÕES!$U$115,IF(I27="CF",G27,0))),0) -> 0 | AC27: =IF(V27<>X27,(IF(I27="",G27*INFORMAÇÕES!$U$116,IF(I27="O",G27,0))),0) -> 0 | AD27: =IF(E27<>0,G27,0) -> 0
A28: 17 | B28: =M28 -> 0 | C28: =O28 -> 0 | D28: =P28 -> 0 | E28: =ROUND(Q28,2) -> 0 | F28: =TRUNC((1+(IF(OR(H28=0,H28=""),'BDI REF.'!$K$5,CHOOSE(H28,'BDI REF.'!$K$5,'BDI REF.'!$K$6,'BDI REF.'!$K$7))))*R28,2) -> 0 | G28: =IF(E28<>0,ROUND(E28*F28,2),IF(AD28=0,(SUMIF($V$12:$V$1011,B28,$AD$12:$AD$1011)),AD28)) -> 0 | J28: =IF(N28<>0,N28,"") | L28: =IF(B28>0,"ok","ocultar") -> ocultar | V28: =IF(B28=0,V27,IF(ISNONTEXT(B28)=TRUE(),INT(B28),INT(LEFT(B28,FIND(".",B28)-1)))) -> 3 | W28: =IF(W29=1,1,IF(B28<>0,1,IF(C28<>0,1,IF(D28<>0,1,IF(E28<>0,1,""))))) | X28: =IF(V28=0," ",IF(V28<>V27,V28," ")) | Z28: =IF(V28<>X28,(IF(I28="",G28*INFORMAÇÕES!$U$113,IF(I28="R",G28,0))),0) -> 0 | AA28: =IF(V28<>X28,(IF(I28="",G28*INFORMAÇÕES!$U$114,IF(I28="C",G28,0))),0) -> 0 | AB28: =IF(V28<>X28,(IF(I28="",G28*INFORMAÇÕES!$U$115,IF(I28="CF",G28,0))),0) -> 0 | AC28: =IF(V28<>X28,(IF(I28="",G28*INFORMAÇÕES!$U$116,IF(I28="O",G28,0))),0) -> 0 | AD28: =IF(E28<>0,G28,0) -> 0
A29: 18 | B29: =M29 -> 0 | C29: =O29 -> 0 | D29: =P29 -> 0 | E29: =ROUND(Q29,2) -> 0 | F29: =TRUNC((1+(IF(OR(H29=0,H29=""),'BDI REF.'!$K$5,CHOOSE(H29,'BDI REF.'!$K$5,'BDI REF.'!$K$6,'BDI REF.'!$K$7))))*R29,2) -> 0 | G29: =IF(E29<>0,ROUND(E29*F29,2),IF(AD29=0,(SUMIF($V$12:$V$1011,B29,$AD$12:$AD$1011)),AD29)) -> 0 | J29: =IF(N29<>0,N29,"") | L29: =IF(B29>0,"ok","ocultar") -> ocultar | V29: =IF(B29=0,V28,IF(ISNONTEXT(B29)=TRUE(),INT(B29),INT(LEFT(B29,FIND(".",B29)-1)))) -> 3 | W29: =IF(W30=1,1,IF(B29<>0,1,IF(C29<>0,1,IF(D29<>0,1,IF(E29<>0,1,""))))) | X29: =IF(V29=0," ",IF(V29<>V28,V29," ")) | Z29: =IF(V29<>X29,(IF(I29="",G29*INFORMAÇÕES!$U$113,IF(I29="R",G29,0))),0) -> 0 | AA29: =IF(V29<>X29,(IF(I29="",G29*INFORMAÇÕES!$U$114,IF(I29="C",G29,0))),0) -> 0 | AB29: =IF(V29<>X29,(IF(I29="",G29*INFORMAÇÕES!$U$115,IF(I29="CF",G29,0))),0) -> 0 | AC29: =IF(V29<>X29,(IF(I29="",G29*INFORMAÇÕES!$U$116,IF(I29="O",G29,0))),0) -> 0 | AD29: =IF(E29<>0,G29,0) -> 0
A30: 19 | B30: =M30 -> 0 | C30: =O30 -> 0 | D30: =P30 -> 0 | E30: =ROUND(Q30,2) -> 0 | F30: =TRUNC((1+(IF(OR(H30=0,H30=""),'BDI REF.'!$K$5,CHOOSE(H30,'BDI REF.'!$K$5,'BDI REF.'!$K$6,'BDI REF.'!$K$7))))*R30,2) -> 0 | G30: =IF(E30<>0,ROUND(E30*F30,2),IF(AD30=0,(SUMIF($V$12:$V$1011,B30,$AD$12:$AD$1011)),AD30)) -> 0 | J30: =IF(N30<>0,N30,"") | L30: =IF(B30>0,"ok","ocultar") -> ocultar | V30: =IF(B30=0,V29,IF(ISNONTEXT(B30)=TRUE(),INT(B30),INT(LEFT(B30,FIND(".",B30)-1)))) -> 3 | W30: =IF(W31=1,1,IF(B30<>0,1,IF(C30<>0,1,IF(D30<>0,1,IF(E30<>0,1,""))))) | X30: =IF(V30=0," ",IF(V30<>V29,V30," ")) | Z30: =IF(V30<>X30,(IF(I30="",G30*INFORMAÇÕES!$U$113,IF(I30="R",G30,0))),0) -> 0 | AA30: =IF(V30<>X30,(IF(I30="",G30*INFORMAÇÕES!$U$114,IF(I30="C",G30,0))),0) -> 0 | AB30: =IF(V30<>X30,(IF(I30="",G30*INFORMAÇÕES!$U$115,IF(I30="CF",G30,0))),0) -> 0 | AC30: =IF(V30<>X30,(IF(I30="",G30*INFORMAÇÕES!$U$116,IF(I30="O",G30,0))),0) -> 0 | AD30: =IF(E30<>0,G30,0) -> 0
... A1011: 1000 | B1011: =M1011 -> 0 | C1011: =O1011 -> 0 | D1011: =P1011 -> 0 | E1011: =ROUND(Q1011,2) -> 0 | F1011: =TRUNC((1+(IF(OR(H1011=0,H1011=""),'BDI REF.'!$K$5,CHOOSE(H1011,'BDI REF.'!$K$5,'BDI REF.'!$K$6,'BDI REF.'!$K$7))))*R1011,2) -> 0 | G1011: =IF(E1011<>0,ROUND(E1011*F1011,2),IF(AD1011=0,(SUMIF($V$12:$V$1011,B1011,$AD$12:$AD$1011)),AD1011)) -> 0 | J1011: =IF(N1011<>0,N1011,"") | L1011: =IF(B1011>0,"ok","ocultar") -> ocultar | V1011: =IF(B1011=0,V1010,IF(ISNONTEXT(B1011)=TRUE(),INT(B1011),INT(LEFT(B1011,FIND(".",B1011)-1)))) -> 3 | W1011: =IF(W1012=1,1,IF(B1011<>0,1,IF(C1011<>0,1,IF(D1011<>0,1,IF(E1011<>0,1,""))))) | X1011: =IF(V1011=0," ",IF(V1011<>V1010,V1011," ")) | Z1011: =IF(V1011<>X1011,(IF(I1011="",G1011*INFORMAÇÕES!$U$113,IF(I1011="R",G1011,0))),0) -> 0 | AA1011: =IF(V1011<>X1011,(IF(I1011="",G1011*INFORMAÇÕES!$U$114,IF(I1011="C",G1011,0))),0) -> 0 | AB1011: =IF(V1011<>X1011,(IF(I1011="",G1011*INFORMAÇÕES!$U$115,IF(I1011="CF",G1011,0))),0) -> 0 | AC1011: =IF(V1011<>X1011,(IF(I1011="",G1011*INFORMAÇÕES!$U$116,IF(I1011="O",G1011,0))),0) -> 0 | AD1011: =IF(E1011<>0,G1011,0) -> 0
B1013: ¹ - "Fonte" corresponde a itens cujo recurso tem fonte exclusiva: "R" - Repasse/Financiamento; "C" - Contrapartida Financeira; "CF" - Contrapartida Física; "O" - Outras Fontes
W1014: =SUM(W12:W1011) -> 7 | Z1014: =SUM(Z12:Z1012) -> 0 | AA1014: =SUM(AA12:AA1012) -> 41766.75 | AB1014: =SUM(AB12:AB1012) -> 0 | AC1014: =SUM(AC12:AC1012) -> 0 | AD1014: =SUM(AD12:AD1011) -> 41766.75
B1015: TOTAL | F1015: =SUM($AD$13:$AD$1011) -> 41766.75
B1017: Castro, | C1017: =P6 -> 45414
B1018: Local e data | E1018: Responsável Técnico do Município de Castro

Sheet CRONO P CAIXA
H1: =E65 -> 1 | I1: =H65 -> 0 | J1: =I65 -> 0 | K1: =J65 -> 0 | L1: =K65 -> 0 | M1: =L65 -> 0 | N1: =M65 -> 0 | O1: =N65 -> 0 | P1: =O65 -> 0 | ... AQ1: =AP65 -> 0
E2: =IF($AQ$46<100,"O percentual acumulado é INFERIOR a 100%",IF($AQ$46>100,"O percentual acumulado é SUPERIOR a 100%","CRONOGRAMA FÍSICO-FINANCEIRO")) -> O percentual acumulado é INFERIOR a 100% | G2: Nº do Contrato: | H2: ='ORÇ.GLOBAL REF.'!G6 | K2: =CONCATENATE("Tomador: ",'ORÇ.GLOBAL REF.'!C4) -> Tomador: MUNICÍPIO DE CASTRO | T2: =H2 | W2: =K2 -> Tomador: MUNICÍPIO DE CASTRO | AF2: =H2 | AI2: =K2 -> Tomador: MUNICÍPIO DE CASTRO
E4: =CONCATENATE("Empreendimento: ",'ORÇ.GLOBAL REF.'!C8) -> Empreendimento: SUBSTITUIÇÃO TELHAS UBS SOCAVÃO | K4: =CONCATENATE("Programa: ",'ORÇ.GLOBAL REF.'!C6) -> Programa: | W4: =K4 -> Programa: | AI4: =K4 -> Programa:
E7: Item | F7: DESCRIÇÃO DOS AGRUPADORES DE SERVIÇOS | G7: Investimento | H7: Mês 01 | J7: Mês 02 | L7: Mês 03 | N7: Mês 04 | P7: Mês 05 | R7: Mês 06 | T7: Mês 07 | V7: Mês 08 | X7: Mês 09 | Z7: Mês 10 | AB7: Mês 11 | AD7: Mês 12 | AF7: Mês 13 | AH7: Mês 14 | AJ7: Mês 15 | AL7: Mês 16 | AN7: Mês 17 | AP7: Mês 18
B8: % Rel. | C8: Rep. | D8: Contr. | H8: No mês | I8: Acum. | J8: No mês | K8: Acum. | L8: No mês | M8: Acum. | N8: No mês | O8: Acum. | P8: No mês | Q8: Acum. | R8: No mês | S8: Acum. | T8: No mês | U8: Acum. | V8: No mês | W8: Acum. | X8: No mês | Y8: Acum. | Z8: No mês | AA8: Acum. | AB8: No mês | AC8: Acum. | AD8: No mês | AE8: Acum. | AF8: No mês | AG8: Acum. | AH8: No mês | AI8: Acum. | AJ8: No mês | AK8: Acum. | AL8: No mês | AM8: Acum. | AN8: No mês | AO8: Acum. | AP8: No mês | AQ8: Acum.
B9: =G9/(SUM($G$9:$G$45)) -> 0.08144469 | C9: =G9*($G$47/$G$51) -> 0 | D9: =G9*($G$48/$G$51) -> 3401.68 | E9: =IF('ORÇ.GLOBAL P CAIXA'!A12>'ORÇ.GLOBAL P CAIXA'!$Y$12,0,SMALL('ORÇ.GLOBAL P CAIXA'!$X$12:$X$1011,'ORÇ.GLOBAL P CAIXA'!A12)) -> 1 | F9: =IF('ORÇ.GLOBAL P CAIXA'!A12>'ORÇ.GLOBAL P CAIXA'!$Y$12,"",VLOOKUP(E9,'ORÇ.GLOBAL P CAIXA'!$B$12:$E$1011,2,FALSE())) -> REMOÇÃO TELHAS | G9: =IFERROR(IF(E9=0,0,VLOOKUP(E9,'ORÇ.GLOBAL P CAIXA'!$B$12:$G$1011,6,FALSE())),0) -> 3401.68 | I9: =H9 -> 0 | K9: =I9+J9 -> 0 | M9: =K9+L9 -> 0 | O9: =M9+N9 -> 0 | Q9: =O9+P9 -> 0 | S9: =Q9+R9 -> 0 | U9: =S9+T9 -> 0 | W9: =U9+V9 -> 0 | Y9: =W9+X9 -> 0 | AA9: =Y9+Z9 -> 0 | AC9: =AA9+AB9 -> 0 | AE9: =AC9+AD9 -> 0 | AG9: =AE9+AF9 -> 0 | AI9: =AG9+AH9 -> 0 | AK9: =AI9+AJ9 -> 0 | AM9: =AK9+AL9 -> 0 | AO9: =AM9+AN9 -> 0 | AQ9: =AO9+AP9 -> 0
B10: =G10/(SUM($G$9:$G$45)) -> 0.90545877 | C10: =G10*($G$47/$G$51) -> 0 | D10: =G10*($G$48/$G$51) -> 37818.07 | E10: =IF('ORÇ.GLOBAL P CAIXA'!A13>'ORÇ.GLOBAL P CAIXA'!$Y$12,0,SMALL('ORÇ.GLOBAL P CAIXA'!$X$12:$X$1011,'ORÇ.GLOBAL P CAIXA'!A13)) -> 2 | F10: =IF('ORÇ.GLOBAL P CAIXA'!A13>'ORÇ.GLOBAL P CAIXA'!$Y$12,"",VLOOKUP(E10,'ORÇ.GLOBAL P CAIXA'!$B$12:$E$1011,2,FALSE())) -> COBERTURA | G10: =IFERROR(IF(E10=0,0,VLOOKUP(E10,'ORÇ.GLOBAL P CAIXA'!$B$12:$G$1011,6,FALSE())),0) -> 37818.07 | I10: =H10 -> 0 | K10: =I10+J10 -> 0 | M10: =K10+L10 -> 0 | O10: =M10+N10 -> 0 | Q10: =O10+P10 -> 0 | S10: =Q10+R10 -> 0 | U10: =S10+T10 -> 0 | W10: =U10+V10 -> 0 | Y10: =W10+X10 -> 0 | AA10: =Y10+Z10 -> 0 | AC10: =AA10+AB10 -> 0 | AE10: =AC10+AD10 -> 0 | AG10: =AE10+AF10 -> 0 | AI10: =AG10+AH10 -> 0 | AK10: =AI10+AJ10 -> 0 | AM10: =AK10+AL10 -> 0 | AO10: =AM10+AN10 -> 0 | AQ10: =AO10+AP10 -> 0
B11: =G11/(SUM($G$9:$G$45)) -> 0.013096542 | C11: =G11*($G$47/$G$51) -> 0 | D11: =G11*($G$48/$G$51) -> 547 | E11: =IF('ORÇ.GLOBAL P CAIXA'!A14>'ORÇ.GLOBAL P CAIXA'!$Y$12,0,SMALL('ORÇ.GLOBAL P CAIXA'!$X$12:$X$1011,'ORÇ.GLOBAL P CAIXA'!A14)) -> 3 | F11: =IF('ORÇ.GLOBAL P CAIXA'!A14>'ORÇ.GLOBAL P CAIXA'!$Y$12,"",VLOOKUP(E11,'ORÇ.GLOBAL P CAIXA'!$B$12:$E$1011,2,FALSE())) -> BEIRAL PVC | G11: =IFERROR(IF(E11=0,0,VLOOKUP(E11,'ORÇ.GLOBAL P CAIXA'!$B$12:$G$1011,6,FALSE())),0) -> 547 | I11: =H11 -> 0 | K11: =I11+J11 -> 0 | M11: =K11+L11 -> 0 | O11: =M11+N11 -> 0 | Q11: =O11+P11 -> 0 | S11: =Q11+R11 -> 0 | U11: =S11+T11 -> 0 | W11: =U11+V11 -> 0 | Y11: =W11+X11 -> 0 | AA11: =Y11+Z11 -> 0 | AC11: =AA11+AB11 -> 0 | AE11: =AC11+AD11 -> 0 | AG11: =AE11+AF11 -> 0 | AI11: =AG11+AH11 -> 0 | AK11: =AI11+AJ11 -> 0 | AM11: =AK11+AL11 -> 0 | AO11: =AM11+AN11 -> 0 | AQ11: =AO11+AP11 -> 0
B12: =G12/(SUM($G$9:$G$45)) -> 0 | C12: =G12*($G$47/$G$51) -> 0 | D12: =G12*($G$48/$G$51) -> 0 | E12: =IF('ORÇ.GLOBAL P CAIXA'!A15>'ORÇ.GLOBAL P CAIXA'!$Y$12,0,SMALL('ORÇ.GLOBAL P CAIXA'!$X$12:$X$1011,'ORÇ.GLOBAL P CAIXA'!A15)) -> 0 | F12: =IF('ORÇ.GLOBAL P CAIXA'!A15>'ORÇ.GLOBAL P CAIXA'!$Y$12,"",VLOOKUP(E12,'ORÇ.GLOBAL P CAIXA'!$B$12:$E$1011,2,FALSE())) | G12: =IFERROR(IF(E12=0,0,VLOOKUP(E12,'ORÇ.GLOBAL P CAIXA'!$B$12:$G$1011,6,FALSE())),0) -> 0 | I12: =H12 -> 0 | K12: =I12+J12 -> 0 | M12: =K12+L12 -> 0 | O12: =M12+N12 -> 0 | Q12: =O12+P12 -> 0 | S12: =Q12+R12 -> 0 | U12: =S12+T12 -> 0 | W12: =U12+V12 -> 0 | Y12: =W12+X12 -> 0 | AA12: =Y12+Z12 -> 0 | AC12: =AA12+AB12 -> 0 | AE12: =AC12+AD12 -> 0 | AG12: =AE12+AF12 -> 0 | AI12: =AG12+AH12 -> 0 | AK12: =AI12+AJ12 -> 0 | AM12: =AK12+AL12 -> 0 | AO12: =AM12+AN12 -> 0 | AQ12: =AO12+AP12 -> 0
B13: =G13/(SUM($G$9:$G$45)) -> 0 | C13: =G13*($G$47/$G$51) -> 0 | D13: =G13*($G$48/$G$51) -> 0 | E13: =IF('ORÇ.GLOBAL P CAIXA'!A16>'ORÇ.GLOBAL P CAIXA'!$Y$12,0,SMALL('ORÇ.GLOBAL P CAIXA'!$X$12:$X$1011,'ORÇ.GLOBAL P CAIXA'!A16)) -> 0 | F13: =IF('ORÇ.GLOBAL P CAIXA'!A16>'ORÇ.GLOBAL P CAIXA'!$Y$12,"",VLOOKUP(E13,'ORÇ.GLOBAL P CAIXA'!$B$12:$E$1011,2,FALSE())) | G13: =IFERROR(IF(E13=0,0,VLOOKUP(E13,'ORÇ.GLOBAL P CAIXA'!$B$12:$G$1011,6,FALSE())),0) -> 0 | I13: =H13 -> 0 | K13: =I13+J13 -> 0 | M13: =K13+L13 -> 0 | O13: =M13+N13 -> 0 | Q13: =O13+P13 -> 0 | S13: =Q13+R13 -> 0 | U13: =S13+T13 -> 0 | W13: =U13+V13 -> 0 | Y13: =W13+X13 -> 0 | AA13: =Y13+Z13 -> 0 | AC13: =AA13+AB13 -> 0 | AE13: =AC13+AD13 -> 0 | AG13: =AE13+AF13 -> 0 | AI13: =AG13+AH13 -> 0 | AK13: =AI13+AJ13 -> 0 | AM13: =AK13+AL13 -> 0 | AO13: =AM13+AN13 -> 0 | AQ13: =AO13+AP13 -> 0
B14: =G14/(SUM($G$9:$G$45)) -> 0 | C14: =G14*($G$47/$G$51) -> 0 | D14: =G14*($G$48/$G$51) -> 0 | E14: =IF('ORÇ.GLOBAL P CAIXA'!A17>'ORÇ.GLOBAL P CAIXA'!$Y$12,0,SMALL('ORÇ.GLOBAL P CAIXA'!$X$12:$X$1011,'ORÇ.GLOBAL P CAIXA'!A17)) -> 0 | F14: =IF('ORÇ.GLOBAL P CAIXA'!A17>'ORÇ.GLOBAL P CAIXA'!$Y$12,"",VLOOKUP(E14,'ORÇ.GLOBAL P CAIXA'!$B$12:$E$1011,2,FALSE())) | G14: =IFERROR(IF(E14=0,0,VLOOKUP(E14,'ORÇ.GLOBAL P CAIXA'!$B$12:$G$1011,6,FALSE())),0) -> 0 | I14: =H14 -> 0 | K14: =I14+J14 -> 0 | M14: =K14+L14 -> 0 | O14: =M14+N14 -> 0 | Q14: =O14+P14 -> 0 | S14: =Q14+R14 -> 0 | U14: =S14+T14 -> 0 | W14: =U14+V14 -> 0 | Y14: =W14+X14 -> 0 | AA14: =Y14+Z14 -> 0 | AC14: =AA14+AB14 -> 0 | AE14: =AC14+AD14 -> 0 | AG14: =AE14+AF14 -> 0 | AI14: =AG14+AH14 -> 0 | AK14: =AI14+AJ14 -> 0 | AM14: =AK14+AL14 -> 0 | AO14: =AM14+AN14 -> 0 | AQ14: =AO14+AP14 -> 0
B15: =G15/(SUM($G$9:$G$45)) -> 0 | C15: =G15*($G$47/$G$51) -> 0 | D15: =G15*($G$48/$G$51) -> 0 | E15: =IF('ORÇ.GLOBAL P CAIXA'!A18>'ORÇ.GLOBAL P CAIXA'!$Y$12,0,SMALL('ORÇ.GLOBAL P CAIXA'!$X$12:$X$1011,'ORÇ.GLOBAL P CAIXA'!A18)) -> 0 | F15: =IF('ORÇ.GLOBAL P CAIXA'!A18>'ORÇ.GLOBAL P CAIXA'!$Y$12,"",VLOOKUP(E15,'ORÇ.GLOBAL P CAIXA'!$B$12:$E$1011,2,FALSE())) | G15: =IFERROR(IF(E15=0,0,VLOOKUP(E15,'ORÇ.GLOBAL P CAIXA'!$B$12:$G$1011,6,FALSE())),0) -> 0 | I15: =H15 -> 0 | K15: =I15+J15 -> 0 | M15: =K15+L15 -> 0 | O15: =M15+N15 -> 0 | Q15: =O15+P15 -> 0 | S15: =Q15+R15 -> 0 | U15: =S15+T15 -> 0 | W15: =U15+V15 -> 0 | Y15: =W15+X15 -> 0 | AA15: =Y15+Z15 -> 0 | AC15: =AA15+AB15 -> 0 | AE15: =AC15+AD15 -> 0 | AG15: =AE15+AF15 -> 0 | AI15: =AG15+AH15 -> 0 | AK15: =AI15+AJ15 -> 0 | AM15: =AK15+AL15 -> 0 | AO15: =AM15+AN15 -> 0 | AQ15: =AO15+AP15 -> 0
B16: =G16/(SUM($G$9:$G$45)) -> 0 | C16: =G16*($G$47/$G$51) -> 0 | D16: =G16*($G$48/$G$51) -> 0 | E16: =IF('ORÇ.GLOBAL P CAIXA'!A19>'ORÇ.GLOBAL P CAIXA'!$Y$12,0,SMALL('ORÇ.GLOBAL P CAIXA'!$X$12:$X$1011,'ORÇ.GLOBAL P CAIXA'!A19)) -> 0 | F16: =IF('ORÇ.GLOBAL P CAIXA'!A19>'ORÇ.GLOBAL P CAIXA'!$Y$12,"",VLOOKUP(E16,'ORÇ.GLOBAL P CAIXA'!$B$12:$E$1011,2,FALSE())) | G16: =IFERROR(IF(E16=0,0,VLOOKUP(E16,'ORÇ.GLOBAL P CAIXA'!$B$12:$G$1011,6,FALSE())),0) -> 0 | I16: =H16 -> 0 | K16: =I16+J16 -> 0 | M16: =K16+L16 -> 0 | O16: =M16+N16 -> 0 | Q16: =O16+P16 -> 0 | S16: =Q16+R16 -> 0 | U16: =S16+T16 -> 0 | W16: =U16+V16 -> 0 | Y16: =W16+X16 -> 0 | AA16: =Y16+Z16 -> 0 | AC16: =AA16+AB16 -> 0 | AE16: =AC16+AD16 -> 0 | AG16: =AE16+AF16 -> 0 | AI16: =AG16+AH16 -> 0 | AK16: =AI16+AJ16 -> 0 | AM16: =AK16+AL16 -> 0 | AO16: =AM16+AN16 -> 0 | AQ16: =AO16+AP16 -> 0
B17: =G17/(SUM($G$9:$G$45)) -> 0 | C17: =G17*($G$47/$G$51) -> 0 | D17: =G17*($G$48/$G$51) -> 0 | E17: =IF('ORÇ.GLOBAL P CAIXA'!A20>'ORÇ.GLOBAL P CAIXA'!$Y$12,0,SMALL('ORÇ.GLOBAL P CAIXA'!$X$12:$X$1011,'ORÇ.GLOBAL P CAIXA'!A20)) -> 0 | F17: =IF('ORÇ.GLOBAL P CAIXA'!A20>'ORÇ.GLOBAL P CAIXA'!$Y$12,"",VLOOKUP(E17,'ORÇ.GLOBAL P CAIXA'!$B$12:$E$1011,2,FALSE())) | G17: =IFERROR(IF(E17=0,0,VLOOKUP(E17,'ORÇ.GLOBAL P CAIXA'!$B$12:$G$1011,6,FALSE())),0) -> 0 | I17: =H17 -> 0 | K17: =I17+J17 -> 0 | M17: =K17+L17 -> 0 | O17: =M17+N17 -> 0 | Q17: =O17+P17 -> 0 | S17: =Q17+R17 -> 0 | U17: =S17+T17 -> 0 | W17: =U17+V17 -> 0 | Y17: =W17+X17 -> 0 | AA17: =Y17+Z17 -> 0 | AC17: =AA17+AB17 -> 0 | AE17: =AC17+AD17 -> 0 | AG17: =AE17+AF17 -> 0 | AI17: =AG17+AH17 -> 0 | AK17: =AI17+AJ17 -> 0 | AM17: =AK17+AL17 -> 0 | AO17: =AM17+AN17 -> 0 | AQ17: =AO17+AP17 -> 0
B18: =G18/(SUM($G$9:$G$45)) -> 0 | C18: =G18*($G$47/$G$51) -> 0 | D18: =G18*($G$48/$G$51) -> 0 | E18: =IF('ORÇ.GLOBAL P CAIXA'!A21>'ORÇ.GLOBAL P CAIXA'!$Y$12,0,SMALL('ORÇ.GLOBAL P CAIXA'!$X$12:$X$1011,'ORÇ.GLOBAL P CAIXA'!A21)) -> 0 | F18: =IF('ORÇ.GLOBAL P CAIXA'!A21>'ORÇ.GLOBAL P CAIXA'!$Y$12,"",VLOOKUP(E18,'ORÇ.GLOBAL P CAIXA'!$B$12:$E$1011,2,FALSE())) | G18: =IFERROR(IF(E18=0,0,VLOOKUP(E18,'ORÇ.GLOBAL P CAIXA'!$B$12:$G$1011,6,FALSE())),0) -> 0 | I18: =H18 -> 0 | K18: =I18+J18 -> 0 | M18: =K18+L18 -> 0 | O18: =M18+N18 -> 0 | Q18: =O18+P18 -> 0 | S18: =Q18+R18 -> 0 | U18: =S18+T18 -> 0 | W18: =U18+V18 -> 0 | Y18: =W18+X18 -> 0 | AA18: =Y18+Z18 -> 0 | AC18: =AA18+AB18 -> 0 | AE18: =AC18+AD18 -> 0 | AG18: =AE18+AF18 -> 0 | AI18: =AG18+AH18 -> 0 | AK18: =AI18+AJ18 -> 0 | AM18: =AK18+AL18 -> 0 | AO18: =AM18+AN18 -> 0 | AQ18: =AO18+AP18 -> 0
B19: =G19/(SUM($G$9:$G$45)) -> 0 | C19: =G19*($G$47/$G$51) -> 0 | D19: =G19*($G$48/$G$51) -> 0 | E19: =IF('ORÇ.GLOBAL P CAIXA'!A22>'ORÇ.GLOBAL P CAIXA'!$Y$12,0,SMALL('ORÇ.GLOBAL P CAIXA'!$X$12:$X$1011,'ORÇ.GLOBAL P CAIXA'!A22)) -> 0 | F19: =IF('ORÇ.GLOBAL P CAIXA'!A22>'ORÇ.GLOBAL P CAIXA'!$Y$12,"",VLOOKUP(E19,'ORÇ.GLOBAL P CAIXA'!$B$12:$E$1011,2,FALSE())) | G19: =IFERROR(IF(E19=0,0,VLOOKUP(E19,'ORÇ.GLOBAL P CAIXA'!$B$12:$G$1011,6,FALSE())),0) -> 0 | I19: =H19 -> 0 | K19: =I19+J19 -> 0 | M19: =K19+L19 -> 0 | O19: =M19+N19 -> 0 | Q19: =O19+P19 -> 0 | S19: =Q19+R19 -> 0 | U19: =S19+T19 -> 0 | W19: =U19+V19 -> 0 | Y19: =W19+X19 -> 0 | AA19: =Y19+Z19 -> 0 | AC19: =AA19+AB19 -> 0 | AE19: =AC19+AD19 -> 0 | AG19: =AE19+AF19 -> 0 | AI19: =AG19+AH19 -> 0 | AK19: =AI19+AJ19 -> 0 | AM19: =AK19+AL19 -> 0 | AO19: =AM19+AN19 -> 0 | AQ19: =AO19+AP19 -> 0
B20: =G20/(SUM($G$9:$G$45)) -> 0 | C20: =G20*($G$47/$G$51) -> 0 | D20: =G20*($G$48/$G$51) -> 0 | E20: =IF('ORÇ.GLOBAL P CAIXA'!A23>'ORÇ.GLOBAL P CAIXA'!$Y$12,0,SMALL('ORÇ.GLOBAL P CAIXA'!$X$12:$X$1011,'ORÇ.GLOBAL P CAIXA'!A23)) -> 0 | F20: =IF('ORÇ.GLOBAL P CAIXA'!A23>'ORÇ.GLOBAL P CAIXA'!$Y$12,"",VLOOKUP(E20,'ORÇ.GLOBAL P CAIXA'!$B$12:$E$1011,2,FALSE())) | G20: =IFERROR(IF(E20=0,0,VLOOKUP(E20,'ORÇ.GLOBAL P CAIXA'!$B$12:$G$1011,6,FALSE())),0) -> 0 | I20: =H20 -> 0 | K20: =I20+J20 -> 0 | M20: =K20+L20 -> 0 | O20: =M20+N20 -> 0 | Q20: =O20+P20 -> 0 | S20: =Q20+R20 -> 0 | U20: =S20+T20 -> 0 | W20: =U20+V20 -> 0 | Y20: =W20+X20 -> 0 | AA20: =Y20+Z20 -> 0 | AC20: =AA20+AB20 -> 0 | AE20: =AC20+AD20 -> 0 | AG20: =AE20+AF20 -> 0 | AI20: =AG20+AH20 -> 0 | AK20: =AI20+AJ20 -> 0 | AM20: =AK20+AL20 -> 0 | AO20: =AM20+AN20 -> 0 | AQ20: =AO20+AP20 -> 0
... B45: =G45/(SUM($G$9:$G$45)) -> 0 | C45: =G45*($G$47/$G$51) -> 0 | D45: =G45*($G$48/$G$51) -> 0 | E45: =IF('ORÇ.GLOBAL P CAIXA'!A48>'ORÇ.GLOBAL P CAIXA'!$Y$12,0,SMALL('ORÇ.GLOBAL P CAIXA'!$X$12:$X$1011,'ORÇ.GLOBAL P CAIXA'!A48)) -> 0 | F45: =IF('ORÇ.GLOBAL P CAIXA'!A48>'ORÇ.GLOBAL P CAIXA'!$Y$12,"",VLOOKUP(E45,'ORÇ.GLOBAL P CAIXA'!$B$12:$E$1011,2,FALSE())) | G45: =IFERROR(IF(E45=0,0,VLOOKUP(E45,'ORÇ.GLOBAL P CAIXA'!$B$12:$G$1011,6,FALSE())),0) -> 0 | I45: =H45 -> 0 | K45: =I45+J45 -> 0 | M45: =K45+L45 -> 0 | O45: =M45+N45 -> 0 | Q45: =O45+P45 -> 0 | S45: =Q45+R45 -> 0 | U45: =S45+T45 -> 0 | W45: =U45+V45 -> 0 | Y45: =W45+X45 -> 0 | AA45: =Y45+Z45 -> 0 | AC45: =AA45+AB45 -> 0 | AE45: =AC45+AD45 -> 0 | AG45: =AE45+AF45 -> 0 | AI45: =AG45+AH45 -> 0 | AK45: =AI45+AJ45 -> 0 | AM45: =AK45+AL45 -> 0 | AO45: =AM45+AN45 -> 0 | AQ45: =AO45+AP45 -> 0
B46: =SUM(B9:B45) -> 1 | C46: =SUM(C9:C45) -> 0 | D46: =SUM(D9:D45) -> 41766.75 | F46: TOTAL (%) | H46: =SUMPRODUCT($B$9:$B$45,H9:H45) -> 0 | I46: =SUMPRODUCT($B$9:$B$45,I9:I45) -> 0 | J46: =SUMPRODUCT($B$9:$B$45,J9:J45) -> 0 | K46: =SUMPRODUCT($B$9:$B$45,K9:K45) -> 0 | L46: =SUMPRODUCT($B$9:$B$45,L9:L45) -> 0 | M46: =SUMPRODUCT($B$9:$B$45,M9:M45) -> 0 | N46: =SUMPRODUCT($B$9:$B$45,N9:N45) -> 0 | O46: =SUMPRODUCT($B$9:$B$45,O9:O45) -> 0 | ... AQ46: =SUMPRODUCT($B$9:$B$45,AQ9:AQ45) -> 0
F47: REPASSE | G47: =INFORMAÇÕES!$Q49 -> 0 | H47: =SUMPRODUCT($C$9:$C$45,H9:H45)/100 -> 0 | J47: =SUMPRODUCT($C$9:$C$45,J9:J45)/100 -> 0 | L47: =SUMPRODUCT($C$9:$C$45,L9:L45)/100 -> 0 | N47: =SUMPRODUCT($C$9:$C$45,N9:N45)/100 -> 0 | P47: =SUMPRODUCT($C$9:$C$45,P9:P45)/100 -> 0 | R47: =SUMPRODUCT($C$9:$C$45,R9:R45)/100 -> 0 | T47: =SUMPRODUCT($C$9:$C$45,T9:T45)/100 -> 0 | V47: =SUMPRODUCT($C$9:$C$45,V9:V45)/100 -> 0 | X47: =SUMPRODUCT($C$9:$C$45,X9:X45)/100 -> 0 | Z47: =SUMPRODUCT($C$9:$C$45,Z9:Z45)/100 -> 0 | AB47: =SUMPRODUCT($C$9:$C$45,AB9:AB45)/100 -> 0 | AD47: =SUMPRODUCT($C$9:$C$45,AD9:AD45)/100 -> 0 | AF47: =SUMPRODUCT($C$9:$C$45,AF9:AF45)/100 -> 0 | AH47: =SUMPRODUCT($C$9:$C$45,AH9:AH45)/100 -> 0 | AJ47: =SUMPRODUCT($C$9:$C$45,AJ9:AJ45)/100 -> 0 | AL47: =SUMPRODUCT($C$9:$C$45,AL9:AL45)/100 -> 0 | AN47: =SUMPRODUCT($C$9:$C$45,AN9:AN45)/100 -> 0 | AP47: =SUMPRODUCT($C$9:$C$45,AP9:AP45)/100 -> 0
F48: Contrapartida Financeira | G48: =INFORMAÇÕES!$Q50 -> 41766.75 | H48: =SUMPRODUCT($D$9:$D$45,H9:H45)/100 -> 0 | J48: =SUMPRODUCT($D$9:$D$45,J9:J45)/100 -> 0 | L48: =SUMPRODUCT($D$9:$D$45,L9:L45)/100 -> 0 | N48: =SUMPRODUCT($D$9:$D$45,N9:N45)/100 -> 0 | P48: =SUMPRODUCT($D$9:$D$45,P9:P45)/100 -> 0 | R48: =SUMPRODUCT($D$9:$D$45,R9:R45)/100 -> 0 | T48: =SUMPRODUCT($D$9:$D$45,T9:T45)/100 -> 0 | V48: =SUMPRODUCT($D$9:$D$45,V9:V45)/100 -> 0 | X48: =SUMPRODUCT($D$9:$D$45,X9:X45)/100 -> 0 | Z48: =SUMPRODUCT($D$9:$D$45,Z9:Z45)/100 -> 0 | AB48: =SUMPRODUCT($D$9:$D$45,AB9:AB45)/100 -> 0 | AD48: =SUMPRODUCT($D$9:$D$45,AD9:AD45)/100 -> 0 | AF48: =SUMPRODUCT($D$9:$D$45,AF9:AF45)/100 -> 0 | AH48: =SUMPRODUCT($D$9:$D$45,AH9:AH45)/100 -> 0 | AJ48: =SUMPRODUCT($D$9:$D$45,AJ9:AJ45)/100 -> 0 | AL48: =SUMPRODUCT($D$9:$D$45,AL9:AL45)/100 -> 0 | AN48: =SUMPRODUCT($D$9:$D$45,AN9:AN45)/100 -> 0 | AP48: =SUMPRODUCT($D$9:$D$45,AP9:AP45)/100 -> 0
F49: Contrapartida Física | G49: 0 | H49: 0 | J49: 0 | L49: 0 | N49: 0 | P49: 0 | R49: 0 | T49: 0 | V49: 0 | X49: 0 | Z49: 0 | AB49: 0 | AD49: 0 | AF49: 0 | AH49: 0 | AJ49: 0 | AL49: 0 | AN49: 0 | AP49: 0
F50: Outras Fontes | G50: =INFORMAÇÕES!Q51 -> 0 | H50: 0 | J50: 0 | L50: 0 | N50: 0 | P50: 0 | R50: 0 | T50: 0 | V50: 0 | X50: 0 | Z50: 0 | AB50: 0 | AD50: 0 | AF50: 0 | AH50: 0 | AJ50: 0 | AL50: 0 | AN50: 0 | AP50: 0
F51: TOTAL (R$) | G51: =INFORMAÇÕES!Q52 -> 41766.75 | H51: =SUM(H47:I50) -> 0 | J51: =SUM(J47:K50) -> 0 | L51: =SUM(L47:M50) -> 0 | N51: =SUM(N47:O50) -> 0 | P51: =SUM(P47:Q50) -> 0 | R51: =SUM(R47:S50) -> 0 | T51: =SUM(T47:U50) -> 0 | V51: =SUM(V47:W50) -> 0 | X51: =SUM(X47:Y50) -> 0 | Z51: =SUM(Z47:AA50) -> 0 | AB51: =SUM(AB47:AC50) -> 0 | AD51: =SUM(AD47:AE50) -> 0 | AF51: =SUM(AF47:AG50) -> 0 | AH51: =SUM(AH47:AI50) -> 0 | AJ51: =SUM(AJ47:AK50) -> 0 | AL51: =SUM(AL47:AM50) -> 0 | AN51: =SUM(AN47:AO50) -> 0 | AP51: =SUM(AP47:AQ50) -> 0
F52: ACUMULADO (R$) | H52: =H51 -> 0 | J52: =H52+J51 -> 0 | L52: =J52+L51 -> 0 | N52: =L52+N51 -> 0 | P52: =N52+P51 -> 0 | R52: =P52+R51 -> 0 | T52: =R52+T51 -> 0 | V52: =T52+V51 -> 0 | X52: =V52+X51 -> 0 | Z52: =X52+Z51 -> 0 | AB52: =Z52+AB51 -> 0 | AD52: =AB52+AD51 -> 0 | AF52: =AD52+AF51 -> 0 | AH52: =AF52+AH51 -> 0 | AJ52: =AH52+AJ51 -> 0 | AL52: =AJ52+AL51 -> 0 | AN52: =AL52+AN51 -> 0 | AP52: =AN52+AP51 -> 0
E53: ='ORÇ.GLOBAL REF.'!E1018 -> Responsável Técnico do Município de Castro
E54: Carimbo e Assinatura | N54: ='ORÇ.GLOBAL P CAIXA'!B1017 -> Castro, | P54: ='ORÇ.GLOBAL P CAIXA'!C1017 -> 45414 | Z54: =N54 -> Castro, | AB54: =P54 -> 45414 | AL54: =Z54 -> Castro, | AN54: =AB54 -> 45414
N55: Local e Data | Z55: =N55 -> Local e Data | AL55: =Z55 -> Local e Data
I59: =IF(AND(I46<=100,H46>0),1,0) -> 0 | K59: =IF(AND(K46<=100,J46>0),1,0) -> 0 | M59: =IF(AND(M46<=100,L46>0),1,0) -> 0 | O59: =IF(AND(O46<=100,N46>0),1,0) -> 0 | Q59: =IF(AND(Q46<=100,P46>0),1,0) -> 0 | S59: =IF(AND(S46<=100,R46>0),1,0) -> 0 | U59: =IF(AND(U46<=100,T46>0),1,0) -> 0 | W59: =IF(AND(W46<=100,V46>0),1,0) -> 0 | Y59: =IF(AND(Y46<=100,X46>0),1,0) -> 0 | AA59: =IF(AND(AA46<=100,Z46>0),1,0) -> 0 | AC59: =IF(AND(AC46<=100,AB46>0),1,0) -> 0 | AE59: =IF(AND(AE46<=100,AD46>0),1,0) -> 0 | AG59: =IF(AND(AG46<=100,AF46>0),1,0) -> 0 | AI59: =IF(AND(AI46<=100,AH46>0),1,0) -> 0 | AK59: =IF(AND(AK46<=100,AJ46>0),1,0) -> 0 | AM59: =IF(AND(AM46<=100,AL46>0),1,0) -> 0 | AO59: =IF(AND(AO46<=100,AN46>0),1,0) -> 0 | AQ59: =IF(AND(AQ46<=100,AP46>0),1,0) -> 0
I60: =IF(ABS(I46-100)>0.01,1,0) -> 1 | K60: =IF(ABS(K46-100)>0.01,1,0) -> 1 | M60: =IF(ABS(M46-100)>0.01,1,0) -> 1 | O60: =IF(ABS(O46-100)>0.01,1,0) -> 1 | Q60: =IF(ABS(Q46-100)>0.01,1,0) -> 1 | S60: =IF(ABS(S46-100)>0.01,1,0) -> 1 | U60: =IF(ABS(U46-100)>0.01,1,0) -> 1 | W60: =IF(ABS(W46-100)>0.01,1,0) -> 1 | Y60: =IF(ABS(Y46-100)>0.01,1,0) -> 1 | AA60: =IF(ABS(AA46-100)>0.01,1,0) -> 1 | AC60: =IF(ABS(AC46-100)>0.01,1,0) -> 1 | AE60: =IF(ABS(AE46-100)>0.01,1,0) -> 1 | AG60: =IF(ABS(AG46-100)>0.01,1,0) -> 1 | AI60: =IF(ABS(AI46-100)>0.01,1,0) -> 1 | AK60: =IF(ABS(AK46-100)>0.01,1,0) -> 1 | AM60: =IF(ABS(AM46-100)>0.01,1,0) -> 1 | AO60: =IF(ABS(AO46-100)>0.01,1,0) -> 1 | AQ60: =IF(ABS(AQ46-100)>0.01,1,0) -> 1
E61: ='BM GLOBAL'!$G$4 -> 0 | H61: =DATE(E64,E63+1,E62) -> 31 | J61: =DATE(H64,H63+1,H62) -> 62 | L61: =DATE(J64,J63+1,J62) -> 93 | N61: =DATE(L64,L63+1,L62) -> 123 | P61: =DATE(N64,N63+1,N62) -> 154 | R61: =DATE(P64,P63+1,P62) -> 184 | T61: =DATE(R64,R63+1,R62) -> 215 | V61: =DATE(T64,T63+1,T62) -> 246 | X61: =DATE(V64,V63+1,V62) -> 276 | Z61: =DATE(X64,X63+1,X62) -> 307 | AB61: =DATE(Z64,Z63+1,Z62) -> 337 | AD61: =DATE(AB64,AB63+1,AB62) -> 368 | AF61: =DATE(AD64,AD63+1,AD62) -> 399 | AH61: =DATE(AF64,AF63+1,AF62) -> 427 | AJ61: =DATE(AH64,AH63+1,AH62) -> 458 | AL61: =DATE(AJ64,AJ63+1,AJ62) -> 488 | AN61: =DATE(AL64,AL63+1,AL62) -> 519 | AP61: =DATE(AN64,AN63+1,AN62) -> 549
E62: =DAY(E61) -> 0 | H62: =DAY(H61) -> 31 | J62: =DAY(J61) -> 2 | L62: =DAY(L61) -> 2 | N62: =DAY(N61) -> 2 | P62: =DAY(P61) -> 2 | R62: =DAY(R61) -> 2 | T62: =DAY(T61) -> 2 | V62: =DAY(V61) -> 2 | X62: =DAY(X61) -> 2 | Z62: =DAY(Z61) -> 2 | AB62: =DAY(AB61) -> 2 | AD62: =DAY(AD61) -> 2 | AF62: =DAY(AF61) -> 2 | AH62: =DAY(AH61) -> 2 | AJ62: =DAY(AJ61) -> 2 | AL62: =DAY(AL61) -> 2 | AN62: =DAY(AN61) -> 2 | AP62: =DAY(AP61) -> 2
E63: =MONTH(E61) -> 1 | H63: =MONTH(H61) -> 1 | J63: =MONTH(J61) -> 3 | L63: =MONTH(L61) -> 4 | N63: =MONTH(N61) -> 5 | P63: =MONTH(P61) -> 6 | R63: =MONTH(R61) -> 7 | T63: =MONTH(T61) -> 8 | V63: =MONTH(V61) -> 9 | X63: =MONTH(X61) -> 10 | Z63: =MONTH(Z61) -> 11 | AB63: =MONTH(AB61) -> 12 | AD63: =MONTH(AD61) -> 1 | AF63: =MONTH(AF61) -> 2 | AH63: =MONTH(AH61) -> 3 | AJ63: =MONTH(AJ61) -> 4 | AL63: =MONTH(AL61) -> 5 | AN63: =MONTH(AN61) -> 6 | AP63: =MONTH(AP61) -> 7
E64: =YEAR(E61) -> 1900 | H64: =YEAR(H61) -> 1900 | J64: =YEAR(J61) -> 1900 | L64: =YEAR(L61) -> 1900 | N64: =YEAR(N61) -> 1900 | P64: =YEAR(P61) -> 1900 | R64: =YEAR(R61) -> 1900 | T64: =YEAR(T61) -> 1900 | V64: =YEAR(V61) -> 1900 | X64: =YEAR(X61) -> 1900 | Z64: =YEAR(Z61) -> 1900 | AB64: =YEAR(AB61) -> 1900 | AD64: =YEAR(AD61) -> 1901 | AF64: =YEAR(AF61) -> 1901 | AH64: =YEAR(AH61) -> 1901 | AJ64: =YEAR(AJ61) -> 1901 | AL64: =YEAR(AL61) -> 1901 | AN64: =YEAR(AN61) -> 1901 | AP64: =YEAR(AP61) -> 1901
E65: =IF(E61<='BM GLOBAL'!$L$4,IF('BM GLOBAL'!$L$4<H61,1,0),0) -> 1 | H65: =IF(H61<='BM GLOBAL'!$L$4,IF('BM GLOBAL'!$L$4<J61,1,0),0) -> 0 | J65: =IF(J61<='BM GLOBAL'!$L$4,IF('BM GLOBAL'!$L$4<L61,1,0),0) -> 0 | L65: =IF(L61<='BM GLOBAL'!$L$4,IF('BM GLOBAL'!$L$4<N61,1,0),0) -> 0 | N65: =IF(N61<='BM GLOBAL'!$L$4,IF('BM GLOBAL'!$L$4<P61,1,0),0) -> 0 | P65: =IF(P61<='BM GLOBAL'!$L$4,IF('BM GLOBAL'!$L$4<R61,1,0),0) -> 0 | R65: =IF(R61<='BM GLOBAL'!$L$4,IF('BM GLOBAL'!$L$4<T61,1,0),0) -> 0 | T65: =IF(T61<='BM GLOBAL'!$L$4,IF('BM GLOBAL'!$L$4<V61,1,0),0) -> 0 | V65: =IF(V61<='BM GLOBAL'!$L$4,IF('BM GLOBAL'!$L$4<X61,1,0),0) -> 0 | X65: =IF(X61<='BM GLOBAL'!$L$4,IF('BM GLOBAL'!$L$4<Z61,1,0),0) -> 0 | Z65: =IF(Z61<='BM GLOBAL'!$L$4,IF('BM GLOBAL'!$L$4<AB61,1,0),0) -> 0 | AB65: =IF(AB61<='BM GLOBAL'!$L$4,IF('BM GLOBAL'!$L$4<AD61,1,0),0) -> 0 | AD65: =IF(AD61<='BM GLOBAL'!$L$4,IF('BM GLOBAL'!$L$4<AF61,1,0),0) -> 0 | AF65: =IF(AF61<='BM GLOBAL'!$L$4,IF('BM GLOBAL'!$L$4<AH61,1,0),0) -> 0 | AH65: =IF(AH61<='BM GLOBAL'!$L$4,IF('BM GLOBAL'!$L$4<AJ61,1,0),0) -> 0 | AJ65: =IF(AJ61<='BM GLOBAL'!$L$4,IF('BM GLOBAL'!$L$4<AL61,1,0),0) -> 0 | AL65: =IF(AL61<='BM GLOBAL'!$L$4,IF('BM GLOBAL'!$L$4<AN61,1,0),0) -> 0 | AN65: =IF(AN61<='BM GLOBAL'!$L$4,IF('BM GLOBAL'!$L$4<AP61,1,0),0) -> 0 | AP65: =IF(AP61<='BM GLOBAL'!$L$4,IF('BM GLOBAL'!$L$4<AR61,1,0),0) -> 0
E66: =IF(E61<='BM GLOBAL'!$L$4,IF('BM GLOBAL'!$L$4<H61,0,0),0) -> 0 | H66: =IF(H61<='BM GLOBAL'!$L$4,IF('BM GLOBAL'!$L$4<J61,I4,0),0) -> 0 | J66: =IF(J61<='BM GLOBAL'!$L$4,IF('BM GLOBAL'!$L$4<L61,K4,0),0) -> 0 | L66: =IF(L61<='BM GLOBAL'!$L$4,IF('BM GLOBAL'!$L$4<N61,M4,0),0) -> 0 | N66: =IF(N61<='BM GLOBAL'!$L$4,IF('BM GLOBAL'!$L$4<P61,O4,0),0) -> 0 | P66: =IF(P61<='BM GLOBAL'!$L$4,IF('BM GLOBAL'!$L$4<R61,Q4,0),0) -> 0 | R66: =IF(R61<='BM GLOBAL'!$L$4,IF('BM GLOBAL'!$L$4<T61,S4,0),0) -> 0 | T66: =IF(T61<='BM GLOBAL'!$L$4,IF('BM GLOBAL'!$L$4<V61,U4,0),0) -> 0 | V66: =IF(V61<='BM GLOBAL'!$L$4,IF('BM GLOBAL'!$L$4<X61,W4,0),0) -> 0 | X66: =IF(X61<='BM GLOBAL'!$L$4,IF('BM GLOBAL'!$L$4<Z61,Y4,0),0) -> 0 | Z66: =IF(Z61<='BM GLOBAL'!$L$4,IF('BM GLOBAL'!$L$4<AB61,AA4,0),0) -> 0 | AB66: =IF(AB61<='BM GLOBAL'!$L$4,IF('BM GLOBAL'!$L$4<AD61,AC4,0),0) -> 0 | AD66: =IF(AD61<='BM GLOBAL'!$L$4,IF('BM GLOBAL'!$L$4<AF61,AE4,0),0) -> 0 | AF66: =IF(AF61<='BM GLOBAL'!$L$4,IF('BM GLOBAL'!$L$4<AH61,AG4,0),0) -> 0 | AH66: =IF(AH61<='BM GLOBAL'!$L$4,IF('BM GLOBAL'!$L$4<AJ61,AI4,0),0) -> 0 | AJ66: =IF(AJ61<='BM GLOBAL'!$L$4,IF('BM GLOBAL'!$L$4<AL61,AK4,0),0) -> 0 | AL66: =IF(AL61<='BM GLOBAL'!$L$4,IF('BM GLOBAL'!$L$4<AN61,AM4,0),0) -> 0 | AN66: =IF(AN61<='BM GLOBAL'!$L$4,IF('BM GLOBAL'!$L$4<AP61,AO4,0),0) -> 0 | AP66: =IF(AP61<='BM GLOBAL'!$L$4,IF('BM GLOBAL'!$L$4<AR61,AQ4,0),0) -> 0
H67: =IF(0<$E$70,IF($E$70<=I46,100*($E$70-0)/(I46-0),0),0) -> 0 | J67: =IF(I46<$E$70,IF($E$70<=K46,100*($E$70-I46)/(K46-I46),0),0) -> 0 | L67: =IF(K46<$E$70,IF($E$70<=M46,100*($E$70-K46)/(M46-K46),0),0) -> 0 | N67: =IF(M46<$E$70,IF($E$70<=O46,100*($E$70-M46)/(O46-M46),0),0) -> 0 | P67: =IF(O46<$E$70,IF($E$70<=Q46,100*($E$70-O46)/(Q46-O46),0),0) -> 0 | R67: =IF(Q46<$E$70,IF($E$70<=S46,100*($E$70-Q46)/(S46-Q46),0),0) -> 0 | T67: =IF(S46<$E$70,IF($E$70<=U46,100*($E$70-S46)/(U46-S46),0),0) -> 0 | V67: =IF(U46<$E$70,IF($E$70<=W46,100*($E$70-U46)/(W46-U46),0),0) -> 0 | X67: =IF(W46<$E$70,IF($E$70<=Y46,100*($E$70-W46)/(Y46-W46),0),0) -> 0 | Z67: =IF(Y46<$E$70,IF($E$70<=AA46,100*($E$70-Y46)/(AA46-Y46),0),0) -> 0 | AB67: =IF(AA46<$E$70,IF($E$70<=AC46,100*($E$70-AA46)/(AC46-AA46),0),0) -> 0 | AD67: =IF(AC46<$E$70,IF($E$70<=AE46,100*($E$70-AC46)/(AE46-AC46),0),0) -> 0 | AF67: =IF(AE46<$E$70,IF($E$70<=AG46,100*($E$70-AE46)/(AG46-AE46),0),0) -> 0 | AH67: =IF(AG46<$E$70,IF($E$70<=AI46,100*($E$70-AG46)/(AI46-AG46),0),0) -> 0 | AJ67: =IF(AI46<$E$70,IF($E$70<=AK46,100*($E$70-AI46)/(AK46-AI46),0),0) -> 0 | AL67: =IF(AK46<$E$70,IF($E$70<=AM46,100*($E$70-AK46)/(AM46-AK46),0),0) -> 0 | AN67: =IF(AM46<$E$70,IF($E$70<=AO46,100*($E$70-AM46)/(AO46-AM46),0),0) -> 0 | AP67: =IF(AO46<$E$70,IF($E$70<=AQ46,100*($E$70-AO46)/(AQ46-AO46),0),0) -> 0
H68: =IF(H67<>0,I4,0) -> 0 | J68: =IF(J67<>0,K4,0) -> 0 | L68: =IF(L67<>0,M4,0) -> 0 | N68: =IF(N67<>0,O4,0) -> 0 | P68: =IF(P67<>0,Q4,0) -> 0 | R68: =IF(R67<>0,S4,0) -> 0 | T68: =IF(T67<>0,U4,0) -> 0 | V68: =IF(V67<>0,W4,0) -> 0 | X68: =IF(X67<>0,Y4,0) -> 0 | Z68: =IF(Z67<>0,AA4,0) -> 0 | AB68: =IF(AB67<>0,AC4,0) -> 0 | AD68: =IF(AD67<>0,AE4,0) -> 0 | AF68: =IF(AF67<>0,AG4,0) -> 0 | AH68: =IF(AH67<>0,AI4,0) -> 0 | AJ68: =IF(AJ67<>0,AK4,0) -> 0 | AL68: =IF(AL67<>0,AM4,0) -> 0 | AN68: =IF(AN67<>0,AO4,0) -> 0 | AP68: =IF(AP67<>0,AQ4,0) -> 0
H69: =IF(H68<>0,E61+30*H67/100,0) -> 0 | J69: =IF(J68<>0,H61+30*J67/100,0) -> 0 | L69: =IF(L68<>0,J61+30*L67/100,0) -> 0 | N69: =IF(N68<>0,L61+30*N67/100,0) -> 0 | P69: =IF(P68<>0,N61+30*P67/100,0) -> 0 | R69: =IF(R68<>0,P61+30*R67/100,0) -> 0 | T69: =IF(T68<>0,Q61+30*T67/100,0) -> 0 | V69: =IF(V68<>0,T61+30*V67/100,0) -> 0 | X69: =IF(X68<>0,V61+30*X67/100,0) -> 0 | Z69: =IF(Z68<>0,X61+30*Z67/100,0) -> 0 | AB69: =IF(AB68<>0,Z61+30*AB67/100,0) -> 0 | AD69: =IF(AD68<>0,AB61+30*AD67/100,0) -> 0 | AF69: =IF(AF68<>0,AC61+30*AF67/100,0) -> 0 | AH69: =IF(AH68<>0,AF61+30*AH67/100,0) -> 0 | AJ69: =IF(AJ68<>0,AH61+30*AJ67/100,0) -> 0 | AL69: =IF(AL68<>0,AJ61+30*AL67/100,0) -> 0 | AN69: =IF(AN68<>0,AL61+30*AN67/100,0) -> 0 | AP69: =IF(AP68<>0,AN61+30*AP67/100,0) -> 0
E70: ='RESUMO BM'!K50 -> 0

Sheet QCI
B2: QCI - QUADRO DE COMPOSIÇÃO DO INVESTIMENTO | D2: =CONCATENATE("Nº do Contrato: ",'ORÇ.GLOBAL P CAIXA'!F6) -> Nº do Contrato: | H2: =CONCATENATE("Tomador: ",'ORÇ.GLOBAL REF.'!C4) -> Tomador: MUNICÍPIO DE CASTRO
B5: =CONCATENATE("Empreendimento: ",'ORÇ.GLOBAL REF.'!C8) -> Empreendimento: SUBSTITUIÇÃO TELHAS UBS SOCAVÃO | H5: =CONCATENATE("Programa: ",'ORÇ.GLOBAL REF.'!C6) -> Programa:
B8: ITEM | C8: DESCRIÇÃO DOS AGRUPADORES DE SERVIÇOS | D8: UNID. | E8: QUANT. | F8: REPASSE | G8: CONTRAPARTIDA | I8: OUT. FONTES | J8: TOTAL | K8: INC.
G9: FINANCEIRA | H9: FÍSICA | K9: %
B10: ='CRONO P CAIXA'!E9 -> 1 | C10: ='CRONO P CAIXA'!F9 -> REMOÇÃO TELHAS | F10: =SUMIF('ORÇ.GLOBAL P CAIXA'!$V$12:$V$1011,B10,'ORÇ.GLOBAL P CAIXA'!$Z$12:$Z$1011) -> 0 | G10: =SUMIF('ORÇ.GLOBAL P CAIXA'!$V$12:$V$1011,B10,'ORÇ.GLOBAL P CAIXA'!$AA$12:$AA$1011) -> 3401.68 | H10: =SUMIF('ORÇ.GLOBAL P CAIXA'!$V$12:$V$1011,B10,'ORÇ.GLOBAL P CAIXA'!$AB$12:$AB$1011) -> 0 | I10: =SUMIF('ORÇ.GLOBAL P CAIXA'!$V$12:$V$1011,B10,'ORÇ.GLOBAL P CAIXA'!$AC$12:$AC$1011) -> 0 | J10: =SUM(F10:I10) -> 3401.68 | K10: =J10*100/$J$47 -> 8.144469
B11: ='CRONO P CAIXA'!E10 -> 2 | C11: ='CRONO P CAIXA'!F10 -> COBERTURA | F11: =SUMIF('ORÇ.GLOBAL P CAIXA'!$V$12:$V$1011,B11,'ORÇ.GLOBAL P CAIXA'!$Z$12:$Z$1011) -> 0 | G11: =SUMIF('ORÇ.GLOBAL P CAIXA'!$V$12:$V$1011,B11,'ORÇ.GLOBAL P CAIXA'!$AA$12:$AA$1011) -> 37818.07 | H11: =SUMIF('ORÇ.GLOBAL P CAIXA'!$V$12:$V$1011,B11,'ORÇ.GLOBAL P CAIXA'!$AB$12:$AB$1011) -> 0 | I11: =SUMIF('ORÇ.GLOBAL P CAIXA'!$V$12:$V$1011,B11,'ORÇ.GLOBAL P CAIXA'!$AC$12:$AC$1011) -> 0 | J11: =SUM(F11:I11) -> 37818.07 | K11: =J11*100/$J$47 -> 90.545877
B12: ='CRONO P CAIXA'!E11 -> 3 | C12: ='CRONO P CAIXA'!F11 -> BEIRAL PVC | F12: =SUMIF('ORÇ.GLOBAL P CAIXA'!$V$12:$V$1011,B12,'ORÇ.GLOBAL P CAIXA'!$Z$12:$Z$1011) -> 0 | G12: =SUMIF('ORÇ.GLOBAL P CAIXA'!$V$12:$V$1011,B12,'ORÇ.GLOBAL P CAIXA'!$AA$12:$AA$1011) -> 547 | H12: =SUMIF('ORÇ.GLOBAL P CAIXA'!$V$12:$V$1011,B12,'ORÇ.GLOBAL P CAIXA'!$AB$12:$AB$1011) -> 0 | I12: =SUMIF('ORÇ.GLOBAL P CAIXA'!$V$12:$V$1011,B12,'ORÇ.GLOBAL P CAIXA'!$AC$12:$AC$1011) -> 0 | J12: =SUM(F12:I12) -> 547 | K12: =J12*100/$J$47 -> 1.3096542
B13: ='CRONO P CAIXA'!E12 -> 0 | C13: ='CRONO P CAIXA'!F12 | F13: =SUMIF('ORÇ.GLOBAL P CAIXA'!$V$12:$V$1011,B13,'ORÇ.GLOBAL P CAIXA'!$Z$12:$Z$1011) -> 0 | G13: =SUMIF('ORÇ.GLOBAL P CAIXA'!$V$12:$V$1011,B13,'ORÇ.GLOBAL P CAIXA'!$AA$12:$AA$1011) -> 0 | H13: =SUMIF('ORÇ.GLOBAL P CAIXA'!$V$12:$V$1011,B13,'ORÇ.GLOBAL P CAIXA'!$AB$12:$AB$1011) -> 0 | I13: =SUMIF('ORÇ.GLOBAL P CAIXA'!$V$12:$V$1011,B13,'ORÇ.GLOBAL P CAIXA'!$AC$12:$AC$1011) -> 0 | J13: =SUM(F13:I13) -> 0 | K13: =J13*100/$J$47 -> 0
B14: ='CRONO P CAIXA'!E13 -> 0 | C14: ='CRONO P CAIXA'!F13 | F14: =SUMIF('ORÇ.GLOBAL P CAIXA'!$V$12:$V$1011,B14,'ORÇ.GLOBAL P CAIXA'!$Z$12:$Z$1011) -> 0 | G14: =SUMIF('ORÇ.GLOBAL P CAIXA'!$V$12:$V$1011,B14,'ORÇ.GLOBAL P CAIXA'!$AA$12:$AA$1011) -> 0 | H14: =SUMIF('ORÇ.GLOBAL P CAIXA'!$V$12:$V$1011,B14,'ORÇ.GLOBAL P CAIXA'!$AB$12:$AB$1011) -> 0 | I14: =SUMIF('ORÇ.GLOBAL P CAIXA'!$V$12:$V$1011,B14,'ORÇ.GLOBAL P CAIXA'!$AC$12:$AC$1011) -> 0 | J14: =SUM(F14:I14) -> 0 | K14: =J14*100/$J$47 -> 0
B15: ='CRONO P CAIXA'!E14 -> 0 | C15: ='CRONO P CAIXA'!F14 | F15: =SUMIF('ORÇ.GLOBAL P CAIXA'!$V$12:$V$1011,B15,'ORÇ.GLOBAL P CAIXA'!$Z$12:$Z$1011) -> 0 | G15: =SUMIF('ORÇ.GLOBAL P CAIXA'!$V$12:$V$1011,B15,'ORÇ.GLOBAL P CAIXA'!$AA$12:$AA$1011) -> 0 | H15: =SUMIF('ORÇ.GLOBAL P CAIXA'!$V$12:$V$1011,B15,'ORÇ.GLOBAL P CAIXA'!$AB$12:$AB$1011) -> 0 | I15: =SUMIF('ORÇ.GLOBAL P CAIXA'!$V$12:$V$1011,B15,'ORÇ.GLOBAL P CAIXA'!$AC$12:$AC$1011) -> 0 | J15: =SUM(F15:I15) -> 0 | K15: =J15*100/$J$47 -> 0
B16: ='CRONO P CAIXA'!E15 -> 0 | C16: ='CRONO P CAIXA'!F15 | F16: =SUMIF('ORÇ.GLOBAL P CAIXA'!$V$12:$V$1011,B16,'ORÇ.GLOBAL P CAIXA'!$Z$12:$Z$1011) -> 0 | G16: =SUMIF('ORÇ.GLOBAL P CAIXA'!$V$12:$V$1011,B16,'ORÇ.GLOBAL P CAIXA'!$AA$12:$AA$1011) -> 0 | H16: =SUMIF('ORÇ.GLOBAL P CAIXA'!$V$12:$V$1011,B16,'ORÇ.GLOBAL P CAIXA'!$AB$12:$AB$1011) -> 0 | I16: =SUMIF('ORÇ.GLOBAL P CAIXA'!$V$12:$V$1011,B16,'ORÇ.GLOBAL P CAIXA'!$AC$12:$AC$1011) -> 0 | J16: =SUM(F16:I16) -> 0 | K16: =J16*100/$J$47 -> 0
B17: ='CRONO P CAIXA'!E16 -> 0 | C17: ='CRONO P CAIXA'!F16 | F17: =SUMIF('ORÇ.GLOBAL P CAIXA'!$V$12:$V$1011,B17,'ORÇ.GLOBAL P CAIXA'!$Z$12:$Z$1011) -> 0 | G17: =SUMIF('ORÇ.GLOBAL P CAIXA'!$V$12:$V$1011,B17,'ORÇ.GLOBAL P CAIXA'!$AA$12:$AA$1011) -> 0 | H17: =SUMIF('ORÇ.GLOBAL P CAIXA'!$V$12:$V$1011,B17,'ORÇ.GLOBAL P CAIXA'!$AB$12:$AB$1011) -> 0 | I17: =SUMIF('ORÇ.GLOBAL P CAIXA'!$V$12:$V$1011,B17,'ORÇ.GLOBAL P CAIXA'!$AC$12:$AC$1011) -> 0 | J17: =SUM(F17:I17) -> 0 | K17: =J17*100/$J$47 -> 0
B18: ='CRONO P CAIXA'!E17 -> 0 | C18: ='CRONO P CAIXA'!F17 | F18: =SUMIF('ORÇ.GLOBAL P CAIXA'!$V$12:$V$1011,B18,'ORÇ.GLOBAL P CAIXA'!$Z$12:$Z$1011) -> 0 | G18: =SUMIF('ORÇ.GLOBAL P CAIXA'!$V$12:$V$1011,B18,'ORÇ.GLOBAL P CAIXA'!$AA$12:$AA$1011) -> 0 | H18: =SUMIF('ORÇ.GLOBAL P CAIXA'!$V$12:$V$1011,B18,'ORÇ.GLOBAL P CAIXA'!$AB$12:$AB$1011) -> 0 | I18: =SUMIF('ORÇ.GLOBAL P CAIXA'!$V$12:$V$1011,B18,'ORÇ.GLOBAL P CAIXA'!$AC$12:$AC$1011) -> 0 | J18: =SUM(F18:I18) -> 0 | K18: =J18*100/$J$47 -> 0
B19: ='CRONO P CAIXA'!E18 -> 0 | C19: ='CRONO P CAIXA'!F18 | F19: =SUMIF('ORÇ.GLOBAL P CAIXA'!$V$12:$V$1011,B19,'ORÇ.GLOBAL P CAIXA'!$Z$12:$Z$1011) -> 0 | G19: =SUMIF('ORÇ.GLOBAL P CAIXA'!$V$12:$V$1011,B19,'ORÇ.GLOBAL P CAIXA'!$AA$12:$AA$1011) -> 0 | H19: =SUMIF('ORÇ.GLOBAL P CAIXA'!$V$12:$V$1011,B19,'ORÇ.GLOBAL P CAIXA'!$AB$12:$AB$1011) -> 0 | I19: =SUMIF('ORÇ.GLOBAL P CAIXA'!$V$12:$V$1011,B19,'ORÇ.GLOBAL P CAIXA'!$AC$12:$AC$1011) -> 0 | J19: =SUM(F19:I19) -> 0 | K19: =J19*100/$J$47 -> 0
B20: ='CRONO P CAIXA'!E19 -> 0 | C20: ='CRONO P CAIXA'!F19 | F20: =SUMIF('ORÇ.GLOBAL P CAIXA'!$V$12:$V$1011,B20,'ORÇ.GLOBAL P CAIXA'!$Z$12:$Z$1011) -> 0 | G20: =SUMIF('ORÇ.GLOBAL P CAIXA'!$V$12:$V$1011,B20,'ORÇ.GLOBAL P CAIXA'!$AA$12:$AA$1011) -> 0 | H20: =SUMIF('ORÇ.GLOBAL P CAIXA'!$V$12:$V$1011,B20,'ORÇ.GLOBAL P CAIXA'!$AB$12:$AB$1011) -> 0 | I20: =SUMIF('ORÇ.GLOBAL P CAIXA'!$V$12:$V$1011,B20,'ORÇ.GLOBAL P CAIXA'!$AC$12:$AC$1011) -> 0 | J20: =SUM(F20:I20) -> 0 | K20: =J20*100/$J$47 -> 0
B21: ='CRONO P CAIXA'!E20 -> 0 | C21: ='CRONO P CAIXA'!F20 | F21: =SUMIF('ORÇ.GLOBAL P CAIXA'!$V$12:$V$1011,B21,'ORÇ.GLOBAL P CAIXA'!$Z$12:$Z$1011) -> 0 | G21: =SUMIF('ORÇ.GLOBAL P CAIXA'!$V$12:$V$1011,B21,'ORÇ.GLOBAL P CAIXA'!$AA$12:$AA$1011) -> 0 | H21: =SUMIF('ORÇ.GLOBAL P CAIXA'!$V$12:$V$1011,B21,'ORÇ.GLOBAL P CAIXA'!$AB$12:$AB$1011) -> 0 | I21: =SUMIF('ORÇ.GLOBAL P CAIXA'!$V$12:$V$1011,B21,'ORÇ.GLOBAL P CAIXA'!$AC$12:$AC$1011) -> 0 | J21: =SUM(F21:I21) -> 0 | K21: =J21*100/$J$47 -> 0
... B46: ='CRONO P CAIXA'!E45 -> 0 | C46: ='CRONO P CAIXA'!F45 | F46: =SUMIF('ORÇ.GLOBAL P CAIXA'!$V$12:$V$1011,B46,'ORÇ.GLOBAL P CAIXA'!$Z$12:$Z$1011) -> 0 | G46: =SUMIF('ORÇ.GLOBAL P CAIXA'!$V$12:$V$1011,B46,'ORÇ.GLOBAL P CAIXA'!$AA$12:$AA$1011) -> 0 | H46: =SUMIF('ORÇ.GLOBAL P CAIXA'!$V$12:$V$1011,B46,'ORÇ.GLOBAL P CAIXA'!$AB$12:$AB$1011) -> 0 | I46: =SUMIF('ORÇ.GLOBAL P CAIXA'!$V$12:$V$1011,B46,'ORÇ.GLOBAL P CAIXA'!$AC$12:$AC$1011) -> 0 | J46: =SUM(F46:I46) -> 0 | K46: =J46*100/$J$47 -> 0
D47: TOTAIS (R$) | F47: =SUM(F10:F46) -> 0 | G47: =SUM(G10:G46) -> 41766.75 | H47: =SUM(H10:H46) -> 0 | I47: =SUM(I10:I46) -> 0 | J47: =SUM(J10:J46) -> 41766.75
D48: INC. % | F48: =F47/$J$47 -> 0 | G48: =G47/$J$47 -> 1 | H48: =H47/$J$47 -> 0 | I48: =I47/$J$47 -> 0 | K48: =SUM(K10:K46) -> 100
E49: =IF(INFORMAÇÕES!S113<INFORMAÇÕES!S109,"Saldo de Repasse a reprogramar: ","Contrapartida Obrigatória: ") -> Contrapartida Obrigatória: | F49: =INFORMAÇÕES!S109-INFORMAÇÕES!S113 -> 0 | G49: =IF(INFORMAÇÕES!S113<INFORMAÇÕES!S109,,IF(INFORMAÇÕES!T110=0,ROUND(INFORMAÇÕES!S111,2),ROUND(INFORMAÇÕES!T110,2))) -> 0
E50: =IF(INFORMAÇÕES!S113<INFORMAÇÕES!S109,"Saldo de Contrapartida a reprogramar: ","Contrapartida Adicional: ") -> Contrapartida Adicional: | G50: =IF(INFORMAÇÕES!S113<INFORMAÇÕES!S109,ROUND(INFORMAÇÕES!S103*QCI!F49/100,2),ROUND(SUM(G47:I47)-G49,2)) -> 41766.75
H56: ='ORÇ.GLOBAL REF.'!C1017 -> 45414
C57: Prefeito Municipal de Castro | H57: Data

Sheet COMPOSIÇÕES
B1: COMPOSIÇÕES
B5: FONTE | C5: CÓDIGO | D5: DESCRIÇÃO | E5: UNID. | F5: COEFIC. | G5: CUSTO UNIT. | H5: CUSTO TOTAL | I5: FILTRO
I6: =I7 -> ocultar
B7: Composição 1 | C7: Comp 1 | D7: COMPOSIÇÃO PARAMÉTRICA PARA EXECUÇÃO DE COBERTURA EM CASAS COM ESTRUTURA DE PONTALETES DE MADEIRA, UMA ÁGUA, TELHA DE FIBROCIMENTO. | E7: m² | H7: =ROUND(SUM(H8:H23),2) -> 0 | I7: =IF(H7>0,"ok","ocultar") -> ocultar
H8: =F8*G8 -> 0 | I8: =IF(H8>0,"ok","ocultar") -> ocultar
H9: =F9*G9 -> 0 | I9: =IF(H9>0,"ok","ocultar") -> ocultar
H10: =F10*G10 -> 0 | I10: =IF(H10>0,"ok","ocultar") -> ocultar
H11: =F11*G11 -> 0 | I11: =IF(H11>0,"ok","ocultar") -> ocultar
H12: =F12*G12 -> 0 | I12: =IF(H12>0,"ok","ocultar") -> ocultar
H13: =F13*G13 -> 0 | I13: =IF(H13>0,"ok","ocultar") -> ocultar
H14: =F14*G14 -> 0 | I14: =IF(H14>0,"ok","ocultar") -> ocultar
H15: =F15*G15 -> 0 | I15: =IF(H15>0,"ok","ocultar") -> ocultar
H16: =F16*G16 -> 0 | I16: =IF(H16>0,"ok","ocultar") -> ocultar
H17: =F17*G17 -> 0 | I17: =IF(H17>0,"ok","ocultar") -> ocultar
H18: =F18*G18 -> 0 | I18: =IF(H18>0,"ok","ocultar") -> ocultar
H19: =F19*G19 -> 0 | I19: =IF(H19>0,"ok","ocultar") -> ocultar
... H22: =F22*G22 -> 0 | I22: =IF(H22>0,"ok","ocultar") -> ocultar
I23: =I24 -> ocultar
B24: Composição 2 | H24: =ROUND(SUM(H25:H40),2) -> 0 | I24: =IF(H24>0,"ok","ocultar") -> ocultar
H25: =F25*G25 -> 0 | I25: =IF(H25>0,"ok","ocultar") -> ocultar
H26: =F26*G26 -> 0 | I26: =IF(H26>0,"ok","ocultar") -> ocultar
H27: =F27*G27 -> 0 | I27: =IF(H27>0,"ok","ocultar") -> ocultar
H28: =F28*G28 -> 0 | I28: =IF(H28>0,"ok","ocultar") -> ocultar
H29: =F29*G29 -> 0 | I29: =IF(H29>0,"ok","ocultar") -> ocultar
H30: =F30*G30 -> 0 | I30: =IF(H30>0,"ok","ocultar") -> ocultar
H31: =F31*G31 -> 0 | I31: =IF(H31>0,"ok","ocultar") -> ocultar
H32: =F32*G32 -> 0 | I32: =IF(H32>0,"ok","ocultar") -> ocultar
H33: =F33*G33 -> 0 | I33: =IF(H33>0,"ok","ocultar") -> ocultar
H34: =F34*G34 -> 0 | I34: =IF(H34>0,"ok","ocultar") -> ocultar
H35: =F35*G35 -> 0 | I35: =IF(H35>0,"ok","ocultar") -> ocultar
H36: =F36*G36 -> 0 | I36: =IF(H36>0,"ok","ocultar") -> ocultar
... H39: =F39*G39 -> 0 | I39: =IF(H39>0,"ok","ocultar") -> ocultar
I40: =I41 -> ocultar
B41: Composição 3 | H41: =ROUND(SUM(H42:H57),2) -> 0 | I41: =IF(H41>0,"ok","ocultar") -> ocultar
H42: =F42*G42 -> 0 | I42: =IF(H42>0,"ok","ocultar") -> ocultar
H43: =F43*G43 -> 0 | I43: =IF(H43>0,"ok","ocultar") -> ocultar
H44: =F44*G44 -> 0 | I44: =IF(H44>0,"ok","ocultar") -> ocultar
H45: =F45*G45 -> 0 | I45: =IF(H45>0,"ok","ocultar") -> ocultar
H46: =F46*G46 -> 0 | I46: =IF(H46>0,"ok","ocultar") -> ocultar
H47: =F47*G47 -> 0 | I47: =IF(H47>0,"ok","ocultar") -> ocultar
H48: =F48*G48 -> 0 | I48: =IF(H48>0,"ok","ocultar") -> ocultar
H49: =F49*G49 -> 0 | I49: =IF(H49>0,"ok","ocultar") -> ocultar
H50: =F50*G50 -> 0 | I50: =IF(H50>0,"ok","ocultar") -> ocultar
H51: =F51*G51 -> 0 | I51: =IF(H51>0,"ok","ocultar") -> ocultar
H52: =F52*G52 -> 0 | I52: =IF(H52>0,"ok","ocultar") -> ocultar
H53: =F53*G53 -> 0 | I53: =IF(H53>0,"ok","ocultar") -> ocultar
... H56: =F56*G56 -> 0 | I56: =IF(H56>0,"ok","ocultar") -> ocultar
I57: =I58 -> ocultar
B58: Composição 4 | H58: =ROUND(SUM(H59:H74),2) -> 0 | I58: =IF(H58>0,"ok","ocultar") -> ocultar
H59: =F59*G59 -> 0 | I59: =IF(H59>0,"ok","ocultar") -> ocultar
H60: =F60*G60 -> 0 | I60: =IF(H60>0,"ok","ocultar") -> ocultar
H61: =F61*G61 -> 0 | I61: =IF(H61>0,"ok","ocultar") -> ocultar
H62: =F62*G62 -> 0 | I62: =IF(H62>0,"ok","ocultar") -> ocultar
H63: =F63*G63 -> 0 | I63: =IF(H63>0,"ok","ocultar") -> ocultar
H64: =F64*G64 -> 0 | I64: =IF(H64>0,"ok","ocultar") -> ocultar
H65: =F65*G65 -> 0 | I65: =IF(H65>0,"ok","ocultar") -> ocultar
H66: =F66*G66 -> 0 | I66: =IF(H66>0,"ok","ocultar") -> ocultar
H67: =F67*G67 -> 0 | I67: =IF(H67>0,"ok","ocultar") -> ocultar
H68: =F68*G68 -> 0 | I68: =IF(H68>0,"ok","ocultar") -> ocultar
H69: =F69*G69 -> 0 | I69: =IF(H69>0,"ok","ocultar") -> ocultar
H70: =F70*G70 -> 0 | I70: =IF(H70>0,"ok","ocultar") -> ocultar
... H73: =F73*G73 -> 0 | I73: =IF(H73>0,"ok","ocultar") -> ocultar
I74: =I75 -> ocultar
B75: Composição 5 | H75: =ROUND(SUM(H76:H91),2) -> 0 | I75: =IF(H75>0,"ok","ocultar") -> ocultar
H76: =F76*G76 -> 0 | I76: =IF(H76>0,"ok","ocultar") -> ocultar
H77: =F77*G77 -> 0 | I77: =IF(H77>0,"ok","ocultar") -> ocultar
H78: =F78*G78 -> 0 | I78: =IF(H78>0,"ok","ocultar") -> ocultar
H79: =F79*G79 -> 0 | I79: =IF(H79>0,"ok","ocultar") -> ocultar
H80: =F80*G80 -> 0 | I80: =IF(H80>0,"ok","ocultar") -> ocultar
H81: =F81*G81 -> 0 | I81: =IF(H81>0,"ok","ocultar") -> ocultar
H82: =F82*G82 -> 0 | I82: =IF(H82>0,"ok","ocultar") -> ocultar
H83: =F83*G83 -> 0 | I83: =IF(H83>0,"ok","ocultar") -> ocultar
H84: =F84*G84 -> 0 | I84: =IF(H84>0,"ok","ocultar") -> ocultar
H85: =F85*G85 -> 0 | I85: =IF(H85>0,"ok","ocultar") -> ocultar
H86: =F86*G86 -> 0 | I86: =IF(H86>0,"ok","ocultar") -> ocultar
H87: =F87*G87 -> 0 | I87: =IF(H87>0,"ok","ocultar") -> ocultar
... H90: =F90*G90 -> 0 | I90: =IF(H90>0,"ok","ocultar") -> ocultar
I91: =I92 -> ocultar
B92: Composição 6 | H92: =ROUND(SUM(H93:H108),2) -> 0 | I92: =IF(H92>0,"ok","ocultar") -> ocultar
H93: =F93*G93 -> 0 | I93: =IF(H93>0,"ok","ocultar") -> ocultar
H94: =F94*G94 -> 0 | I94: =IF(H94>0,"ok","ocultar") -> ocultar
H95: =F95*G95 -> 0 | I95: =IF(H95>0,"ok","ocultar") -> ocultar
H96: =F96*G96 -> 0 | I96: =IF(H96>0,"ok","ocultar") -> ocultar
H97: =F97*G97 -> 0 | I97: =IF(H97>0,"ok","ocultar") -> ocultar
H98: =F98*G98 -> 0 | I98: =IF(H98>0,"ok","ocultar") -> ocultar
H99: =F99*G99 -> 0 | I99: =IF(H99>0,"ok","ocultar") -> ocultar
H100: =F100*G100 -> 0 | I100: =IF(H100>0,"ok","ocultar") -> ocultar
H101: =F101*G101 -> 0 | I101: =IF(H101>0,"ok","ocultar") -> ocultar
H102: =F102*G102 -> 0 | I102: =IF(H102>0,"ok","ocultar") -> ocultar
H103: =F103*G103 -> 0 | I103: =IF(H103>0,"ok","ocultar") -> ocultar
H104: =F104*G104 -> 0 | I104: =IF(H104>0,"ok","ocultar") -> ocultar
... H107: =F107*G107 -> 0 | I107: =IF(H107>0,"ok","ocultar") -> ocultar
I108: =I109 -> ocultar
B109: Composição 7 | H109: =ROUND(SUM(H110:H125),2) -> 0 | I109: =IF(H109>0,"ok","ocultar") -> ocultar
H110: =F110*G110 -> 0 | I110: =IF(H110>0,"ok","ocultar") -> ocultar
H111: =F111*G111 -> 0 | I111: =IF(H111>0,"ok","ocultar") -> ocultar
H112: =F112*G112 -> 0 | I112: =IF(H112>0,"ok","ocultar") -> ocultar
H113: =F113*G113 -> 0 | I113: =IF(H113>0,"ok","ocultar") -> ocultar
H114: =F114*G114 -> 0 | I114: =IF(H114>0,"ok","ocultar") -> ocultar
H115: =F115*G115 -> 0 | I115: =IF(H115>0,"ok","ocultar") -> ocultar
...

Sheet BDI REF.
D1: Abaixo é possível lançar o BDI 1 e 2. | M1: =COUNTIF('ORÇ.GLOBAL P CAIXA'!$H$12:$H$1011,1) -> 0 | N1: =IF(M1>0,CONCATENATE("(1) ",I5," ",K5*100,"%","; "),"") | R1: I | S1: TIPO | T1: 1º QUARTIL | U1: MÉDIO | V1: 3º QUARTIL | W1: =VLOOKUP(C6,$L$14:$M$19,2,FALSE()) -> 1 | X1: 1º QUARTIL | Y1: MÉDIO | Z1: 3º QUARTIL | AA1: PROPOSTO | AC1: BDI 1
B2: Composição do BDI 1 - Padrão | M2: =COUNTIF('ORÇ.GLOBAL P CAIXA'!$H$12:$H$1011,2) -> 0 | N2: =IF(M2=0,"",IF(K6=0,"",CONCATENATE("(2) ",I6," ",K6*100,"%","; "))) | R2: 10 | S2: Construção de edifícios | T2: 0.2034 | U2: 0.2212 | V2: 0.25 | W2: =W1*10 -> 10 | X2: =VLOOKUP($W2,$R$2:$V$55,3) -> 0.2034 | Y2: =VLOOKUP($W2,$R$2:$V$55,4) -> 0.2212 | Z2: =VLOOKUP($W2,$R$2:$V$55,5) -> 0.25
B3: =CONCATENATE('ORÇ.GLOBAL REF.'!D6," ",'ORÇ.GLOBAL REF.'!G6) -> Nº do Contrato de Repasse/Financ.: | M3: =COUNTIF('ORÇ.GLOBAL P CAIXA'!$H$12:$H$1011,3) -> 0 | N3: =IF(M3=0,"",IF(K7=0,"(3) SEM BDI",CONCATENATE("(3) ",I7," ",K7*100,"%."))) | R3: =R2+1 -> 11 | S3: Administração Central | T3: 0.03 | U3: 0.04 | V3: 0.055 | W3: =IF(W$2=10,(R3),IF(W$2=20,(R3+10),IF(W$2=30,(R3+20),IF(W$2=40,(R3+30),IF(W$2=50,(R3+40),IF(W$2=60,(R3+50))))))) -> 11 | X3: =VLOOKUP($W3,$R$2:$V$55,3) -> 0.03 | Y3: =VLOOKUP($W3,$R$2:$V$55,4) -> 0.04 | Z3: =VLOOKUP($W3,$R$2:$V$55,5) -> 0.055 | AA3: =F16 -> 0.04
B4: =CONCATENATE('ORÇ.GLOBAL REF.'!B8," ",'ORÇ.GLOBAL REF.'!C8) -> Empreendimento: SUBSTITUIÇÃO TELHAS UBS SOCAVÃO | H4: Nº | I4: ▼ BDI ▼ | R4: =R3+1 -> 12 | S4: Seguro e Garantia | T4: 0.008 | U4: 0.008 | V4: 0.01 | W4: =IF(W$2=10,(R4),IF(W$2=20,(R4+10),IF(W$2=30,(R4+20),IF(W$2=40,(R4+30),IF(W$2=50,(R4+40),IF(W$2=60,(R4+50))))))) -> 12 | X4: =VLOOKUP($W4,$R$2:$V$55,3) -> 0.008 | Y4: =VLOOKUP($W4,$R$2:$V$55,4) -> 0.008 | Z4: =VLOOKUP($W4,$R$2:$V$55,5) -> 0.01 | AA4: =F17 -> 0.008
B5: =CONCATENATE('ORÇ.GLOBAL REF.'!B6," ",'ORÇ.GLOBAL REF.'!C6) -> Programa: | H5: 1 | I5: =IF(ISERROR(M12),"Rever BDI em 'Composição do BDI 1'",C6) -> Construção de edifícios | K5: =IF(N20<>0,ROUND(AB13,4),ROUND(AB12,4)) -> 0.2056 | M5: =COUNTIF('ORÇ.GLOBAL REF.'!$H$12:$H$1011,1) -> 0 | N5: =IF(M5>0,CONCATENATE("(1) ",I5," ",K5*100,"%","; "),"") | R5: =R4+1 -> 13 | S5: Risco | T5: 0.0097 | U5: 0.0127 | V5: 0.0127 | W5: =IF(W$2=10,(R5),IF(W$2=20,(R5+10),IF(W$2=30,(R5+20),IF(W$2=40,(R5+30),IF(W$2=50,(R5+40),IF(W$2=60,(R5+50))))))) -> 13 | X5: =VLOOKUP($W5,$R$2:$V$55,3) -> 0.0097 | Y5: =VLOOKUP($W5,$R$2:$V$55,4) -> 0.0127 | Z5: =VLOOKUP($W5,$R$2:$V$55,5) -> 0.0127 | AA5: =F18 -> 0.0127
B6: Tipo de obra: | C6: Construção de edifícios | H6: 2 | I6: =IF(ISERROR(M13),"Rever BDI em 'Composição do BDI 2'",C51) -> Rever BDI em 'Composição do BDI 2' | K6: =IF(N20<>0,ROUND(AB27,4),ROUND(AB26,4)) -> 0 | M6: =COUNTIF('ORÇ.GLOBAL REF.'!$H$12:$H$1011,2) -> 0 | N6: =IF(M6=0,"",IF(K6=0,"",CONCATENATE("(2) ",I6," ",K6*100,"%","; "))) | R6: =R5+1 -> 14 | S6: Despesas Financeiras | T6: 0.0059 | U6: 0.0123 | V6: 0.0139 | W6: =IF(W$2=10,(R6),IF(W$2=20,(R6+10),IF(W$2=30,(R6+20),IF(W$2=40,(R6+30),IF(W$2=50,(R6+40),IF(W$2=60,(R6+50))))))) -> 14 | X6: =VLOOKUP($W6,$R$2:$V$55,3) -> 0.0059 | Y6: =VLOOKUP($W6,$R$2:$V$55,4) -> 0.0123 | Z6: =VLOOKUP($W6,$R$2:$V$55,5) -> 0.0139 | AA6: =F19 -> 0.0123
A7: 1 | H7: 3 | I7: Inserir outro tipo - Se necessário: | M7: =COUNTIF('ORÇ.GLOBAL REF.'!$H$12:$H$1011,3) -> 0 | N7: =IF(M7=0,"",IF(K7=0,"(3) SEM BDI",CONCATENATE("; (3) ",I7," ",K7*100,"%."))) | R7: =R6+1 -> 15 | S7: Lucro | T7: 0.0616 | U7: 0.074 | V7: 0.0896 | W7: =IF(W$2=10,(R7),IF(W$2=20,(R7+10),IF(W$2=30,(R7+20),IF(W$2=40,(R7+30),IF(W$2=50,(R7+40),IF(W$2=60,(R7+50))))))) -> 15 | X7: =VLOOKUP($W7,$R$2:$V$55,3) -> 0.0616 | Y7: =VLOOKUP($W7,$R$2:$V$55,4) -> 0.074 | Z7: =VLOOKUP($W7,$R$2:$V$55,5) -> 0.0896 | AA7: =F20 -> 0.0616
A8: 2 | B8: Conforme Lei n°13.161/15, este orçamento está enquadrado em relação a DESONERAÇÃO da folha de pagamento: | R8: =R7+1 -> 16 | S8: PIS e COFINS | W8: =IF(W$2=10,(R8),IF(W$2=20,(R8+10),IF(W$2=30,(R8+20),IF(W$2=40,(R8+30),IF(W$2=50,(R8+40),IF(W$2=60,(R8+50))))))) -> 16 | AA8: =F21 -> 0.0365
A9: 3 | R9: =R8+1 -> 17 | S9: ISSQN | W9: =IF(W$2=10,(R9),IF(W$2=20,(R9+10),IF(W$2=30,(R9+20),IF(W$2=40,(R9+30),IF(W$2=50,(R9+40),IF(W$2=60,(R9+50))))))) -> 17 | AA9: =F25 -> 0.018
A10: 4 | B10: SEM DESONERAÇÃO | R10: =R9+1 -> 18 | S10: Cont.Prev s/Rec.Bruta (Lei 12844/13 - Desoneração) | W10: =IF(W$2=10,(R10),IF(W$2=20,(R10+10),IF(W$2=30,(R10+20),IF(W$2=40,(R10+30),IF(W$2=50,(R10+40),IF(W$2=60,(R10+50))))))) -> 18 | AA10: =F26 -> 0.045
A11: 5 | R11: 20 | S11: Construção de rodovias e ferrovias | T11: 0.196 | U11: 0.2097 | V11: 0.2423
A12: 6 | L12: BDI 1 | M12: =VLOOKUP(C6,L14:M19,2,) -> 1 | R12: =R3+10 -> 21 | S12: =S$3 -> Administração Central | T12: 0.038 | U12: 0.0401 | V12: 0.0467 | X12: BDI C = [(1+AC+S+G+R)X(1+DF)X(1+L)/(1-I1-I2)]-1 | AB12: =ROUND(((1+AA3+AA4+AA5)*(1+AA6)*(1+AA7)/(1-AA8-AA9)-1),4) -> 0.2056 | AC12: =IF(AB12<X2,"ATENÇÃO! BDI inferior ao 1º quartil - OBRIGATÓRIA APRESENTAÇÃO DE JUSTIFICATIVA!",IF(AB12>Z2,"ATENÇÃO! BDI superior ao 3º quartil - OBRIGATÓRIA APRESENTAÇÃO DE JUSTIFICATIVA!",""))
L13: BDI 2 | M13: =VLOOKUP(C51,L14:M19,2,) -> #N/A | R13: =R4+10 -> 22 | S13: =S$4 -> Seguro e Garantia | T13: 0.0032 | U13: 0.004 | V13: 0.0074 | X13: BDI S = [(1+AC+S+G+R)X(1+DF)X(1+L)/(1-I1-I2-I3)]-1 | AB13: =ROUND(((1+AA3+AA4+AA5)*(1+AA6)*(1+AA7)/(1-AA8-AA9-AA10)-1),4) -> 0.2658
C14: Intervalo de admissibilidade | L14: Construção de edifícios | M14: 1 | N14: Informe a base de cálculo do ISSQN. | R14: =R5+10 -> 23 | S14: =S$5 -> Risco | T14: 0.005 | U14: 0.0056 | V14: 0.0097 | AC14: BDI 2
B15: Item Componente do BDI | C15: 1º Quartil | D15: Médio | E15: 3º Quartil | F15: Valores Propostos | L15: Construção de rodovias e ferrovias | M15: 2 | N15: =IF(N16<>0,"","( X )") -> ( X ) | O15: SOBRE SERVIÇOS | R15: =R6+10 -> 24 | S15: =S$6 -> Despesas Financeiras | T15: 0.0102 | U15: 0.0111 | V15: 0.0121 | W15: =VLOOKUP(C51,$L$14:$M$19,2,FALSE()) -> #N/A | X15: 1º QUARTIL | Y15: MÉDIO | Z15: 3º QUARTIL | AA15: PROPOSTO
B16: AC: Administração Central | C16: =X3 -> 0.03 | D16: =Y3 -> 0.04 | E16: =Z3 -> 0.055 | F16: 0.04 | G16: =IF(F16=0,"",IF(F16<C16,"Atenção, observar os intervalos!",IF(F16>E16,"Atenção, observar os intervalos!",""))) | L16: Construção de redes de abastecimento de água, coleta de esgoto e construções correlatas | M16: 3 | O16: SOBRE MÃO-DE-OBRA | R16: =R7+10 -> 25 | S16: =S$7 -> Lucro | T16: 0.0664 | U16: 0.073 | V16: 0.0869 | W16: =$W$15*10 -> #N/A | X16: =VLOOKUP($W16,$R$2:$V$55,3) -> #N/A | Y16: =VLOOKUP($W16,$R$2:$V$55,4) -> #N/A | Z16: =VLOOKUP($W16,$R$2:$V$55,5) -> #N/A
B17: S: Seguro e Garantia | C17: =X4 -> 0.008 | D17: =Y4 -> 0.008 | E17: =Z4 -> 0.01 | F17: 0.008 | G17: =IF(F17=0,"",IF(F17<C17,"Atenção, observar os intervalos!",IF(F17>E17,"Atenção, observar os intervalos!",""))) | L17: Construção e manutenção de estações e redes de distribuição de energia elétrica | M17: 4 | N17: Informe a ocorrência da DESONERAÇÃO da folha de pagamento. Lei 12844/2013. | R17: =R8+10 -> 26 | S17: =S$8 -> PIS e COFINS | W17: =IF(W$16=10,(R3),IF(W$16=20,(R3+10),IF(W$16=30,(R3+20),IF(W$16=40,(R3+30),IF(W$16=50,(R3+40),IF(W$16=60,(R3+50))))))) -> #N/A | X17: =VLOOKUP($W17,$R$2:$V$55,3) -> #N/A | Y17: =VLOOKUP($W17,$R$2:$V$55,4) -> #N/A | Z17: =VLOOKUP($W17,$R$2:$V$55,5) -> #N/A | AA17: =F61 -> 0
B18: R: Risco | C18: =X5 -> 0.0097 | D18: =Y5 -> 0.0127 | E18: =Z5 -> 0.0127 | F18: 0.0127 | G18: =IF(F18=0,"",IF(F18<C18,"Atenção, observar os intervalos!",IF(F18>E18,"Atenção, observar os intervalos!",""))) | L18: Obras portuárias, marítimas e fluviais | M18: 5 | O18: *** ESCOLHER COM OU SEM DESONERAÇÃO *** | R18: =R9+10 -> 27 | S18: =S$9 -> ISSQN | W18: =IF(W$16=10,(R4),IF(W$16=20,(R4+10),IF(W$16=30,(R4+20),IF(W$16=40,(R4+30),IF(W$16=50,(R4+40),IF(W$16=60,(R4+50))))))) -> #N/A | X18: =VLOOKUP($W18,$R$2:$V$55,3) -> #N/A | Y18: =VLOOKUP($W18,$R$2:$V$55,4) -> #N/A | Z18: =VLOOKUP($W18,$R$2:$V$55,5) -> #N/A | AA18: =F62 -> 0
B19: DF: Despesas Financeiras | C19: =X6 -> 0.0059 | D19: =Y6 -> 0.0123 | E19: =Z6 -> 0.0139 | F19: 0.0123 | G19: =IF(F19=0,"",IF(F19<C19,"Atenção, observar os intervalos!",IF(F19>E19,"Atenção, observar os intervalos!",""))) | L19: Fornecimento de materiais e equipamentos | M19: 6 | N19: =IF(N20<>0,0,"( X )") -> ( X ) | O19: SEM DESONERAÇÃO | R19: =R10+10 -> 28 | S19: =S$10 -> Cont.Prev s/Rec.Bruta (Lei 12844/13 - Desoneração) | W19: =IF(W$16=10,(R5),IF(W$16=20,(R5+10),IF(W$16=30,(R5+20),IF(W$16=40,(R5+30),IF(W$16=50,(R5+40),IF(W$16=60,(R5+50))))))) -> #N/A | X19: =VLOOKUP($W19,$R$2:$V$55,3) -> #N/A | Y19: =VLOOKUP($W19,$R$2:$V$55,4) -> #N/A | Z19: =VLOOKUP($W19,$R$2:$V$55,5) -> #N/A | AA19: =F63 -> 0
B20: L: Lucro | C20: =X7 -> 0.0616 | D20: =Y7 -> 0.074 | E20: =Z7 -> 0.0896 | F20: 0.0616 | G20: =IF(F20=0,"",IF(F20<C20,"Atenção, observar os intervalos!",IF(F20>E20,"Atenção, observar os intervalos!",""))) | N20: =IF(B10=O20,"( X )",0) -> 0 | O20: COM DESONERAÇÃO | R20: 30 | S20: Construção de redes de abastecimento de água, coletora de esgoto e construções correlatas | T20: 0.2076 | U20: 0.2418 | V20: 0.2644 | W20: =IF(W$16=10,(R6),IF(W$16=20,(R6+10),IF(W$16=30,(R6+20),IF(W$16=40,(R6+30),IF(W$16=50,(R6+40),IF(W$16=60,(R6+50))))))) -> #N/A | X20: =VLOOKUP($W20,$R$2:$V$55,3) -> #N/A | Y20: =VLOOKUP($W20,$R$2:$V$55,4) -> #N/A | Z20: =VLOOKUP($W20,$R$2:$V$55,5) -> #N/A | AA20: =F64 -> 0
B21: I1: PIS e COFINS | F21: 0.0365 | L21: BDI incluso no custo unit? | R21: =R12+10 -> 31 | S21: =S$3 -> Administração Central | T21: 0.0343 | U21: 0.0493 | V21: 0.0671 | W21: =IF(W$16=10,(R7),IF(W$16=20,(R7+10),IF(W$16=30,(R7+20),IF(W$16=40,(R7+30),IF(W$16=50,(R7+40),IF(W$16=60,(R7+50))))))) -> #N/A | X21: =VLOOKUP($W21,$R$2:$V$55,3) -> #N/A | Y21: =VLOOKUP($W21,$R$2:$V$55,4) -> #N/A | Z21: =VLOOKUP($W21,$R$2:$V$55,5) -> #N/A | AA21: =F65 -> 0
B22: ISSQN (conforme legislação municipal) | G22: =X1 -> 1º QUARTIL | H22: =Y1 -> MÉDIO | I22: =Z1 -> 3º QUARTIL | L22: ( X ) | M22: SIM | R22: =R13+10 -> 32 | S22: =S$4 -> Seguro e Garantia | T22: 0.0028 | U22: 0.0049 | V22: 0.0075 | W22: =IF(W$16=10,(R8),IF(W$16=20,(R8+10),IF(W$16=30,(R8+20),IF(W$16=40,(R8+30),IF(W$16=50,(R8+40),IF(W$16=60,(R8+50))))))) -> #N/A | AA22: =F66 -> 0
B23: A base de cálculo do ISSQN é: | D23: (A) Alíquota ISS: | F23: (B) Base de Cálculo: | G23: =X2 -> 0.2034 | H23: =Y2 -> 0.2212 | I23: =Z2 -> 0.25 | L23: =IF(L22<>0,"","( X )") | M23: NÃO | R23: =R14+10 -> 33 | S23: =S$5 -> Risco | T23: 0.01 | U23: 0.0139 | V23: 0.0174 | W23: =IF(W$16=10,(R9),IF(W$16=20,(R9+10),IF(W$16=30,(R9+20),IF(W$16=40,(R9+30),IF(W$16=50,(R9+40),IF(W$16=60,(R9+50))))))) -> #N/A | AA23: =F70 -> 0
B24: SOBRE MÃO-DE-OBRA | D24: 0.03 | F24: 0.6 | R24: =R15+10 -> 34 | S24: =S$6 -> Despesas Financeiras | T24: 0.0094 | U24: 0.0099 | V24: 0.0117 | W24: =IF(W$16=10,(R10),IF(W$16=20,(R10+10),IF(W$16=30,(R10+20),IF(W$16=40,(R10+30),IF(W$16=50,(R10+40),IF(W$16=60,(R10+50))))))) -> #N/A | AA24: =F71 -> 0.045
B25: I2: ISSQN (para fins de orçamento) - (A) x (B) | F25: =D24*F24 -> 0.018 | R25: =R16+10 -> 35 | S25: =S$7 -> Lucro | T25: 0.0674 | U25: 0.0804 | V25: 0.094
B26: I3: Cont.Prev s/Rec.Bruta (Lei n°13.161/15 - Desoneração) | F26: 0.045 | R26: =R17+10 -> 36 | S26: =S$8 -> PIS e COFINS | X26: BDI C = [(1+AC+S+G+R)X(1+DF)X(1+L)/(1-I1-I2)]-1 | AB26: =ROUND(((1+AA17+AA18+AA19)*(1+AA20)*(1+AA21)/(1-AA22-AA23)-1),4) -> 0 | AC26: =IF(AB26<X16,"ATENÇÃO! BDI inferior ao 1º quartil - OBRIGATÓRIA APRESENTAÇÃO DE JUSTIFICATIVA!",IF(AB26>Z16,"ATENÇÃO! BDI superior ao 3º quartil - OBRIGATÓRIA APRESENTAÇÃO DE JUSTIFICATIVA!","")) -> #N/A
B27: BDI incluso no custo unit? | C27: ( X ) | D27: SIM | E27: =IF(C27<>0,"","( X )") | F27: NÃO | R27: =R18+10 -> 37 | S27: =S$9 -> ISSQN | X27: BDI S = [(1+AC+S+G+R)X(1+DF)X(1+L)/(1-I1-I2-I3)]-1 | AB27: =ROUND(((1+AA17+AA18+AA19)*(1+AA20)*(1+AA21)/(1-AA22-AA23-AA24)-1),4) -> 0.0471
B28: BDI conforme Acórdão 2622/2013 - TCU | F28: =ROUND((((1+SUM(F$16:F$18))*(1+F$19)*(1+F$20))/(1-SUM(F$21,F$25)))-1,4) -> 0.2056 | G28: =AC12 | R28: =R19+10 -> 38 | S28: =S$10 -> Cont.Prev s/Rec.Bruta (Lei 12844/13 - Desoneração)
B29: BDI Adotado (com desoneração) | F29: =ROUND((((1+SUM(F$16:F$18))*(1+F$19)*(1+F$20))/(1-SUM(F$21,F$25,F26)))-1,4) -> 0.2658 | R29: 40 | S29: Construção e manutenção de estações e redes de distribuição de energia elétrica | T29: 0.24 | U29: 0.2584 | V29: 0.2786
R30: =R21+10 -> 41 | S30: =S$3 -> Administração Central | T30: 0.0529 | U30: 0.0592 | V30: 0.0793
B31: Declaramos que esta planilha foi elaborada conforme equação para cálculo do percentual do BDI recomendada pelo Acórdão 2622/2013 - TCU, representada pela fórmula abaixo. | M31: ▼Digite o Encargo social (hora)▼ | R31: =R22+10 -> 42 | S31: =S$4 -> Seguro e Garantia | T31: 0.0025 | U31: 0.0051 | V31: 0.0056
R32: =R23+10 -> 43 | S32: =S$5 -> Risco | T32: 0.01 | U32: 0.0148 | V32: 0.0197
B33: BDI - SEM Desoneração = [(1+AC+S+G+R)X(1+DF)X(1+L)/(1-I1-I2)]-1 | M33: =IF(N20>0,88.33,117.57) -> 117.57 | R33: =R24+10 -> 44 | S33: =S$6 -> Despesas Financeiras | T33: 0.0101 | U33: 0.0107 | V33: 0.0111
B34: BDI - COM Desoneração = [(1+AC+S+G+R)X(1+DF)X(1+L)/(1-I1-I2-I3)]-1 | M34: ▼Digite o Encargo social (mês)▼ | R34: =R25+10 -> 45 | S34: =S$7 -> Lucro | T34: 0.08 | U34: 0.0831 | V34: 0.0951
R35: =R26+10 -> 46 | S35: =S$8 -> PIS e COFINS
B36: ____________________________________________ | R36: =R27+10 -> 47 | S36: =S$9 -> ISSQN
B37: Responsável Técnico do Município de Castro | M37: =IF(N20>0,50.67,74.17) -> 74.17 | R37: =R28+10 -> 48 | S37: =S$10 -> Cont.Prev s/Rec.Bruta (Lei 12844/13 - Desoneração)
B38: Carimbo e Assinatura | R38: 50 | S38: Obras portuárias, marítimas e fluviais | T38: 0.228 | U38: 0.2748 | V38: 0.3095
B39: Declarações do Tomador dos Recursos: | R39: =R30+10 -> 51 | S39: =S$3 -> Administração Central | T39: 0.04 | U39: 0.0552 | V39: 0.0785
B40: =CONCATENATE("Declaro, conforme legislação tributária municipal, que a alíquota do ISS é de ",D24*100,"%, que a sua base de cálculo é ",B24,", e para fins de orçamento considera-se a incidência de ",F24*100,"% sobre o valor total do orçamento."," Declaro, ainda, que a alternativa mais adequada para a Administração Pública, no caso desta obra em referência, é a adoção do ORÇAMENTO ",B10,", considerando-se a Lei n°13.161/2015 que trata da desoneração sobre a folha de pagamento.") -> Declaro, conforme legislação tributária municipal, que a alíquota do ISS é de 3%, que a sua base de cálculo é SOBRE MÃO-DE-OBRA, e para fins de orçamento considera-se a incidência de 60% sobre o valor total do orçamento. Declaro, ainda, que a alternativa mais adequada para a Administração Pública, no caso desta obra em referência, é a adoção do ORÇAMENTO SEM DESONERAÇÃO, considerando-se a Lei n°13.161/2015 que trata da desoneração sobre a folha de pagamento. | R40: =R31+10 -> 52 | S40: =S$4 -> Seguro e Garantia | T40: 0.0081 | U40: 0.0122 | V40: 0.0199
B41: x________________________________________________________ | R41: =R32+10 -> 53 | S41: =S$5 -> Risco | T41: 0.0146 | U41: 0.0232 | V41: 0.0316
B42: Nome: | R42: =R33+10 -> 54 | S42: =S$6 -> Despesas Financeiras | T42: 0.0094 | U42: 0.0102 | V42: 0.0133
B43: Cargo (respons legal): | R43: =R34+10 -> 55 | S43: =S$7 -> Lucro | T43: 0.0714 | U43: 0.084 | V43: 0.1043
B44: CPF: | R44: =R35+10 -> 56 | S44: =S$8 -> PIS e COFINS
R45: =R36+10 -> 57 | S45: =S$9 -> ISSQN
R46: =R37+10 -> 58 | S46: =S$10 -> Cont.Prev s/Rec.Bruta (Lei 12844/13 - Desoneração)
B47: Composição do BDI 2 - Diferenciado | R47: 60 | S47: Fornecimento de materiais e equipamentos | T47: 0.111 | U47: 0.1402 | V47: 0.168
B48: =B3 -> Nº do Contrato de Repasse/Financ.: | R48: =R39+10 -> 61 | S48: =S$3 -> Administração Central | T48: 0.015 | U48: 0.0345 | V48: 0.0449
B49: =B4 -> Empreendimento: SUBSTITUIÇÃO TELHAS UBS SOCAVÃO | R49: =R40+10 -> 62 | S49: =S$4 -> Seguro e Garantia | T49: 0.003 | U49: 0.0048 | V49: 0.0082
B50: =B5 -> Programa: | R50: =R41+10 -> 63 | S50: =S$5 -> Risco | T50: 0.0056 | U50: 0.0085 | V50: 0.0089
B51: Tipo de obra: | C51: *** ESCOLHER O TIPO DE OBRA *** | R51: =R42+10 -> 64 | S51: =S$6 -> Despesas Financeiras | T51: 0.0085 | U51: 0.0085 | V51: 0.0111
R52: =R43+10 -> 65 | S52: =S$7 -> Lucro | T52: 0.035 | U52: 0.0511 | V52: 0.0622
B53: Conforme Lei n°13.161/15, este orçamento está enquadrado em relação a DESONERAÇÃO da folha de pagamento: | R53: =R44+10 -> 66 | S53: =S$8 -> PIS e COFINS
R54: =R45+10 -> 67 | S54: =S$9 -> ISSQN
B55: =B10 -> SEM DESONERAÇÃO | R55: =R46+10 -> 68 | S55: =S$10 -> Cont.Prev s/Rec.Bruta (Lei 12844/13 - Desoneração)
C59: Intervalo de admissibilidade
B60: Item Componente do BDI | C60: 1º Quartil | D60: Médio | E60: 3º Quartil | F60: Valores Propostos
B61: AC: Administração Central | C61: =X17 -> #N/A | D61: =Y17 -> #N/A | E61: =Z17 -> #N/A | G61: =IF(F61=0,"",IF(F61<C61,"Atenção, observar os intervalos!",IF(F61>E61,"Atenção, observar os intervalos!","")))
B62: S: Seguro e Garantia | C62: =X18 -> #N/A | D62: =Y18 -> #N/A | E62: =Z18 -> #N/A | G62: =IF(F62=0,"",IF(F62<C62,"Atenção, observar os intervalos!",IF(F62>E62,"Atenção, observar os intervalos!","")))
B63: R: Risco | C63: =X19 -> #N/A | D63: =Y19 -> #N/A | E63: =Z19 -> #N/A | G63: =IF(F63=0,"",IF(F63<C63,"Atenção, observar os intervalos!",IF(F63>E63,"Atenção, observar os intervalos!","")))
B64: DF: Despesas Financeiras | C64: =X20 -> #N/A | D64: =Y20 -> #N/A | E64: =Z20 -> #N/A | G64: =IF(F64=0,"",IF(F64<C64,"Atenção, observar os intervalos!",IF(F64>E64,"Atenção, observar os intervalos!","")))
B65: L: Lucro | C65: =X21 -> #N/A | D65: =Y21 -> #N/A | E65: =Z21 -> #N/A | G65: =IF(F65=0,"",IF(F65<C65,"Atenção, observar os intervalos!",IF(F65>E65,"Atenção, observar os intervalos!","")))
B66: I1: PIS e COFINS
B67: ISSQN (conforme legislação municipal)
B68: A base de cálculo do ISSQN é: | D68: (A) Alíquota ISS: | F68: (B) Base de Cálculo:
B69: SOBRE MÃO-DE-OBRA
B70: I2: ISSQN (para fins de orçamento) - (A) x (B) | F70: =D69*F69 -> 0
B71: I3: Cont.Prev s/Rec.Bruta (Lei n°13.161/15 - Desoneração) | F71: 0.045
B72: BDI incluso no custo unit? | C72: ( X ) | D72: SIM | E72: =IF(C72<>0,"","( X )") | F72: NÃO
B73: BDI conforme Acórdão 2622/2013 - TCU | F73: =ROUND((((1+SUM(F$61:F$63))*(1+F$64)*(1+F$65))/(1-SUM(F$66,F$70)))-1,4) -> 0 | G73: =AC26 -> #N/A
B74: BDI Adotado (com desoneração) | F74: =ROUND((((1+SUM(F$61:F$63))*(1+F$64)*(1+F$65))/(1-SUM(F$66,F$70,F$71)))-1,4) -> 0.0471
B76: Declaramos que esta planilha foi elaborada conforme equação para cálculo do percentual do BDI recomendada pelo Acórdão 2622/2013 - TCU, representada pela fórmula abaixo.
B78: BDI - SEM Desoneração = [(1+AC+S+G+R)X(1+DF)X(1+L)/(1-I1-I2)]-1
B79: BDI - COM Desoneração = [(1+AC+S+G+R)X(1+DF)X(1+L)/(1-I1-I2-I3)]-1
B81: ____________________________________________
B82: Responsável Técnico do Município de Castro
B83: Carimbo e Assinatura
B84: Declarações do Tomador dos Recursos:
B85: =CONCATENATE("Declaro, conforme legislação tributária municipal, que a alíquota do ISS é de ",D69*100,"%, que a sua base de cálculo é ",B69,", e para fins de orçamento considera-se a incidência de ",F69*100,"% sobre o valor total do orçamento."," Declaro, ainda, que a alternativa mais adequada para a Administração Pública, no caso desta obra em referência, é a adoção do ORÇAMENTO ",B55,", considerando-se a Lei n°13.161/2015 que trata da desoneração sobre a folha de pagamento.") -> Declaro, conforme legislação tributária municipal, que a alíquota do ISS é de 0%, que a sua base de cálculo é SOBRE MÃO-DE-OBRA, e para fins de orçamento considera-se a incidência de 0% sobre o valor total do orçamento. Declaro, ainda, que a alternativa mais adequada para a Administração Pública, no caso desta obra em referência, é a adoção do ORÇAMENTO SEM DESONERAÇÃO, considerando-se a Lei n°13.161/2015 que trata da desoneração sobre a folha de pagamento.
B86: x________________________________________________________
B87: Nome: | C87: =IF(C42>0,C42,"")
B88: Cargo (respons legal): | C88: =IF(C43>0,C43,"")
B89: CPF: | C89: =IF(C44>0,C44,"")

Sheet ORÇ.GLOBAL REF.
E1: PLANILHA DE ORÇAMENTO GLOBAL | L1: =IF(D2="","Calcule o BDI na guia 'BDI REF.'","")
B2: =IF('ORÇ.GLOBAL P CAIXA'!P2=0,"Digite o número da ART/RRT de Orçamento na guia 'ORÇ.GLOBAL P CAIXA'",CONCATENATE('ORÇ.GLOBAL P CAIXA'!M2," ",'ORÇ.GLOBAL P CAIXA'!P2)) -> Digite o número da ART/RRT de Orçamento na guia 'ORÇ.GLOBAL P CAIXA' | D2: =IF(AND('BDI REF.'!K5=0,'BDI REF.'!K6=0),'BDI REF.'!N7,IF('BDI REF.'!N20<>0,(CONCATENATE("* BDI COM Desoneração: ",'BDI REF.'!N5,'BDI REF.'!N6,'BDI REF.'!N7)),(CONCATENATE("* BDI SEM Desoneração: ",'BDI REF.'!N5,'BDI REF.'!N6,'BDI REF.'!N7)))) -> * BDI SEM Desoneração:
B4: Tomador: | C4: =INFORMAÇÕES!Q5 -> MUNICÍPIO DE CASTRO | D4: Data base do orçamento: | G4: ='ORÇ.GLOBAL P CAIXA'!G4 -> 45414 | J4: Encargos sociais s/ M.O.
B6: Programa: | C6: =IF(INFORMAÇÕES!Q16>0,INFORMAÇÕES!Q16,"") | D6: Nº do Contrato de Repasse/Financ.: | G6: =IF(INFORMAÇÕES!Q7>0,CONCATENATE(INFORMAÇÕES!Q7,"/",INFORMAÇÕES!Q10,"/",INFORMAÇÕES!Q15),"") | J6: =CONCATENATE('BDI REF.'!M33,"% (hora)") -> 117,57% (hora)
B8: Empreendimento: | C8: =IF(INFORMAÇÕES!Q6="","PREENCHA O NOME DA OBRA NA GUIA 'INFORMAÇÕES'",INFORMAÇÕES!Q6) -> SUBSTITUIÇÃO TELHAS UBS SOCAVÃO | J8: =CONCATENATE('BDI REF.'!M37,"% (mês)") -> 74,17% (mês)
B10: ITEM | C10: DESCRIÇÃO DO SERVIÇO | D10: UND | E10: QTDE | F10: =G1014 -> 41766.75 | H10: BDI* | I10: Fonte¹ | J10: CÓDIGO SINAPI | M10: SINOPSE DE SERVIÇOS
F11: PREÇO UNIT. | G11: TOTAL | J11: ou OUTROS | M11: CONCEDENTE | N11: PROPONENTE | O11: TOTAL | R11: TOTAL | S11: APROPRIAR O MACRO ITEM | T11: CONTAR OS ITENS | U11: APROPRIAR OS CABEÇALHOS DE MACRO ITEM | V11: CONTAR OS CABEÇALHOS DE MACRO ITENS
A12: 1 | B12: =IF('ORÇ.GLOBAL P CAIXA'!K12="EXEC.",0,'ORÇ.GLOBAL P CAIXA'!M12) -> 1 | C12: =IF('ORÇ.GLOBAL P CAIXA'!K12="EXEC.",0,'ORÇ.GLOBAL P CAIXA'!O12) -> REMOÇÃO TELHAS | D12: =IF('ORÇ.GLOBAL P CAIXA'!K12="EXEC.",0,'ORÇ.GLOBAL P CAIXA'!P12) -> 0 | E12: =IF('ORÇ.GLOBAL P CAIXA'!K12="EXEC.",0,ROUND('ORÇ.GLOBAL P CAIXA'!Q12,2)) -> 0 | F12: =IF('ORÇ.GLOBAL P CAIXA'!K12="EXEC.",0,TRUNC((1+(IF(OR(H12=0,H12=""),'BDI REF.'!$K$5,CHOOSE(H12,'BDI REF.'!$K$5,'BDI REF.'!$K$6,'BDI REF.'!$K$7))))*'ORÇ.GLOBAL P CAIXA'!R12,2)) -> 0 | G12: =IF('ORÇ.GLOBAL P CAIXA'!K12="EXEC.",0,IF(E12<>0,ROUND(E12*F12,2),IF(R12=0,(SUMIF($S$12:$S$1011,B12,$R$12:$R$1011)),R12))) -> 3401.68 | H12: =IF('ORÇ.GLOBAL P CAIXA'!K12="EXEC.","",IF('ORÇ.GLOBAL P CAIXA'!H12>0,'ORÇ.GLOBAL P CAIXA'!H12,"")) | I12: =IF('ORÇ.GLOBAL P CAIXA'!K12="EXEC.","",IF('ORÇ.GLOBAL P CAIXA'!I12>0,'ORÇ.GLOBAL P CAIXA'!I12,"")) | J12: =IF('ORÇ.GLOBAL P CAIXA'!K12="EXEC.","",IF('ORÇ.GLOBAL P CAIXA'!J12>0,'ORÇ.GLOBAL P CAIXA'!J12,"")) | L12: =IF(B12>0,"ok","ocultar") -> ok | M12: =ROUND(IF($O12<>0,$O12*(INFORMAÇÕES!$T$113/INFORMAÇÕES!$T$117),0),2) -> 0 | N12: =ROUND(IF($O12<>0,$O12*(INFORMAÇÕES!$T$114/INFORMAÇÕES!$T$117),0),2) -> 3401.68 | O12: =IF(E12=0,G12,0) -> 3401.68 | R12: =IF(E12<>0,G12,0) -> 0 | S12: =IF(B12=0,S11,IF(ISNONTEXT(B12)=TRUE(),INT(B12),INT(LEFT(B12,FIND(".",B12)-1)))) -> 1 | T12: =IF(T13=1,1,IF(B12<>0,1,IF(C12<>0,1,IF(D12<>0,1,IF('ORÇ.GLOBAL REF.'!E12<>0,1,""))))) -> 1 | U12: =IF(S12=0," ",IF(S12<>S11,S12," ")) -> 1 | V12: =COUNT(U12:U1011) -> 3
A13: 2 | B13: =IF('ORÇ.GLOBAL P CAIXA'!K13="EXEC.",0,'ORÇ.GLOBAL P CAIXA'!M13) -> 1.1 | C13: =IF('ORÇ.GLOBAL P CAIXA'!K13="EXEC.",0,'ORÇ.GLOBAL P CAIXA'!O13) -> REMOÇÃO DE TELHAS DE FIBROCIMENTO METÁLICA E CERÂMICA, DE FORMA MANUAL, SEM REAPROVEITAMENTO. AF_09/2023 | D13: =IF('ORÇ.GLOBAL P CAIXA'!K13="EXEC.",0,'ORÇ.GLOBAL P CAIXA'!P13) -> M2 | E13: =IF('ORÇ.GLOBAL P CAIXA'!K13="EXEC.",0,ROUND('ORÇ.GLOBAL P CAIXA'!Q13,2)) -> 629.94 | F13: =IF('ORÇ.GLOBAL P CAIXA'!K13="EXEC.",0,TRUNC((1+(IF(OR(H13=0,H13=""),'BDI REF.'!$K$5,CHOOSE(H13,'BDI REF.'!$K$5,'BDI REF.'!$K$6,'BDI REF.'!$K$7))))*'ORÇ.GLOBAL P CAIXA'!R13,2)) -> 5.4 | G13: =IF('ORÇ.GLOBAL P CAIXA'!K13="EXEC.",0,IF(E13<>0,ROUND(E13*F13,2),IF(R13=0,(SUMIF($S$12:$S$1011,B13,$R$12:$R$1011)),R13))) -> 3401.68 | H13: =IF('ORÇ.GLOBAL P CAIXA'!K13="EXEC.","",IF('ORÇ.GLOBAL P CAIXA'!H13>0,'ORÇ.GLOBAL P CAIXA'!H13,"")) | I13: =IF('ORÇ.GLOBAL P CAIXA'!K13="EXEC.","",IF('ORÇ.GLOBAL P CAIXA'!I13>0,'ORÇ.GLOBAL P CAIXA'!I13,"")) | J13: =IF('ORÇ.GLOBAL P CAIXA'!K13="EXEC.","",IF('ORÇ.GLOBAL P CAIXA'!J13>0,'ORÇ.GLOBAL P CAIXA'!J13,"")) -> 97647 | L13: =IF(B13>0,"ok","ocultar") -> ok | M13: =ROUND(IF($O13<>0,$O13*(INFORMAÇÕES!$T$113/INFORMAÇÕES!$T$117),0),2) -> 0 | N13: =ROUND(IF($O13<>0,$O13*(INFORMAÇÕES!$T$114/INFORMAÇÕES!$T$117),0),2) -> 0 | O13: =IF(E13=0,G13,0) -> 0 | R13: =IF(E13<>0,G13,0) -> 3401.68 | S13: =IF(B13=0,S12,IF(ISNONTEXT(B13)=TRUE(),INT(B13),INT(LEFT(B13,FIND(".",B13)-1)))) -> 1 | T13: =IF(T14=1,1,IF(B13<>0,1,IF(C13<>0,1,IF(D13<>0,1,IF('ORÇ.GLOBAL REF.'!E13<>0,1,""))))) -> 1 | U13: =IF(S13=0," ",IF(S13<>S12,S13," "))
A14: 3 | B14: =IF('ORÇ.GLOBAL P CAIXA'!K14="EXEC.",0,'ORÇ.GLOBAL P CAIXA'!M14) -> 2 | C14: =IF('ORÇ.GLOBAL P CAIXA'!K14="EXEC.",0,'ORÇ.GLOBAL P CAIXA'!O14) -> COBERTURA | D14: =IF('ORÇ.GLOBAL P CAIXA'!K14="EXEC.",0,'ORÇ.GLOBAL P CAIXA'!P14) -> 0 | E14: =IF('ORÇ.GLOBAL P CAIXA'!K14="EXEC.",0,ROUND('ORÇ.GLOBAL P CAIXA'!Q14,2)) -> 0 | F14: =IF('ORÇ.GLOBAL P CAIXA'!K14="EXEC.",0,TRUNC((1+(IF(OR(H14=0,H14=""),'BDI REF.'!$K$5,CHOOSE(H14,'BDI REF.'!$K$5,'BDI REF.'!$K$6,'BDI REF.'!$K$7))))*'ORÇ.GLOBAL P CAIXA'!R14,2)) -> 0 | G14: =IF('ORÇ.GLOBAL P CAIXA'!K14="EXEC.",0,IF(E14<>0,ROUND(E14*F14,2),IF(R14=0,(SUMIF($S$12:$S$1011,B14,$R$12:$R$1011)),R14))) -> 37818.07 | H14: =IF('ORÇ.GLOBAL P CAIXA'!K14="EXEC.","",IF('ORÇ.GLOBAL P CAIXA'!H14>0,'ORÇ.GLOBAL P CAIXA'!H14,"")) | I14: =IF('ORÇ.GLOBAL P CAIXA'!K14="EXEC.","",IF('ORÇ.GLOBAL P CAIXA'!I14>0,'ORÇ.GLOBAL P CAIXA'!I14,"")) | J14: =IF('ORÇ.GLOBAL P CAIXA'!K14="EXEC.","",IF('ORÇ.GLOBAL P CAIXA'!J14>0,'ORÇ.GLOBAL P CAIXA'!J14,"")) | L14: =IF(B14>0,"ok","ocultar") -> ok | M14: =ROUND(IF($O14<>0,$O14*(INFORMAÇÕES!$T$113/INFORMAÇÕES!$T$117),0),2) -> 0 | N14: =ROUND(IF($O14<>0,$O14*(INFORMAÇÕES!$T$114/INFORMAÇÕES!$T$117),0),2) -> 37818.07 | O14: =IF(E14=0,G14,0) -> 37818.07 | R14: =IF(E14<>0,G14,0) -> 0 | S14: =IF(B14=0,S13,IF(ISNONTEXT(B14)=TRUE(),INT(B14),INT(LEFT(B14,FIND(".",B14)-1)))) -> 2 | T14: =IF(T15=1,1,IF(B14<>0,1,IF(C14<>0,1,IF(D14<>0,1,IF('ORÇ.GLOBAL REF.'!E14<>0,1,""))))) -> 1 | U14: =IF(S14=0," ",IF(S14<>S13,S14," ")) -> 2
A15: 4 | B15: =IF('ORÇ.GLOBAL P CAIXA'!K15="EXEC.",0,'ORÇ.GLOBAL P CAIXA'!M15) -> 2.1 | C15: =IF('ORÇ.GLOBAL P CAIXA'!K15="EXEC.",0,'ORÇ.GLOBAL P CAIXA'!O15) -> TELHAMENTO COM TELHA ONDULADA DE FIBROCIMENTO E = 6 MM, COM RECOBRIMENTO LATERAL DE 1/4 DE ONDA PARA TELHADO COM INCLINAÇÃO MAIOR QUE 10°, COM ATÉ 2 ÁGUAS, INCLUSO IÇAMENTO. AF_07/2019 | D15: =IF('ORÇ.GLOBAL P CAIXA'!K15="EXEC.",0,'ORÇ.GLOBAL P CAIXA'!P15) -> M2 | E15: =IF('ORÇ.GLOBAL P CAIXA'!K15="EXEC.",0,ROUND('ORÇ.GLOBAL P CAIXA'!Q15,2)) -> 629.94 | F15: =IF('ORÇ.GLOBAL P CAIXA'!K15="EXEC.",0,TRUNC((1+(IF(OR(H15=0,H15=""),'BDI REF.'!$K$5,CHOOSE(H15,'BDI REF.'!$K$5,'BDI REF.'!$K$6,'BDI REF.'!$K$7))))*'ORÇ.GLOBAL P CAIXA'!R15,2)) -> 55.2 | G15: =IF('ORÇ.GLOBAL P CAIXA'!K15="EXEC.",0,IF(E15<>0,ROUND(E15*F15,2),IF(R15=0,(SUMIF($S$12:$S$1011,B15,$R$12:$R$1011)),R15))) -> 34772.69 | H15: =IF('ORÇ.GLOBAL P CAIXA'!K15="EXEC.","",IF('ORÇ.GLOBAL P CAIXA'!H15>0,'ORÇ.GLOBAL P CAIXA'!H15,"")) | I15: =IF('ORÇ.GLOBAL P CAIXA'!K15="EXEC.","",IF('ORÇ.GLOBAL P CAIXA'!I15>0,'ORÇ.GLOBAL P CAIXA'!I15,"")) | J15: =IF('ORÇ.GLOBAL P CAIXA'!K15="EXEC.","",IF('ORÇ.GLOBAL P CAIXA'!J15>0,'ORÇ.GLOBAL P CAIXA'!J15,"")) -> 94207 | L15: =IF(B15>0,"ok","ocultar") -> ok | M15: =ROUND(IF($O15<>0,$O15*(INFORMAÇÕES!$T$113/INFORMAÇÕES!$T$117),0),2) -> 0 | N15: =ROUND(IF($O15<>0,$O15*(INFORMAÇÕES!$T$114/INFORMAÇÕES!$T$117),0),2) -> 0 | O15: =IF(E15=0,G15,0) -> 0 | R15: =IF(E15<>0,G15,0) -> 34772.69 | S15: =IF(B15=0,S14,IF(ISNONTEXT(B15)=TRUE(),INT(B15),INT(LEFT(B15,FIND(".",B15)-1)))) -> 2 | T15: =IF(T16=1,1,IF(B15<>0,1,IF(C15<>0,1,IF(D15<>0,1,IF('ORÇ.GLOBAL REF.'!E15<>0,1,""))))) -> 1 | U15: =IF(S15=0," ",IF(S15<>S14,S15," "))
A16: 5 | B16: =IF('ORÇ.GLOBAL P CAIXA'!K16="EXEC.",0,'ORÇ.GLOBAL P CAIXA'!M16) -> 2.2 | C16: =IF('ORÇ.GLOBAL P CAIXA'!K16="EXEC.",0,'ORÇ.GLOBAL P CAIXA'!O16) -> CUMEEIRA PARA TELHA DE FIBROCIMENTO ONDULADA E = 6 MM, INCLUSO ACESSÓRIOS DE FIXAÇÃO E IÇAMENTO. AF_07/2019 | D16: =IF('ORÇ.GLOBAL P CAIXA'!K16="EXEC.",0,'ORÇ.GLOBAL P CAIXA'!P16) -> M | E16: =IF('ORÇ.GLOBAL P CAIXA'!K16="EXEC.",0,ROUND('ORÇ.GLOBAL P CAIXA'!Q16,2)) -> 34 | F16: =IF('ORÇ.GLOBAL P CAIXA'!K16="EXEC.",0,TRUNC((1+(IF(OR(H16=0,H16=""),'BDI REF.'!$K$5,CHOOSE(H16,'BDI REF.'!$K$5,'BDI REF.'!$K$6,'BDI REF.'!$K$7))))*'ORÇ.GLOBAL P CAIXA'!R16,2)) -> 89.57 | G16: =IF('ORÇ.GLOBAL P CAIXA'!K16="EXEC.",0,IF(E16<>0,ROUND(E16*F16,2),IF(R16=0,(SUMIF($S$12:$S$1011,B16,$R$12:$R$1011)),R16))) -> 3045.38 | H16: =IF('ORÇ.GLOBAL P CAIXA'!K16="EXEC.","",IF('ORÇ.GLOBAL P CAIXA'!H16>0,'ORÇ.GLOBAL P CAIXA'!H16,"")) | I16: =IF('ORÇ.GLOBAL P CAIXA'!K16="EXEC.","",IF('ORÇ.GLOBAL P CAIXA'!I16>0,'ORÇ.GLOBAL P CAIXA'!I16,"")) | J16: =IF('ORÇ.GLOBAL P CAIXA'!K16="EXEC.","",IF('ORÇ.GLOBAL P CAIXA'!J16>0,'ORÇ.GLOBAL P CAIXA'!J16,"")) -> 94223 | L16: =IF(B16>0,"ok","ocultar") -> ok | M16: =ROUND(IF($O16<>0,$O16*(INFORMAÇÕES!$T$113/INFORMAÇÕES!$T$117),0),2) -> 0 | N16: =ROUND(IF($O16<>0,$O16*(INFORMAÇÕES!$T$114/INFORMAÇÕES!$T$117),0),2) -> 0 | O16: =IF(E16=0,G16,0) -> 0 | R16: =IF(E16<>0,G16,0) -> 3045.38 | S16: =IF(B16=0,S15,IF(ISNONTEXT(B16)=TRUE(),INT(B16),INT(LEFT(B16,FIND(".",B16)-1)))) -> 2 | T16: =IF(T17=1,1,IF(B16<>0,1,IF(C16<>0,1,IF(D16<>0,1,IF('ORÇ.GLOBAL REF.'!E16<>0,1,""))))) -> 1 | U16: =IF(S16=0," ",IF(S16<>S15,S16," "))
A17: 6 | B17: =IF('ORÇ.GLOBAL P CAIXA'!K17="EXEC.",0,'ORÇ.GLOBAL P CAIXA'!M17) -> 3 | C17: =IF('ORÇ.GLOBAL P CAIXA'!K17="EXEC.",0,'ORÇ.GLOBAL P CAIXA'!O17) -> BEIRAL PVC | D17: =IF('ORÇ.GLOBAL P CAIXA'!K17="EXEC.",0,'ORÇ.GLOBAL P CAIXA'!P17) -> 0 | E17: =IF('ORÇ.GLOBAL P CAIXA'!K17="EXEC.",0,ROUND('ORÇ.GLOBAL P CAIXA'!Q17,2)) -> 0 | F17: =IF('ORÇ.GLOBAL P CAIXA'!K17="EXEC.",0,TRUNC((1+(IF(OR(H17=0,H17=""),'BDI REF.'!$K$5,CHOOSE(H17,'BDI REF.'!$K$5,'BDI REF.'!$K$6,'BDI REF.'!$K$7))))*'ORÇ.GLOBAL P CAIXA'!R17,2)) -> 0 | G17: =IF('ORÇ.GLOBAL P CAIXA'!K17="EXEC.",0,IF(E17<>0,ROUND(E17*F17,2),IF(R17=0,(SUMIF($S$12:$S$1011,B17,$R$12:$R$1011)),R17))) -> 547 | H17: =IF('ORÇ.GLOBAL P CAIXA'!K17="EXEC.","",IF('ORÇ.GLOBAL P CAIXA'!H17>0,'ORÇ.GLOBAL P CAIXA'!H17,"")) | I17: =IF('ORÇ.GLOBAL P CAIXA'!K17="EXEC.","",IF('ORÇ.GLOBAL P CAIXA'!I17>0,'ORÇ.GLOBAL P CAIXA'!I17,"")) | J17: =IF('ORÇ.GLOBAL P CAIXA'!K17="EXEC.","",IF('ORÇ.GLOBAL P CAIXA'!J17>0,'ORÇ.GLOBAL P CAIXA'!J17,"")) | L17: =IF(B17>0,"ok","ocultar") -> ok | M17: =ROUND(IF($O17<>0,$O17*(INFORMAÇÕES!$T$113/INFORMAÇÕES!$T$117),0),2) -> 0 | N17: =ROUND(IF($O17<>0,$O17*(INFORMAÇÕES!$T$114/INFORMAÇÕES!$T$117),0),2) -> 547 | O17: =IF(E17=0,G17,0) -> 547 | R17: =IF(E17<>0,G17,0) -> 0 | S17: =IF(B17=0,S16,IF(ISNONTEXT(B17)=TRUE(),INT(B17),INT(LEFT(B17,FIND(".",B17)-1)))) -> 3 | T17: =IF(T18=1,1,IF(B17<>0,1,IF(C17<>0,1,IF(D17<>0,1,IF('ORÇ.GLOBAL REF.'!E17<>0,1,""))))) -> 1 | U17: =IF(S17=0," ",IF(S17<>S16,S17," ")) -> 3
A18: 7 | B18: =IF('ORÇ.GLOBAL P CAIXA'!K18="EXEC.",0,'ORÇ.GLOBAL P CAIXA'!M18) -> 3.1 | C18: =IF('ORÇ.GLOBAL P CAIXA'!K18="EXEC.",0,'ORÇ.GLOBAL P CAIXA'!O18) -> FORRO EM RÉGUAS DE PVC, LISO, PARA AMBIENTES RESIDENCIAIS, INCLUSIVE ESTRUTURA UNIDIRECIONAL DE FIXAÇÃO. AF_08/2023_PS | D18: =IF('ORÇ.GLOBAL P CAIXA'!K18="EXEC.",0,'ORÇ.GLOBAL P CAIXA'!P18) -> M2 | E18: =IF('ORÇ.GLOBAL P CAIXA'!K18="EXEC.",0,ROUND('ORÇ.GLOBAL P CAIXA'!Q18,2)) -> 5 | F18: =IF('ORÇ.GLOBAL P CAIXA'!K18="EXEC.",0,TRUNC((1+(IF(OR(H18=0,H18=""),'BDI REF.'!$K$5,CHOOSE(H18,'BDI REF.'!$K$5,'BDI REF.'!$K$6,'BDI REF.'!$K$7))))*'ORÇ.GLOBAL P CAIXA'!R18,2)) -> 109.4 | G18: =IF('ORÇ.GLOBAL P CAIXA'!K18="EXEC.",0,IF(E18<>0,ROUND(E18*F18,2),IF(R18=0,(SUMIF($S$12:$S$1011,B18,$R$12:$R$1011)),R18))) -> 547 | H18: =IF('ORÇ.GLOBAL P CAIXA'!K18="EXEC.","",IF('ORÇ.GLOBAL P CAIXA'!H18>0,'ORÇ.GLOBAL P CAIXA'!H18,"")) | I18: =IF('ORÇ.GLOBAL P CAIXA'!K18="EXEC.","",IF('ORÇ.GLOBAL P CAIXA'!I18>0,'ORÇ.GLOBAL P CAIXA'!I18,"")) | J18: =IF('ORÇ.GLOBAL P CAIXA'!K18="EXEC.","",IF('ORÇ.GLOBAL P CAIXA'!J18>0,'ORÇ.GLOBAL P CAIXA'!J18,"")) -> 96485 | L18: =IF(B18>0,"ok","ocultar") -> ok | M18: =ROUND(IF($O18<>0,$O18*(INFORMAÇÕES!$T$113/INFORMAÇÕES!$T$117),0),2) -> 0 | N18: =ROUND(IF($O18<>0,$O18*(INFORMAÇÕES!$T$114/INFORMAÇÕES!$T$117),0),2) -> 0 | O18: =IF(E18=0,G18,0) -> 0 | R18: =IF(E18<>0,G18,0) -> 547 | S18: =IF(B18=0,S17,IF(ISNONTEXT(B18)=TRUE(),INT(B18),INT(LEFT(B18,FIND(".",B18)-1)))) -> 3 | T18: =IF(T19=1,1,IF(B18<>0,1,IF(C18<>0,1,IF(D18<>0,1,IF('ORÇ.GLOBAL REF.'!E18<>0,1,""))))) -> 1 | U18: =IF(S18=0," ",IF(S18<>S17,S18," "))
A19: 8 | B19: =IF('ORÇ.GLOBAL P CAIXA'!K19="EXEC.",0,'ORÇ.GLOBAL P CAIXA'!M19) -> 0 | C19: =IF('ORÇ.GLOBAL P CAIXA'!K19="EXEC.",0,'ORÇ.GLOBAL P CAIXA'!O19) -> 0 | D19: =IF('ORÇ.GLOBAL P CAIXA'!K19="EXEC.",0,'ORÇ.GLOBAL P CAIXA'!P19) -> 0 | E19: =IF('ORÇ.GLOBAL P CAIXA'!K19="EXEC.",0,ROUND('ORÇ.GLOBAL P CAIXA'!Q19,2)) -> 0 | F19: =IF('ORÇ.GLOBAL P CAIXA'!K19="EXEC.",0,TRUNC((1+(IF(OR(H19=0,H19=""),'BDI REF.'!$K$5,CHOOSE(H19,'BDI REF.'!$K$5,'BDI REF.'!$K$6,'BDI REF.'!$K$7))))*'ORÇ.GLOBAL P CAIXA'!R19,2)) -> 0 | G19: =IF('ORÇ.GLOBAL P CAIXA'!K19="EXEC.",0,IF(E19<>0,ROUND(E19*F19,2),IF(R19=0,(SUMIF($S$12:$S$1011,B19,$R$12:$R$1011)),R19))) -> 0 | H19: =IF('ORÇ.GLOBAL P CAIXA'!K19="EXEC.","",IF('ORÇ.GLOBAL P CAIXA'!H19>0,'ORÇ.GLOBAL P CAIXA'!H19,"")) | I19: =IF('ORÇ.GLOBAL P CAIXA'!K19="EXEC.","",IF('ORÇ.GLOBAL P CAIXA'!I19>0,'ORÇ.GLOBAL P CAIXA'!I19,"")) | J19: =IF('ORÇ.GLOBAL P CAIXA'!K19="EXEC.","",IF('ORÇ.GLOBAL P CAIXA'!J19>0,'ORÇ.GLOBAL P CAIXA'!J19,"")) | L19: =IF(B19>0,"ok","ocultar") -> ocultar | M19: =ROUND(IF($O19<>0,$O19*(INFORMAÇÕES!$T$113/INFORMAÇÕES!$T$117),0),2) -> 0 | N19: =ROUND(IF($O19<>0,$O19*(INFORMAÇÕES!$T$114/INFORMAÇÕES!$T$117),0),2) -> 0 | O19: =IF(E19=0,G19,0) -> 0 | R19: =IF(E19<>0,G19,0) -> 0 | S19: =IF(B19=0,S18,IF(ISNONTEXT(B19)=TRUE(),INT(B19),INT(LEFT(B19,FIND(".",B19)-1)))) -> 3 | T19: =IF(T20=1,1,IF(B19<>0,1,IF(C19<>0,1,IF(D19<>0,1,IF('ORÇ.GLOBAL REF.'!E19<>0,1,""))))) | U19: =IF(S19=0," ",IF(S19<>S18,S19," "))
A20: 9 | B20: =IF('ORÇ.GLOBAL P CAIXA'!K20="EXEC.",0,'ORÇ.GLOBAL P CAIXA'!M20) -> 0 | C20: =IF('ORÇ.GLOBAL P CAIXA'!K20="EXEC.",0,'ORÇ.GLOBAL P CAIXA'!O20) -> 0 | D20: =IF('ORÇ.GLOBAL P CAIXA'!K20="EXEC.",0,'ORÇ.GLOBAL P CAIXA'!P20) -> 0 | E20: =IF('ORÇ.GLOBAL P CAIXA'!K20="EXEC.",0,ROUND('ORÇ.GLOBAL P CAIXA'!Q20,2)) -> 0 | F20: =IF('ORÇ.GLOBAL P CAIXA'!K20="EXEC.",0,TRUNC((1+(IF(OR(H20=0,H20=""),'BDI REF.'!$K$5,CHOOSE(H20,'BDI REF.'!$K$5,'BDI REF.'!$K$6,'BDI REF.'!$K$7))))*'ORÇ.GLOBAL P CAIXA'!R20,2)) -> 0 | G20: =IF('ORÇ.GLOBAL P CAIXA'!K20="EXEC.",0,IF(E20<>0,ROUND(E20*F20,2),IF(R20=0,(SUMIF($S$12:$S$1011,B20,$R$12:$R$1011)),R20))) -> 0 | H20: =IF('ORÇ.GLOBAL P CAIXA'!K20="EXEC.","",IF('ORÇ.GLOBAL P CAIXA'!H20>0,'ORÇ.GLOBAL P CAIXA'!H20,"")) | I20: =IF('ORÇ.GLOBAL P CAIXA'!K20="EXEC.","",IF('ORÇ.GLOBAL P CAIXA'!I20>0,'ORÇ.GLOBAL P CAIXA'!I20,"")) | J20: =IF('ORÇ.GLOBAL P CAIXA'!K20="EXEC.","",IF('ORÇ.GLOBAL P CAIXA'!J20>0,'ORÇ.GLOBAL P CAIXA'!J20,"")) | L20: =IF(B20>0,"ok","ocultar") -> ocultar | M20: =ROUND(IF($O20<>0,$O20*(INFORMAÇÕES!$T$113/INFORMAÇÕES!$T$117),0),2) -> 0 | N20: =ROUND(IF($O20<>0,$O20*(INFORMAÇÕES!$T$114/INFORMAÇÕES!$T$117),0),2) -> 0 | O20: =IF(E20=0,G20,0) -> 0 | R20: =IF(E20<>0,G20,0) -> 0 | S20: =IF(B20=0,S19,IF(ISNONTEXT(B20)=TRUE(),INT(B20),INT(LEFT(B20,FIND(".",B20)-1)))) -> 3 | T20: =IF(T21=1,1,IF(B20<>0,1,IF(C20<>0,1,IF(D20<>0,1,IF('ORÇ.GLOBAL REF.'!E20<>0,1,""))))) | U20: =IF(S20=0," ",IF(S20<>S19,S20," "))
A21: 10 | B21: =IF('ORÇ.GLOBAL P CAIXA'!K21="EXEC.",0,'ORÇ.GLOBAL P CAIXA'!M21) -> 0 | C21: =IF('ORÇ.GLOBAL P CAIXA'!K21="EXEC.",0,'ORÇ.GLOBAL P CAIXA'!O21) -> 0 | D21: =IF('ORÇ.GLOBAL P CAIXA'!K21="EXEC.",0,'ORÇ.GLOBAL P CAIXA'!P21) -> 0 | E21: =IF('ORÇ.GLOBAL P CAIXA'!K21="EXEC.",0,ROUND('ORÇ.GLOBAL P CAIXA'!Q21,2)) -> 0 | F21: =IF('ORÇ.GLOBAL P CAIXA'!K21="EXEC.",0,TRUNC((1+(IF(OR(H21=0,H21=""),'BDI REF.'!$K$5,CHOOSE(H21,'BDI REF.'!$K$5,'BDI REF.'!$K$6,'BDI REF.'!$K$7))))*'ORÇ.GLOBAL P CAIXA'!R21,2)) -> 0 | G21: =IF('ORÇ.GLOBAL P CAIXA'!K21="EXEC.",0,IF(E21<>0,ROUND(E21*F21,2),IF(R21=0,(SUMIF($S$12:$S$1011,B21,$R$12:$R$1011)),R21))) -> 0 | H21: =IF('ORÇ.GLOBAL P CAIXA'!K21="EXEC.","",IF('ORÇ.GLOBAL P CAIXA'!H21>0,'ORÇ.GLOBAL P CAIXA'!H21,"")) | I21: =IF('ORÇ.GLOBAL P CAIXA'!K21="EXEC.","",IF('ORÇ.GLOBAL P CAIXA'!I21>0,'ORÇ.GLOBAL P CAIXA'!I21,"")) | J21: =IF('ORÇ.GLOBAL P CAIXA'!K21="EXEC.","",IF('ORÇ.GLOBAL P CAIXA'!J21>0,'ORÇ.GLOBAL P CAIXA'!J21,"")) | L21: =IF(B21>0,"ok","ocultar") -> ocultar | M21: =ROUND(IF($O21<>0,$O21*(INFORMAÇÕES!$T$113/INFORMAÇÕES!$T$117),0),2) -> 0 | N21: =ROUND(IF($O21<>0,$O21*(INFORMAÇÕES!$T$114/INFORMAÇÕES!$T$117),0),2) -> 0 | O21: =IF(E21=0,G21,0) -> 0 | R21: =IF(E21<>0,G21,0) -> 0 | S21: =IF(B21=0,S20,IF(ISNONTEXT(B21)=TRUE(),INT(B21),INT(LEFT(B21,FIND(".",B21)-1)))) -> 3 | T21: =IF(T22=1,1,IF(B21<>0,1,IF(C21<>0,1,IF(D21<>0,1,IF('ORÇ.GLOBAL REF.'!E21<>0,1,""))))) | U21: =IF(S21=0," ",IF(S21<>S20,S21," "))
A22: 11 | B22: =IF('ORÇ.GLOBAL P CAIXA'!K22="EXEC.",0,'ORÇ.GLOBAL P CAIXA'!M22) -> 0 | C22: =IF('ORÇ.GLOBAL P CAIXA'!K22="EXEC.",0,'ORÇ.GLOBAL P CAIXA'!O22) -> 0 | D22: =IF('ORÇ.GLOBAL P CAIXA'!K22="EXEC.",0,'ORÇ.GLOBAL P CAIXA'!P22) -> 0 | E22: =IF('ORÇ.GLOBAL P CAIXA'!K22="EXEC.",0,ROUND('ORÇ.GLOBAL P CAIXA'!Q22,2)) -> 0 | F22: =IF('ORÇ.GLOBAL P CAIXA'!K22="EXEC.",0,TRUNC((1+(IF(OR(H22=0,H22=""),'BDI REF.'!$K$5,CHOOSE(H22,'BDI REF.'!$K$5,'BDI REF.'!$K$6,'BDI REF.'!$K$7))))*'ORÇ.GLOBAL P CAIXA'!R22,2)) -> 0 | G22: =IF('ORÇ.GLOBAL P CAIXA'!K22="EXEC.",0,IF(E22<>0,ROUND(E22*F22,2),IF(R22=0,(SUMIF($S$12:$S$1011,B22,$R$12:$R$1011)),R22))) -> 0 | H22: =IF('ORÇ.GLOBAL P CAIXA'!K22="EXEC.","",IF('ORÇ.GLOBAL P CAIXA'!H22>0,'ORÇ.GLOBAL P CAIXA'!H22,"")) | I22: =IF('ORÇ.GLOBAL P CAIXA'!K22="EXEC.","",IF('ORÇ.GLOBAL P CAIXA'!I22>0,'ORÇ.GLOBAL P CAIXA'!I22,"")) | J22: =IF('ORÇ.GLOBAL P CAIXA'!K22="EXEC.","",IF('ORÇ.GLOBAL P CAIXA'!J22>0,'ORÇ.GLOBAL P CAIXA'!J22,"")) | L22: =IF(B22>0,"ok","ocultar") -> ocultar | M22: =ROUND(IF($O22<>0,$O22*(INFORMAÇÕES!$T$113/INFORMAÇÕES!$T$117),0),2) -> 0 | N22: =ROUND(IF($O22<>0,$O22*(INFORMAÇÕES!$T$114/INFORMAÇÕES!$T$117),0),2) -> 0 | O22: =IF(E22=0,G22,0) -> 0 | R22: =IF(E22<>0,G22,0) -> 0 | S22: =IF(B22=0,S21,IF(ISNONTEXT(B22)=TRUE(),INT(B22),INT(LEFT(B22,FIND(".",B22)-1)))) -> 3 | T22: =IF(T23=1,1,IF(B22<>0,1,IF(C22<>0,1,IF(D22<>0,1,IF('ORÇ.GLOBAL REF.'!E22<>0,1,""))))) | U22: =IF(S22=0," ",IF(S22<>S21,S22," "))
A23: 12 | B23: =IF('ORÇ.GLOBAL P CAIXA'!K23="EXEC.",0,'ORÇ.GLOBAL P CAIXA'!M23) -> 0 | C23: =IF('ORÇ.GLOBAL P CAIXA'!K23="EXEC.",0,'ORÇ.GLOBAL P CAIXA'!O23) -> 0 | D23: =IF('ORÇ.GLOBAL P CAIXA'!K23="EXEC.",0,'ORÇ.GLOBAL P CAIXA'!P23) -> 0 | E23: =IF('ORÇ.GLOBAL P CAIXA'!K23="EXEC.",0,ROUND('ORÇ.GLOBAL P CAIXA'!Q23,2)) -> 0 | F23: =IF('ORÇ.GLOBAL P CAIXA'!K23="EXEC.",0,TRUNC((1+(IF(OR(H23=0,H23=""),'BDI REF.'!$K$5,CHOOSE(H23,'BDI REF.'!$K$5,'BDI REF.'!$K$6,'BDI REF.'!$K$7))))*'ORÇ.GLOBAL P CAIXA'!R23,2)) -> 0 | G23: =IF('ORÇ.GLOBAL P CAIXA'!K23="EXEC.",0,IF(E23<>0,ROUND(E23*F23,2),IF(R23=0,(SUMIF($S$12:$S$1011,B23,$R$12:$R$1011)),R23))) -> 0 | H23: =IF('ORÇ.GLOBAL P CAIXA'!K23="EXEC.","",IF('ORÇ.GLOBAL P CAIXA'!H23>0,'ORÇ.GLOBAL P CAIXA'!H23,"")) | I23: =IF('ORÇ.GLOBAL P CAIXA'!K23="EXEC.","",IF('ORÇ.GLOBAL P CAIXA'!I23>0,'ORÇ.GLOBAL P CAIXA'!I23,"")) | J23: =IF('ORÇ.GLOBAL P CAIXA'!K23="EXEC.","",IF('ORÇ.GLOBAL P CAIXA'!J23>0,'ORÇ.GLOBAL P CAIXA'!J23,"")) | L23: =IF(B23>0,"ok","ocultar") -> ocultar | M23: =ROUND(IF($O23<>0,$O23*(INFORMAÇÕES!$T$113/INFORMAÇÕES!$T$117),0),2) -> 0 | N23: =ROUND(IF($O23<>0,$O23*(INFORMAÇÕES!$T$114/INFORMAÇÕES!$T$117),0),2) -> 0 | O23: =IF(E23=0,G23,0) -> 0 | R23: =IF(E23<>0,G23,0) -> 0 | S23: =IF(B23=0,S22,IF(ISNONTEXT(B23)=TRUE(),INT(B23),INT(LEFT(B23,FIND(".",B23)-1)))) -> 3 | T23: =IF(T24=1,1,IF(B23<>0,1,IF(C23<>0,1,IF(D23<>0,1,IF('ORÇ.GLOBAL REF.'!E23<>0,1,""))))) | U23: =IF(S23=0," ",IF(S23<>S22,S23," "))
A24: 13 | B24: =IF('ORÇ.GLOBAL P CAIXA'!K24="EXEC.",0,'ORÇ.GLOBAL P CAIXA'!M24) -> 0 | C24: =IF('ORÇ.GLOBAL P CAIXA'!K24="EXEC.",0,'ORÇ.GLOBAL P CAIXA'!O24) -> 0 | D24: =IF('ORÇ.GLOBAL P CAIXA'!K24="EXEC.",0,'ORÇ.GLOBAL P CAIXA'!P24) -> 0 | E24: =IF('ORÇ.GLOBAL P CAIXA'!K24="EXEC.",0,ROUND('ORÇ.GLOBAL P CAIXA'!Q24,2)) -> 0 | F24: =IF('ORÇ.GLOBAL P CAIXA'!K24="EXEC.",0,TRUNC((1+(IF(OR(H24=0,H24=""),'BDI REF.'!$K$5,CHOOSE(H24,'BDI REF.'!$K$5,'BDI REF.'!$K$6,'BDI REF.'!$K$7))))*'ORÇ.GLOBAL P CAIXA'!R24,2)) -> 0 | G24: =IF('ORÇ.GLOBAL P CAIXA'!K24="EXEC.",0,IF(E24<>0,ROUND(E24*F24,2),IF(R24=0,(SUMIF($S$12:$S$1011,B24,$R$12:$R$1011)),R24))) -> 0 | H24: =IF('ORÇ.GLOBAL P CAIXA'!K24="EXEC.","",IF('ORÇ.GLOBAL P CAIXA'!H24>0,'ORÇ.GLOBAL P CAIXA'!H24,"")) | I24: =IF('ORÇ.GLOBAL P CAIXA'!K24="EXEC.","",IF('ORÇ.GLOBAL P CAIXA'!I24>0,'ORÇ.GLOBAL P CAIXA'!I24,"")) | J24: =IF('ORÇ.GLOBAL P CAIXA'!K24="EXEC.","",IF('ORÇ.GLOBAL P CAIXA'!J24>0,'ORÇ.GLOBAL P CAIXA'!J24,"")) | L24: =IF(B24>0,"ok","ocultar") -> ocultar | M24: =ROUND(IF($O24<>0,$O24*(INFORMAÇÕES!$T$113/INFORMAÇÕES!$T$117),0),2) -> 0 | N24: =ROUND(IF($O24<>0,$O24*(INFORMAÇÕES!$T$114/INFORMAÇÕES!$T$117),0),2) -> 0 | O24: =IF(E24=0,G24,0) -> 0 | R24: =IF(E24<>0,G24,0) -> 0 | S24: =IF(B24=0,S23,IF(ISNONTEXT(B24)=TRUE(),INT(B24),INT(LEFT(B24,FIND(".",B24)-1)))) -> 3 | T24: =IF(T25=1,1,IF(B24<>0,1,IF(C24<>0,1,IF(D24<>0,1,IF('ORÇ.GLOBAL REF.'!E24<>0,1,""))))) | U24: =IF(S24=0," ",IF(S24<>S23,S24," "))
... A1011: 1000 | B1011: =IF('ORÇ.GLOBAL P CAIXA'!K1011="EXEC.",0,'ORÇ.GLOBAL P CAIXA'!M1011) -> 0 | C1011: =IF('ORÇ.GLOBAL P CAIXA'!K1011="EXEC.",0,'ORÇ.GLOBAL P CAIXA'!O1011) -> 0 | D1011: =IF('ORÇ.GLOBAL P CAIXA'!K1011="EXEC.",0,'ORÇ.GLOBAL P CAIXA'!P1011) -> 0 | E1011: =IF('ORÇ.GLOBAL P CAIXA'!K1011="EXEC.",0,ROUND('ORÇ.GLOBAL P CAIXA'!Q1011,2)) -> 0 | F1011: =IF('ORÇ.GLOBAL P CAIXA'!K1011="EXEC.",0,TRUNC((1+(IF(OR(H1011=0,H1011=""),'BDI REF.'!$K$5,CHOOSE(H1011,'BDI REF.'!$K$5,'BDI REF.'!$K$6,'BDI REF.'!$K$7))))*'ORÇ.GLOBAL P CAIXA'!R1011,2)) -> 0 | G1011: =IF('ORÇ.GLOBAL P CAIXA'!K1011="EXEC.",0,IF(E1011<>0,ROUND(E1011*F1011,2),IF(R1011=0,(SUMIF($S$12:$S$1011,B1011,$R$12:$R$1011)),R1011))) -> 0 | H1011: =IF('ORÇ.GLOBAL P CAIXA'!K1011="EXEC.","",IF('ORÇ.GLOBAL P CAIXA'!H1011>0,'ORÇ.GLOBAL P CAIXA'!H1011,"")) | I1011: =IF('ORÇ.GLOBAL P CAIXA'!K1011="EXEC.","",IF('ORÇ.GLOBAL P CAIXA'!I1011>0,'ORÇ.GLOBAL P CAIXA'!I1011,"")) | J1011: =IF('ORÇ.GLOBAL P CAIXA'!K1011="EXEC.","",IF('ORÇ.GLOBAL P CAIXA'!J1011>0,'ORÇ.GLOBAL P CAIXA'!J1011,"")) | L1011: =IF(B1011>0,"ok","ocultar") -> ocultar | M1011: =ROUND(IF($O1011<>0,$O1011*(INFORMAÇÕES!$T$113/INFORMAÇÕES!$T$117),0),2) -> 0 | N1011: =ROUND(IF($O1011<>0,$O1011*(INFORMAÇÕES!$T$114/INFORMAÇÕES!$T$117),0),2) -> 0 | O1011: =IF(E1011=0,G1011,0) -> 0 | R1011: =IF(E1011<>0,G1011,0) -> 0 | S1011: =IF(B1011=0,S1010,IF(ISNONTEXT(B1011)=TRUE(),INT(B1011),INT(LEFT(B1011,FIND(".",B1011)-1)))) -> 3 | T1011: =IF(T1012=1,1,IF(B1011<>0,1,IF(C1011<>0,1,IF(D1011<>0,1,IF('ORÇ.GLOBAL REF.'!E1011<>0,1,""))))) | U1011: =IF(S1011=0," ",IF(S1011<>S1010,S1011," "))
T1013: =SUM(T12:T1011) -> 7
B1014: TOTAL | G1014: =SUM($R$13:$R$1011) -> 41766.75 | M1014: =SUM(M12:M1011) -> 0 | N1014: =SUM(N12:N1011) -> 41766.75 | O1014: =SUM(O12:O1011) -> 41766.75
B1017: Castro, | C1017: ='ORÇ.GLOBAL P CAIXA'!P6 -> 45414 | E1017: =IF('ORÇ.GLOBAL P CAIXA'!E1017>0,'ORÇ.GLOBAL P CAIXA'!E1017,"")
B1018: Local e data | E1018: Responsável Técnico do Município de Castro

Sheet CRONO REF.
E2: =IF($AQ$46<100,"O percentual acumulado é INFERIOR a 100%",IF($AQ$46>100,"O percentual acumulado é SUPERIOR a 100%","CRONOGRAMA FÍSICO-FINANCEIRO")) -> O percentual acumulado é INFERIOR a 100% | G2: Nº do Contrato: | H2: ='ORÇ.GLOBAL REF.'!G6 | K2: =CONCATENATE("Tomador: ",'ORÇ.GLOBAL REF.'!C4) -> Tomador: MUNICÍPIO DE CASTRO | T2: =H2 | W2: =K2 -> Tomador: MUNICÍPIO DE CASTRO | AF2: =H2 | AI2: =K2 -> Tomador: MUNICÍPIO DE CASTRO
E4: =CONCATENATE("Empreendimento: ",'ORÇ.GLOBAL REF.'!C8) -> Empreendimento: SUBSTITUIÇÃO TELHAS UBS SOCAVÃO | K4: =CONCATENATE("Programa: ",'ORÇ.GLOBAL REF.'!C6) -> Programa: | W4: =K4 -> Programa: | AI4: =K4 -> Programa:
E7: Item | F7: DESCRIÇÃO DOS AGRUPADORES DE SERVIÇOS | G7: Investimento | H7: Mês 01 | J7: Mês 02 | L7: Mês 03 | N7: Mês 04 | P7: Mês 05 | R7: Mês 06 | T7: Mês 07 | V7: Mês 08 | X7: Mês 09 | Z7: Mês 10 | AB7: Mês 11 | AD7: Mês 12 | AF7: Mês 13 | AH7: Mês 14 | AJ7: Mês 15 | AL7: Mês 16 | AN7: Mês 17 | AP7: Mês 18
B8: % Rel. | C8: Rep. | D8: Contr. | H8: No mês | I8: Acum. | J8: No mês | K8: Acum. | L8: No mês | M8: Acum. | N8: No mês | O8: Acum. | P8: No mês | Q8: Acum. | R8: No mês | S8: Acum. | T8: No mês | U8: Acum. | V8: No mês | W8: Acum. | X8: No mês | Y8: Acum. | Z8: No mês | AA8: Acum. | AB8: No mês | AC8: Acum. | AD8: No mês | AE8: Acum. | AF8: No mês | AG8: Acum. | AH8: No mês | AI8: Acum. | AJ8: No mês | AK8: Acum. | AL8: No mês | AM8: Acum. | AN8: No mês | AO8: Acum. | AP8: No mês | AQ8: Acum.
B9: =G9/(SUM($G$9:$G$45)) -> 0.08144469 | C9: =G9*($G$47/$G$51) -> 0 | D9: =G9*($G$48/$G$51) -> 3401.68 | E9: =IF('ORÇ.GLOBAL REF.'!A12>'ORÇ.GLOBAL REF.'!$V$12,0,SMALL('ORÇ.GLOBAL REF.'!$U$12:$U$1011,'ORÇ.GLOBAL REF.'!A12)) -> 1 | F9: =IF('ORÇ.GLOBAL REF.'!A12>'ORÇ.GLOBAL REF.'!$V$12,"",VLOOKUP(E9,'ORÇ.GLOBAL REF.'!$B$12:$E$1011,2,FALSE())) -> REMOÇÃO TELHAS | G9: =IFERROR(IF(E9=0,0,VLOOKUP(E9,'ORÇ.GLOBAL REF.'!$B$12:$G$1011,6,FALSE())),0) -> 3401.68 | H9: =IF($E9=0,0,'CRONO P CAIXA'!H9) -> 0 | I9: =H9 -> 0 | J9: =IF($E9=0,0,'CRONO P CAIXA'!J9) -> 0 | K9: =I9+J9 -> 0 | L9: =IF($E9=0,0,'CRONO P CAIXA'!L9) -> 0 | M9: =K9+L9 -> 0 | N9: =IF($E9=0,0,'CRONO P CAIXA'!N9) -> 0 | O9: =M9+N9 -> 0 | P9: =IF($E9=0,0,'CRONO P CAIXA'!P9) -> 0 | Q9: =O9+P9 -> 0 | R9: =IF($E9=0,0,'CRONO P CAIXA'!R9) -> 0 | S9: =Q9+R9 -> 0 | T9: =IF($E9=0,0,'CRONO P CAIXA'!T9) -> 0 | U9: =S9+T9 -> 0 | V9: =IF($E9=0,0,'CRONO P CAIXA'!V9) -> 0 | W9: =U9+V9 -> 0 | X9: =IF($E9=0,0,'CRONO P CAIXA'!X9) -> 0 | Y9: =W9+X9 -> 0 | Z9: =IF($E9=0,0,'CRONO P CAIXA'!Z9) -> 0 | AA9: =Y9+Z9 -> 0 | AB9: =IF($E9=0,0,'CRONO P CAIXA'!AB9) -> 0 | AC9: =AA9+AB9 -> 0 | AD9: =IF($E9=0,0,'CRONO P CAIXA'!AD9) -> 0 | AE9: =AC9+AD9 -> 0 | AF9: =IF($E9=0,0,'CRONO P CAIXA'!AF9) -> 0 | AG9: =AE9+AF9 -> 0 | AH9: =IF($E9=0,0,'CRONO P CAIXA'!AH9) -> 0 | AI9: =AG9+AH9 -> 0 | AJ9: =IF($E9=0,0,'CRONO P CAIXA'!AJ9) -> 0 | AK9: =AI9+AJ9 -> 0 | AL9: =IF($E9=0,0,'CRONO P CAIXA'!AL9) -> 0 | AM9: =AK9+AL9 -> 0 | AN9: =IF($E9=0,0,'CRONO P CAIXA'!AN9) -> 0 | AO9: =AM9+AN9 -> 0 | AP9: =IF($E9=0,0,'CRONO P CAIXA'!AP9) -> 0 | AQ9: =AO9+AP9 -> 0
B10: =G10/(SUM($G$9:$G$45)) -> 0.90545877 | C10: =G10*($G$47/$G$51) -> 0 | D10: =G10*($G$48/$G$51) -> 37818.07 | E10: =IF('ORÇ.GLOBAL REF.'!A13>'ORÇ.GLOBAL REF.'!$V$12,0,SMALL('ORÇ.GLOBAL REF.'!$U$12:$U$1011,'ORÇ.GLOBAL REF.'!A13)) -> 2 | F10: =IF('ORÇ.GLOBAL REF.'!A13>'ORÇ.GLOBAL REF.'!$V$12,"",VLOOKUP(E10,'ORÇ.GLOBAL REF.'!$B$12:$E$1011,2,FALSE())) -> COBERTURA | G10: =IFERROR(IF(E10=0,0,VLOOKUP(E10,'ORÇ.GLOBAL REF.'!$B$12:$G$1011,6,FALSE())),0) -> 37818.07 | H10: =IF($E10=0,0,'CRONO P CAIXA'!H10) -> 0 | I10: =H10 -> 0 | J10: =IF($E10=0,0,'CRONO P CAIXA'!J10) -> 0 | K10: =I10+J10 -> 0 | L10: =IF($E10=0,0,'CRONO P CAIXA'!L10) -> 0 | M10: =K10+L10 -> 0 | N10: =IF($E10=0,0,'CRONO P CAIXA'!N10) -> 0 | O10: =M10+N10 -> 0 | P10: =IF($E10=0,0,'CRONO P CAIXA'!P10) -> 0 | Q10: =O10+P10 -> 0 | R10: =IF($E10=0,0,'CRONO P CAIXA'!R10) -> 0 | S10: =Q10+R10 -> 0 | T10: =IF($E10=0,0,'CRONO P CAIXA'!T10) -> 0 | U10: =S10+T10 -> 0 | V10: =IF($E10=0,0,'CRONO P CAIXA'!V10) -> 0 | W10: =U10+V10 -> 0 | X10: =IF($E10=0,0,'CRONO P CAIXA'!X10) -> 0 | Y10: =W10+X10 -> 0 | Z10: =IF($E10=0,0,'CRONO P CAIXA'!Z10) -> 0 | AA10: =Y10+Z10 -> 0 | AB10: =IF($E10=0,0,'CRONO P CAIXA'!AB10) -> 0 | AC10: =AA10+AB10 -> 0 | AD10: =IF($E10=0,0,'CRONO P CAIXA'!AD10) -> 0 | AE10: =AC10+AD10 -> 0 | AF10: =IF($E10=0,0,'CRONO P CAIXA'!AF10) -> 0 | AG10: =AE10+AF10 -> 0 | AH10: =IF($E10=0,0,'CRONO P CAIXA'!AH10) -> 0 | AI10: =AG10+AH10 -> 0 | AJ10: =IF($E10=0,0,'CRONO P CAIXA'!AJ10) -> 0 | AK10: =AI10+AJ10 -> 0 | AL10: =IF($E10=0,0,'CRONO P CAIXA'!AL10) -> 0 | AM10: =AK10+AL10 -> 0 | AN10: =IF($E10=0,0,'CRONO P CAIXA'!AN10) -> 0 | AO10: =AM10+AN10 -> 0 | AP10: =IF($E10=0,0,'CRONO P CAIXA'!AP10) -> 0 | AQ10: =AO10+AP10 -> 0
B11: =G11/(SUM($G$9:$G$45)) -> 0.013096542 | C11: =G11*($G$47/$G$51) -> 0 | D11: =G11*($G$48/$G$51) -> 547 | E11: =IF('ORÇ.GLOBAL REF.'!A14>'ORÇ.GLOBAL REF.'!$V$12,0,SMALL('ORÇ.GLOBAL REF.'!$U$12:$U$1011,'ORÇ.GLOBAL REF.'!A14)) -> 3 | F11: =IF('ORÇ.GLOBAL REF.'!A14>'ORÇ.GLOBAL REF.'!$V$12,"",VLOOKUP(E11,'ORÇ.GLOBAL REF.'!$B$12:$E$1011,2,FALSE())) -> BEIRAL PVC | G11: =IFERROR(IF(E11=0,0,VLOOKUP(E11,'ORÇ.GLOBAL REF.'!$B$12:$G$1011,6,FALSE())),0) -> 547 | H11: =IF($E11=0,0,'CRONO P CAIXA'!H11) -> 0 | I11: =H11 -> 0 | J11: =IF($E11=0,0,'CRONO P CAIXA'!J11) -> 0 | K11: =I11+J11 -> 0 | L11: =IF($E11=0,0,'CRONO P CAIXA'!L11) -> 0 | M11: =K11+L11 -> 0 | N11: =IF($E11=0,0,'CRONO P CAIXA'!N11) -> 0 | O11: =M11+N11 -> 0 | P11: =IF($E11=0,0,'CRONO P CAIXA'!P11) -> 0 | Q11: =O11+P11 -> 0 | R11: =IF($E11=0,0,'CRONO P CAIXA'!R11) -> 0 | S11: =Q11+R11 -> 0 | T11: =IF($E11=0,0,'CRONO P CAIXA'!T11) -> 0 | U11: =S11+T11 -> 0 | V11: =IF($E11=0,0,'CRONO P CAIXA'!V11) -> 0 | W11: =U11+V11 -> 0 | X11: =IF($E11=0,0,'CRONO P CAIXA'!X11) -> 0 | Y11: =W11+X11 -> 0 | Z11: =IF($E11=0,0,'CRONO P CAIXA'!Z11) -> 0 | AA11: =Y11+Z11 -> 0 | AB11: =IF($E11=0,0,'CRONO P CAIXA'!AB11) -> 0 | AC11: =AA11+AB11 -> 0 | AD11: =IF($E11=0,0,'CRONO P CAIXA'!AD11) -> 0 | AE11: =AC11+AD11 -> 0 | AF11: =IF($E11=0,0,'CRONO P CAIXA'!AF11) -> 0 | AG11: =AE11+AF11 -> 0 | AH11: =IF($E11=0,0,'CRONO P CAIXA'!AH11) -> 0 | AI11: =AG11+AH11 -> 0 | AJ11: =IF($E11=0,0,'CRONO P CAIXA'!AJ11) -> 0 | AK11: =AI11+AJ11 -> 0 | AL11: =IF($E11=0,0,'CRONO P CAIXA'!AL11) -> 0 | AM11: =AK11+AL11 -> 0 | AN11: =IF($E11=0,0,'CRONO P CAIXA'!AN11) -> 0 | AO11: =AM11+AN11 -> 0 | AP11: =IF($E11=0,0,'CRONO P CAIXA'!AP11) -> 0 | AQ11: =AO11+AP11 -> 0
B12: =G12/(SUM($G$9:$G$45)) -> 0 | C12: =G12*($G$47/$G$51) -> 0 | D12: =G12*($G$48/$G$51) -> 0 | E12: =IF('ORÇ.GLOBAL REF.'!A15>'ORÇ.GLOBAL REF.'!$V$12,0,SMALL('ORÇ.GLOBAL REF.'!$U$12:$U$1011,'ORÇ.GLOBAL REF.'!A15)) -> 0 | F12: =IF('ORÇ.GLOBAL REF.'!A15>'ORÇ.GLOBAL REF.'!$V$12,"",VLOOKUP(E12,'ORÇ.GLOBAL REF.'!$B$12:$E$1011,2,FALSE())) | G12: =IFERROR(IF(E12=0,0,VLOOKUP(E12,'ORÇ.GLOBAL REF.'!$B$12:$G$1011,6,FALSE())),0) -> 0 | H12: =IF($E12=0,0,'CRONO P CAIXA'!H12) -> 0 | I12: =H12 -> 0 | J12: =IF($E12=0,0,'CRONO P CAIXA'!J12) -> 0 | K12: =I12+J12 -> 0 | L12: =IF($E12=0,0,'CRONO P CAIXA'!L12) -> 0 | M12: =K12+L12 -> 0 | N12: =IF($E12=0,0,'CRONO P CAIXA'!N12) -> 0 | O12: =M12+N12 -> 0 | P12: =IF($E12=0,0,'CRONO P CAIXA'!P12) -> 0 | Q12: =O12+P12 -> 0 | R12: =IF($E12=0,0,'CRONO P CAIXA'!R12) -> 0 | S12: =Q12+R12 -> 0 | T12: =IF($E12=0,0,'CRONO P CAIXA'!T12) -> 0 | U12: =S12+T12 -> 0 | V12: =IF($E12=0,0,'CRONO P CAIXA'!V12) -> 0 | W12: =U12+V12 -> 0 | X12: =IF($E12=0,0,'CRONO P CAIXA'!X12) -> 0 | Y12: =W12+X12 -> 0 | Z12: =IF($E12=0,0,'CRONO P CAIXA'!Z12) -> 0 | AA12: =Y12+Z12 -> 0 | AB12: =IF($E12=0,0,'CRONO P CAIXA'!AB12) -> 0 | AC12: =AA12+AB12 -> 0 | AD12: =IF($E12=0,0,'CRONO P CAIXA'!AD12) -> 0 | AE12: =AC12+AD12 -> 0 | AF12: =IF($E12=0,0,'CRONO P CAIXA'!AF12) -> 0 | AG12: =AE12+AF12 -> 0 | AH12: =IF($E12=0,0,'CRONO P CAIXA'!AH12) -> 0 | AI12: =AG12+AH12 -> 0 | AJ12: =IF($E12=0,0,'CRONO P CAIXA'!AJ12) -> 0 | AK12: =AI12+AJ12 -> 0 | AL12: =IF($E12=0,0,'CRONO P CAIXA'!AL12) -> 0 | AM12: =AK12+AL12 -> 0 | AN12: =IF($E12=0,0,'CRONO P CAIXA'!AN12) -> 0 | AO12: =AM12+AN12 -> 0 | AP12: =IF($E12=0,0,'CRONO P CAIXA'!AP12) -> 0 | AQ12: =AO12+AP12 -> 0
B13: =G13/(SUM($G$9:$G$45)) -> 0 | C13: =G13*($G$47/$G$51) -> 0 | D13: =G13*($G$48/$G$51) -> 0 | E13: =IF('ORÇ.GLOBAL REF.'!A16>'ORÇ.GLOBAL REF.'!$V$12,0,SMALL('ORÇ.GLOBAL REF.'!$U$12:$U$1011,'ORÇ.GLOBAL REF.'!A16)) -> 0 | F13: =IF('ORÇ.GLOBAL REF.'!A16>'ORÇ.GLOBAL REF.'!$V$12,"",VLOOKUP(E13,'ORÇ.GLOBAL REF.'!$B$12:$E$1011,2,FALSE())) | G13: =IFERROR(IF(E13=0,0,VLOOKUP(E13,'ORÇ.GLOBAL REF.'!$B$12:$G$1011,6,FALSE())),0) -> 0 | H13: =IF($E13=0,0,'CRONO P CAIXA'!H13) -> 0 | I13: =H13 -> 0 | J13: =IF($E13=0,0,'CRONO P CAIXA'!J13) -> 0 | K13: =I13+J13 -> 0 | L13: =IF($E13=0,0,'CRONO P CAIXA'!L13) -> 0 | M13: =K13+L13 -> 0 | N13: =IF($E13=0,0,'CRONO P CAIXA'!N13) -> 0 | O13: =M13+N13 -> 0 | P13: =IF($E13=0,0,'CRONO P CAIXA'!P13) -> 0 | Q13: =O13+P13 -> 0 | R13: =IF($E13=0,0,'CRONO P CAIXA'!R13) -> 0 | S13: =Q13+R13 -> 0 | T13: =IF($E13=0,0,'CRONO P CAIXA'!T13) -> 0 | U13: =S13+T13 -> 0 | V13: =IF($E13=0,0,'CRONO P CAIXA'!V13) -> 0 | W13: =U13+V13 -> 0 | X13: =IF($E13=0,0,'CRONO P CAIXA'!X13) -> 0 | Y13: =W13+X13 -> 0 | Z13: =IF($E13=0,0,'CRONO P CAIXA'!Z13) -> 0 | AA13: =Y13+Z13 -> 0 | AB13: =IF($E13=0,0,'CRONO P CAIXA'!AB13) -> 0 | AC13: =AA13+AB13 -> 0 | AD13: =IF($E13=0,0,'CRONO P CAIXA'!AD13) -> 0 | AE13: =AC13+AD13 -> 0 | AF13: =IF($E13=0,0,'CRONO P CAIXA'!AF13) -> 0 | AG13: =AE13+AF13 -> 0 | AH13: =IF($E13=0,0,'CRONO P CAIXA'!AH13) -> 0 | AI13: =AG13+AH13 -> 0 | AJ13: =IF($E13=0,0,'CRONO P CAIXA'!AJ13) -> 0 | AK13: =AI13+AJ13 -> 0 | AL13: =IF($E13=0,0,'CRONO P CAIXA'!AL13) -> 0 | AM13: =AK13+AL13 -> 0 | AN13: =IF($E13=0,0,'CRONO P CAIXA'!AN13) -> 0 | AO13: =AM13+AN13 -> 0 | AP13: =IF($E13=0,0,'CRONO P CAIXA'!AP13) -> 0 | AQ13: =AO13+AP13 -> 0
B14: =G14/(SUM($G$9:$G$45)) -> 0 | C14: =G14*($G$47/$G$51) -> 0 | D14: =G14*($G$48/$G$51) -> 0 | E14: =IF('ORÇ.GLOBAL REF.'!A17>'ORÇ.GLOBAL REF.'!$V$12,0,SMALL('ORÇ.GLOBAL REF.'!$U$12:$U$1011,'ORÇ.GLOBAL REF.'!A17)) -> 0 | F14: =IF('ORÇ.GLOBAL REF.'!A17>'ORÇ.GLOBAL REF.'!$V$12,"",VLOOKUP(E14,'ORÇ.GLOBAL REF.'!$B$12:$E$1011,2,FALSE())) | G14: =IFERROR(IF(E14=0,0,VLOOKUP(E14,'ORÇ.GLOBAL REF.'!$B$12:$G$1011,6,FALSE())),0) -> 0 | H14: =IF($E14=0,0,'CRONO P CAIXA'!H14) -> 0 | I14: =H14 -> 0 | J14: =IF($E14=0,0,'CRONO P CAIXA'!J14) -> 0 | K14: =I14+J14 -> 0 | L14: =IF($E14=0,0,'CRONO P CAIXA'!L14) -> 0 | M14: =K14+L14 -> 0 | N14: =IF($E14=0,0,'CRONO P CAIXA'!N14) -> 0 | O14: =M14+N14 -> 0 | P14: =IF($E14=0,0,'CRONO P CAIXA'!P14) -> 0 | Q14: =O14+P14 -> 0 | R14: =IF($E14=0,0,'CRONO P CAIXA'!R14) -> 0 | S14: =Q14+R14 -> 0 | T14: =IF($E14=0,0,'CRONO P CAIXA'!T14) -> 0 | U14: =S14+T14 -> 0 | V14: =IF($E14=0,0,'CRONO P CAIXA'!V14) -> 0 | W14: =U14+V14 -> 0 | X14: =IF($E14=0,0,'CRONO P CAIXA'!X14) -> 0 | Y14: =W14+X14 -> 0 | Z14: =IF($E14=0,0,'CRONO P CAIXA'!Z14) -> 0 | AA14: =Y14+Z14 -> 0 | AB14: =IF($E14=0,0,'CRONO P CAIXA'!AB14) -> 0 | AC14: =AA14+AB14 -> 0 | AD14: =IF($E14=0,0,'CRONO P CAIXA'!AD14) -> 0 | AE14: =AC14+AD14 -> 0 | AF14: =IF($E14=0,0,'CRONO P CAIXA'!AF14) -> 0 | AG14: =AE14+AF14 -> 0 | AH14: =IF($E14=0,0,'CRONO P CAIXA'!AH14) -> 0 | AI14: =AG14+AH14 -> 0 | AJ14: =IF($E14=0,0,'CRONO P CAIXA'!AJ14) -> 0 | AK14: =AI14+AJ14 -> 0 | AL14: =IF($E14=0,0,'CRONO P CAIXA'!AL14) -> 0 | AM14: =AK14+AL14 -> 0 | AN14: =IF($E14=0,0,'CRONO P CAIXA'!AN14) -> 0 | AO14: =AM14+AN14 -> 0 | AP14: =IF($E14=0,0,'CRONO P CAIXA'!AP14) -> 0 | AQ14: =AO14+AP14 -> 0
B15: =G15/(SUM($G$9:$G$45)) -> 0 | C15: =G15*($G$47/$G$51) -> 0 | D15: =G15*($G$48/$G$51) -> 0 | E15: =IF('ORÇ.GLOBAL REF.'!A18>'ORÇ.GLOBAL REF.'!$V$12,0,SMALL('ORÇ.GLOBAL REF.'!$U$12:$U$1011,'ORÇ.GLOBAL REF.'!A18)) -> 0 | F15: =IF('ORÇ.GLOBAL REF.'!A18>'ORÇ.GLOBAL REF.'!$V$12,"",VLOOKUP(E15,'ORÇ.GLOBAL REF.'!$B$12:$E$1011,2,FALSE())) | G15: =IFERROR(IF(E15=0,0,VLOOKUP(E15,'ORÇ.GLOBAL REF.'!$B$12:$G$1011,6,FALSE())),0) -> 0 | H15: =IF($E15=0,0,'CRONO P CAIXA'!H15) -> 0 | I15: =H15 -> 0 | J15: =IF($E15=0,0,'CRONO P CAIXA'!J15) -> 0 | K15: =I15+J15 -> 0 | L15: =IF($E15=0,0,'CRONO P CAIXA'!L15) -> 0 | M15: =K15+L15 -> 0 | N15: =IF($E15=0,0,'CRONO P CAIXA'!N15) -> 0 | O15: =M15+N15 -> 0 | P15: =IF($E15=0,0,'CRONO P CAIXA'!P15) -> 0 | Q15: =O15+P15 -> 0 | R15: =IF($E15=0,0,'CRONO P CAIXA'!R15) -> 0 | S15: =Q15+R15 -> 0 | T15: =IF($E15=0,0,'CRONO P CAIXA'!T15) -> 0 | U15: =S15+T15 -> 0 | V15: =IF($E15=0,0,'CRONO P CAIXA'!V15) -> 0 | W15: =U15+V15 -> 0 | X15: =IF($E15=0,0,'CRONO P CAIXA'!X15) -> 0 | Y15: =W15+X15 -> 0 | Z15: =IF($E15=0,0,'CRONO P CAIXA'!Z15) -> 0 | AA15: =Y15+Z15 -> 0 | AB15: =IF($E15=0,0,'CRONO P CAIXA'!AB15) -> 0 | AC15: =AA15+AB15 -> 0 | AD15: =IF($E15=0,0,'CRONO P CAIXA'!AD15) -> 0 | AE15: =AC15+AD15 -> 0 | AF15: =IF($E15=0,0,'CRONO P CAIXA'!AF15) -> 0 | AG15: =AE15+AF15 -> 0 | AH15: =IF($E15=0,0,'CRONO P CAIXA'!AH15) -> 0 | AI15: =AG15+AH15 -> 0 | AJ15: =IF($E15=0,0,'CRONO P CAIXA'!AJ15) -> 0 | AK15: =AI15+AJ15 -> 0 | AL15: =IF($E15=0,0,'CRONO P CAIXA'!AL15) -> 0 | AM15: =AK15+AL15 -> 0 | AN15: =IF($E15=0,0,'CRONO P CAIXA'!AN15) -> 0 | AO15: =AM15+AN15 -> 0 | AP15: =IF($E15=0,0,'CRONO P CAIXA'!AP15) -> 0 | AQ15: =AO15+AP15 -> 0
B16: =G16/(SUM($G$9:$G$45)) -> 0 | C16: =G16*($G$47/$G$51) -> 0 | D16: =G16*($G$48/$G$51) -> 0 | E16: =IF('ORÇ.GLOBAL REF.'!A19>'ORÇ.GLOBAL REF.'!$V$12,0,SMALL('ORÇ.GLOBAL REF.'!$U$12:$U$1011,'ORÇ.GLOBAL REF.'!A19)) -> 0 | F16: =IF('ORÇ.GLOBAL REF.'!A19>'ORÇ.GLOBAL REF.'!$V$12,"",VLOOKUP(E16,'ORÇ.GLOBAL REF.'!$B$12:$E$1011,2,FALSE())) | G16: =IFERROR(IF(E16=0,0,VLOOKUP(E16,'ORÇ.GLOBAL REF.'!$B$12:$G$1011,6,FALSE())),0) -> 0 | H16: =IF($E16=0,0,'CRONO P CAIXA'!H16) -> 0 | I16: =H16 -> 0 | J16: =IF($E16=0,0,'CRONO P CAIXA'!J16) -> 0 | K16: =I16+J16 -> 0 | L16: =IF($E16=0,0,'CRONO P CAIXA'!L16) -> 0 | M16: =K16+L16 -> 0 | N16: =IF($E16=0,0,'CRONO P CAIXA'!N16) -> 0 | O16: =M16+N16 -> 0 | P16: =IF($E16=0,0,'CRONO P CAIXA'!P16) -> 0 | Q16: =O16+P16 -> 0 | R16: =IF($E16=0,0,'CRONO P CAIXA'!R16) -> 0 | S16: =Q16+R16 -> 0 | T16: =IF($E16=0,0,'CRONO P CAIXA'!T16) -> 0 | U16: =S16+T16 -> 0 | V16: =IF($E16=0,0,'CRONO P CAIXA'!V16) -> 0 | W16: =U16+V16 -> 0 | X16: =IF($E16=0,0,'CRONO P CAIXA'!X16) -> 0 | Y16: =W16+X16 -> 0 | Z16: =IF($E16=0,0,'CRONO P CAIXA'!Z16) -> 0 | AA16: =Y16+Z16 -> 0 | AB16: =IF($E16=0,0,'CRONO P CAIXA'!AB16) -> 0 | AC16: =AA16+AB16 -> 0 | AD16: =IF($E16=0,0,'CRONO P CAIXA'!AD16) -> 0 | AE16: =AC16+AD16 -> 0 | AF16: =IF($E16=0,0,'CRONO P CAIXA'!AF16) -> 0 | AG16: =AE16+AF16 -> 0 | AH16: =IF($E16=0,0,'CRONO P CAIXA'!AH16) -> 0 | AI16: =AG16+AH16 -> 0 | AJ16: =IF($E16=0,0,'CRONO P CAIXA'!AJ16) -> 0 | AK16: =AI16+AJ16 -> 0 | AL16: =IF($E16=0,0,'CRONO P CAIXA'!AL16) -> 0 | AM16: =AK16+AL16 -> 0 | AN16: =IF($E16=0,0,'CRONO P CAIXA'!AN16) -> 0 | AO16: =AM16+AN16 -> 0 | AP16: =IF($E16=0,0,'CRONO P CAIXA'!AP16) -> 0 | AQ16: =AO16+AP16 -> 0
B17: =G17/(SUM($G$9:$G$45)) -> 0 | C17: =G17*($G$47/$G$51) -> 0 | D17: =G17*($G$48/$G$51) -> 0 | E17: =IF('ORÇ.GLOBAL REF.'!A20>'ORÇ.GLOBAL REF.'!$V$12,0,SMALL('ORÇ.GLOBAL REF.'!$U$12:$U$1011,'ORÇ.GLOBAL REF.'!A20)) -> 0 | F17: =IF('ORÇ.GLOBAL REF.'!A20>'ORÇ.GLOBAL REF.'!$V$12,"",VLOOKUP(E17,'ORÇ.GLOBAL REF.'!$B$12:$E$1011,2,FALSE())) | G17: =IFERROR(IF(E17=0,0,VLOOKUP(E17,'ORÇ.GLOBAL REF.'!$B$12:$G$1011,6,FALSE())),0) -> 0 | H17: =IF($E17=0,0,'CRONO P CAIXA'!H17) -> 0 | I17: =H17 -> 0 | J17: =IF($E17=0,0,'CRONO P CAIXA'!J17) -> 0 | K17: =I17+J17 -> 0 | L17: =IF($E17=0,0,'CRONO P CAIXA'!L17) -> 0 | M17: =K17+L17 -> 0 | N17: =IF($E17=0,0,'CRONO P CAIXA'!N17) -> 0 | O17: =M17+N17 -> 0 | P17: =IF($E17=0,0,'CRONO P CAIXA'!P17) -> 0 | Q17: =O17+P17 -> 0 | R17: =IF($E17=0,0,'CRONO P CAIXA'!R17) -> 0 | S17: =Q17+R17 -> 0 | T17: =IF($E17=0,0,'CRONO P CAIXA'!T17) -> 0 | U17: =S17+T17 -> 0 | V17: =IF($E17=0,0,'CRONO P CAIXA'!V17) -> 0 | W17: =U17+V17 -> 0 | X17: =IF($E17=0,0,'CRONO P CAIXA'!X17) -> 0 | Y17: =W17+X17 -> 0 | Z17: =IF($E17=0,0,'CRONO P CAIXA'!Z17) -> 0 | AA17: =Y17+Z17 -> 0 | AB17: =IF($E17=0,0,'CRONO P CAIXA'!AB17) -> 0 | AC17: =AA17+AB17 -> 0 | AD17: =IF($E17=0,0,'CRONO P CAIXA'!AD17) -> 0 | AE17: =AC17+AD17 -> 0 | AF17: =IF($E17=0,0,'CRONO P CAIXA'!AF17) -> 0 | AG17: =AE17+AF17 -> 0 | AH17: =IF($E17=0,0,'CRONO P CAIXA'!AH17) -> 0 | AI17: =AG17+AH17 -> 0 | AJ17: =IF($E17=0,0,'CRONO P CAIXA'!AJ17) -> 0 | AK17: =AI17+AJ17 -> 0 | AL17: =IF($E17=0,0,'CRONO P CAIXA'!AL17) -> 0 | AM17: =AK17+AL17 -> 0 | AN17: =IF($E17=0,0,'CRONO P CAIXA'!AN17) -> 0 | AO17: =AM17+AN17 -> 0 | AP17: =IF($E17=0,0,'CRONO P CAIXA'!AP17) -> 0 | AQ17: =AO17+AP17 -> 0
B18: =G18/(SUM($G$9:$G$45)) -> 0 | C18: =G18*($G$47/$G$51) -> 0 | D18: =G18*($G$48/$G$51) -> 0 | E18: =IF('ORÇ.GLOBAL REF.'!A21>'ORÇ.GLOBAL REF.'!$V$12,0,SMALL('ORÇ.GLOBAL REF.'!$U$12:$U$1011,'ORÇ.GLOBAL REF.'!A21)) -> 0 | F18: =IF('ORÇ.GLOBAL REF.'!A21>'ORÇ.GLOBAL REF.'!$V$12,"",VLOOKUP(E18,'ORÇ.GLOBAL REF.'!$B$12:$E$1011,2,FALSE())) | G18: =IFERROR(IF(E18=0,0,VLOOKUP(E18,'ORÇ.GLOBAL REF.'!$B$12:$G$1011,6,FALSE())),0) -> 0 | H18: =IF($E18=0,0,'CRONO P CAIXA'!H18) -> 0 | I18: =H18 -> 0 | J18: =IF($E18=0,0,'CRONO P CAIXA'!J18) -> 0 | K18: =I18+J18 -> 0 | L18: =IF($E18=0,0,'CRONO P CAIXA'!L18) -> 0 | M18: =K18+L18 -> 0 | N18: =IF($E18=0,0,'CRONO P CAIXA'!N18) -> 0 | O18: =M18+N18 -> 0 | P18: =IF($E18=0,0,'CRONO P CAIXA'!P18) -> 0 | Q18: =O18+P18 -> 0 | R18: =IF($E18=0,0,'CRONO P CAIXA'!R18) -> 0 | S18: =Q18+R18 -> 0 | T18: =IF($E18=0,0,'CRONO P CAIXA'!T18) -> 0 | U18: =S18+T18 -> 0 | V18: =IF($E18=0,0,'CRONO P CAIXA'!V18) -> 0 | W18: =U18+V18 -> 0 | X18: =IF($E18=0,0,'CRONO P CAIXA'!X18) -> 0 | Y18: =W18+X18 -> 0 | Z18: =IF($E18=0,0,'CRONO P CAIXA'!Z18) -> 0 | AA18: =Y18+Z18 -> 0 | AB18: =IF($E18=0,0,'CRONO P CAIXA'!AB18) -> 0 | AC18: =AA18+AB18 -> 0 | AD18: =IF($E18=0,0,'CRONO P CAIXA'!AD18) -> 0 | AE18: =AC18+AD18 -> 0 | AF18: =IF($E18=0,0,'CRONO P CAIXA'!AF18) -> 0 | AG18: =AE18+AF18 -> 0 | AH18: =IF($E18=0,0,'CRONO P CAIXA'!AH18) -> 0 | AI18: =AG18+AH18 -> 0 | AJ18: =IF($E18=0,0,'CRONO P CAIXA'!AJ18) -> 0 | AK18: =AI18+AJ18 -> 0 | AL18: =IF($E18=0,0,'CRONO P CAIXA'!AL18) -> 0 | AM18: =AK18+AL18 -> 0 | AN18: =IF($E18=0,0,'CRONO P CAIXA'!AN18) -> 0 | AO18: =AM18+AN18 -> 0 | AP18: =IF($E18=0,0,'CRONO P CAIXA'!AP18) -> 0 | AQ18: =AO18+AP18 -> 0
B19: =G19/(SUM($G$9:$G$45)) -> 0 | C19: =G19*($G$47/$G$51) -> 0 | D19: =G19*($G$48/$G$51) -> 0 | E19: =IF('ORÇ.GLOBAL REF.'!A22>'ORÇ.GLOBAL REF.'!$V$12,0,SMALL('ORÇ.GLOBAL REF.'!$U$12:$U$1011,'ORÇ.GLOBAL REF.'!A22)) -> 0 | F19: =IF('ORÇ.GLOBAL REF.'!A22>'ORÇ.GLOBAL REF.'!$V$12,"",VLOOKUP(E19,'ORÇ.GLOBAL REF.'!$B$12:$E$1011,2,FALSE())) | G19: =IFERROR(IF(E19=0,0,VLOOKUP(E19,'ORÇ.GLOBAL REF.'!$B$12:$G$1011,6,FALSE())),0) -> 0 | H19: =IF($E19=0,0,'CRONO P CAIXA'!H19) -> 0 | I19: =H19 -> 0 | J19: =IF($E19=0,0,'CRONO P CAIXA'!J19) -> 0 | K19: =I19+J19 -> 0 | L19: =IF($E19=0,0,'CRONO P CAIXA'!L19) -> 0 | M19: =K19+L19 -> 0 | N19: =IF($E19=0,0,'CRONO P CAIXA'!N19) -> 0 | O19: =M19+N19 -> 0 | P19: =IF($E19=0,0,'CRONO P CAIXA'!P19) -> 0 | Q19: =O19+P19 -> 0 | R19: =IF($E19=0,0,'CRONO P CAIXA'!R19) -> 0 | S19: =Q19+R19 -> 0 | T19: =IF($E19=0,0,'CRONO P CAIXA'!T19) -> 0 | U19: =S19+T19 -> 0 | V19: =IF($E19=0,0,'CRONO P CAIXA'!V19) -> 0 | W19: =U19+V19 -> 0 | X19: =IF($E19=0,0,'CRONO P CAIXA'!X19) -> 0 | Y19: =W19+X19 -> 0 | Z19: =IF($E19=0,0,'CRONO P CAIXA'!Z19) -> 0 | AA19: =Y19+Z19 -> 0 | AB19: =IF($E19=0,0,'CRONO P CAIXA'!AB19) -> 0 | AC19: =AA19+AB19 -> 0 | AD19: =IF($E19=0,0,'CRONO P CAIXA'!AD19) -> 0 | AE19: =AC19+AD19 -> 0 | AF19: =IF($E19=0,0,'CRONO P CAIXA'!AF19) -> 0 | AG19: =AE19+AF19 -> 0 | AH19: =IF($E19=0,0,'CRONO P CAIXA'!AH19) -> 0 | AI19: =AG19+AH19 -> 0 | AJ19: =IF($E19=0,0,'CRONO P CAIXA'!AJ19) -> 0 | AK19: =AI19+AJ19 -> 0 | AL19: =IF($E19=0,0,'CRONO P CAIXA'!AL19) -> 0 | AM19: =AK19+AL19 -> 0 | AN19: =IF($E19=0,0,'CRONO P CAIXA'!AN19) -> 0 | AO19: =AM19+AN19 -> 0 | AP19: =IF($E19=0,0,'CRONO P CAIXA'!AP19) -> 0 | AQ19: =AO19+AP19 -> 0
B20: =G20/(SUM($G$9:$G$45)) -> 0 | C20: =G20*($G$47/$G$51) -> 0 | D20: =G20*($G$48/$G$51) -> 0 | E20: =IF('ORÇ.GLOBAL REF.'!A23>'ORÇ.GLOBAL REF.'!$V$12,0,SMALL('ORÇ.GLOBAL REF.'!$U$12:$U$1011,'ORÇ.GLOBAL REF.'!A23)) -> 0 | F20: =IF('ORÇ.GLOBAL REF.'!A23>'ORÇ.GLOBAL REF.'!$V$12,"",VLOOKUP(E20,'ORÇ.GLOBAL REF.'!$B$12:$E$1011,2,FALSE())) | G20: =IFERROR(IF(E20=0,0,VLOOKUP(E20,'ORÇ.GLOBAL REF.'!$B$12:$G$1011,6,FALSE())),0) -> 0 | H20: =IF($E20=0,0,'CRONO P CAIXA'!H20) -> 0 | I20: =H20 -> 0 | J20: =IF($E20=0,0,'CRONO P CAIXA'!J20) -> 0 | K20: =I20+J20 -> 0 | L20: =IF($E20=0,0,'CRONO P CAIXA'!L20) -> 0 | M20: =K20+L20 -> 0 | N20: =IF($E20=0,0,'CRONO P CAIXA'!N20) -> 0 | O20: =M20+N20 -> 0 | P20: =IF($E20=0,0,'CRONO P CAIXA'!P20) -> 0 | Q20: =O20+P20 -> 0 | R20: =IF($E20=0,0,'CRONO P CAIXA'!R20) -> 0 | S20: =Q20+R20 -> 0 | T20: =IF($E20=0,0,'CRONO P CAIXA'!T20) -> 0 | U20: =S20+T20 -> 0 | V20: =IF($E20=0,0,'CRONO P CAIXA'!V20) -> 0 | W20: =U20+V20 -> 0 | X20: =IF($E20=0,0,'CRONO P CAIXA'!X20) -> 0 | Y20: =W20+X20 -> 0 | Z20: =IF($E20=0,0,'CRONO P CAIXA'!Z20) -> 0 | AA20: =Y20+Z20 -> 0 | AB20: =IF($E20=0,0,'CRONO P CAIXA'!AB20) -> 0 | AC20: =AA20+AB20 -> 0 | AD20: =IF($E20=0,0,'CRONO P CAIXA'!AD20) -> 0 | AE20: =AC20+AD20 -> 0 | AF20: =IF($E20=0,0,'CRONO P CAIXA'!AF20) -> 0 | AG20: =AE20+AF20 -> 0 | AH20: =IF($E20=0,0,'CRONO P CAIXA'!AH20) -> 0 | AI20: =AG20+AH20 -> 0 | AJ20: =IF($E20=0,0,'CRONO P CAIXA'!AJ20) -> 0 | AK20: =AI20+AJ20 -> 0 | AL20: =IF($E20=0,0,'CRONO P CAIXA'!AL20) -> 0 | AM20: =AK20+AL20 -> 0 | AN20: =IF($E20=0,0,'CRONO P CAIXA'!AN20) -> 0 | AO20: =AM20+AN20 -> 0 | AP20: =IF($E20=0,0,'CRONO P CAIXA'!AP20) -> 0 | AQ20: =AO20+AP20 -> 0
... B44: =G44/(SUM($G$9:$G$45)) -> 0 | C44: =G44*($G$47/$G$51) -> 0 | D44: =G44*($G$48/$G$51) -> 0 | E44: =IF('ORÇ.GLOBAL REF.'!A47>'ORÇ.GLOBAL REF.'!$V$12,0,SMALL('ORÇ.GLOBAL REF.'!$U$12:$U$1011,'ORÇ.GLOBAL REF.'!A47)) -> 0 | F44: =IF('ORÇ.GLOBAL REF.'!A47>'ORÇ.GLOBAL REF.'!$V$12,"",VLOOKUP(E44,'ORÇ.GLOBAL REF.'!$B$12:$E$1011,2,FALSE())) | G44: =IFERROR(IF(E44=0,0,VLOOKUP(E44,'ORÇ.GLOBAL REF.'!$B$12:$G$1011,6,FALSE())),0) -> 0 | H44: =IF($E44=0,0,'CRONO P CAIXA'!H44) -> 0 | I44: =H44 -> 0 | J44: =IF($E44=0,0,'CRONO P CAIXA'!J44) -> 0 | K44: =I44+J44 -> 0 | L44: =IF($E44=0,0,'CRONO P CAIXA'!L44) -> 0 | M44: =K44+L44 -> 0 | N44: =IF($E44=0,0,'CRONO P CAIXA'!N44) -> 0 | O44: =M44+N44 -> 0 | P44: =IF($E44=0,0,'CRONO P CAIXA'!P44) -> 0 | Q44: =O44+P44 -> 0 | R44: =IF($E44=0,0,'CRONO P CAIXA'!R44) -> 0 | S44: =Q44+R44 -> 0 | T44: =IF($E44=0,0,'CRONO P CAIXA'!T44) -> 0 | U44: =S44+T44 -> 0 | V44: =IF($E44=0,0,'CRONO P CAIXA'!V44) -> 0 | W44: =U44+V44 -> 0 | X44: =IF($E44=0,0,'CRONO P CAIXA'!X44) -> 0 | Y44: =W44+X44 -> 0 | Z44: =IF($E44=0,0,'CRONO P CAIXA'!Z44) -> 0 | AA44: =Y44+Z44 -> 0 | AB44: =IF($E44=0,0,'CRONO P CAIXA'!AB44) -> 0 | AC44: =AA44+AB44 -> 0 | AD44: =IF($E44=0,0,'CRONO P CAIXA'!AD44) -> 0 | AE44: =AC44+AD44 -> 0 | AF44: =IF($E44=0,0,'CRONO P CAIXA'!AF44) -> 0 | AG44: =AE44+AF44 -> 0 | AH44: =IF($E44=0,0,'CRONO P CAIXA'!AH44) -> 0 | AI44: =AG44+AH44 -> 0 | AJ44: =IF($E44=0,0,'CRONO P CAIXA'!AJ44) -> 0 | AK44: =AI44+AJ44 -> 0 | AL44: =IF($E44=0,0,'CRONO P CAIXA'!AL44) -> 0 | AM44: =AK44+AL44 -> 0 | AN44: =IF($E44=0,0,'CRONO P CAIXA'!AN44) -> 0 | AO44: =AM44+AN44 -> 0 | AP44: =IF($E44=0,0,'CRONO P CAIXA'!AP44) -> 0 | AQ44: =AO44+AP44 -> 0
B45: =G45/(SUM($G$9:$G$45)) -> 0 | C45: =G45*($G$47/$G$51) -> 0 | D45: =G45*($G$48/$G$51) -> 0 | E45: =IF('ORÇ.GLOBAL REF.'!A48>'ORÇ.GLOBAL REF.'!$V$12,0,SMALL('ORÇ.GLOBAL REF.'!$U$12:$U$1011,'ORÇ.GLOBAL REF.'!A48)) -> 0 | F45: =IF('ORÇ.GLOBAL REF.'!A48>'ORÇ.GLOBAL REF.'!$V$12,"",VLOOKUP(E45,'ORÇ.GLOBAL REF.'!$B$12:$E$1011,2,FALSE())) | G45: =IFERROR(IF(E45=0,0,VLOOKUP(E45,'ORÇ.GLOBAL REF.'!$B$12:$G$1011,6,FALSE())),0) -> 0 | H45: =IF(E45=0,0,'CRONO P CAIXA'!H45) -> 0 | I45: =H45 -> 0 | J45: =IF(G45=0,0,'CRONO P CAIXA'!J45) -> 0 | K45: =I45+J45 -> 0 | L45: =IF(I45=0,0,'CRONO P CAIXA'!L45) -> 0 | M45: =K45+L45 -> 0 | N45: =IF(K45=0,0,'CRONO P CAIXA'!N45) -> 0 | O45: =M45+N45 -> 0 | P45: =IF(M45=0,0,'CRONO P CAIXA'!P45) -> 0 | Q45: =O45+P45 -> 0 | R45: =IF(O45=0,0,'CRONO P CAIXA'!R45) -> 0 | S45: =Q45+R45 -> 0 | T45: =IF(Q45=0,0,'CRONO P CAIXA'!T45) -> 0 | U45: =S45+T45 -> 0 | V45: =IF(S45=0,0,'CRONO P CAIXA'!V45) -> 0 | W45: =U45+V45 -> 0 | X45: =IF(U45=0,0,'CRONO P CAIXA'!X45) -> 0 | Y45: =W45+X45 -> 0 | Z45: =IF(W45=0,0,'CRONO P CAIXA'!Z45) -> 0 | AA45: =Y45+Z45 -> 0 | AB45: =IF(Y45=0,0,'CRONO P CAIXA'!AB45) -> 0 | AC45: =AA45+AB45 -> 0 | AD45: =IF(AA45=0,0,'CRONO P CAIXA'!AD45) -> 0 | AE45: =AC45+AD45 -> 0 | AF45: =IF(AC45=0,0,'CRONO P CAIXA'!AF45) -> 0 | AG45: =AE45+AF45 -> 0 | AH45: =IF(AE45=0,0,'CRONO P CAIXA'!AH45) -> 0 | AI45: =AG45+AH45 -> 0 | AJ45: =IF(AG45=0,0,'CRONO P CAIXA'!AJ45) -> 0 | AK45: =AI45+AJ45 -> 0 | AL45: =IF(AI45=0,0,'CRONO P CAIXA'!AL45) -> 0 | AM45: =AK45+AL45 -> 0 | AN45: =IF(AK45=0,0,'CRONO P CAIXA'!AN45) -> 0 | AO45: =AM45+AN45 -> 0 | AP45: =IF(AM45=0,0,'CRONO P CAIXA'!AP45) -> 0 | AQ45: =AO45+AP45 -> 0
B46: =SUM(B9:B45) -> 1 | C46: =SUM(C9:C45) -> 0 | D46: =SUM(D9:D45) -> 41766.75 | F46: TOTAL (%) | H46: =SUMPRODUCT($B$9:$B$45,H9:H45) -> 0 | I46: =SUMPRODUCT($B$9:$B$45,I9:I45) -> 0 | J46: =SUMPRODUCT($B$9:$B$45,J9:J45) -> 0 | K46: =SUMPRODUCT($B$9:$B$45,K9:K45) -> 0 | L46: =SUMPRODUCT($B$9:$B$45,L9:L45) -> 0 | M46: =SUMPRODUCT($B$9:$B$45,M9:M45) -> 0 | N46: =SUMPRODUCT($B$9:$B$45,N9:N45) -> 0 | O46: =SUMPRODUCT($B$9:$B$45,O9:O45) -> 0 | ... AQ46: =SUMPRODUCT($B$9:$B$45,AQ9:AQ45) -> 0
F47: REPASSE | G47: =INFORMAÇÕES!$Q59 -> 0 | H47: =SUMPRODUCT($C$9:$C$45,H9:H45)/100 -> 0 | J47: =SUMPRODUCT($C$9:$C$45,J9:J45)/100 -> 0 | L47: =SUMPRODUCT($C$9:$C$45,L9:L45)/100 -> 0 | N47: =SUMPRODUCT($C$9:$C$45,N9:N45)/100 -> 0 | P47: =SUMPRODUCT($C$9:$C$45,P9:P45)/100 -> 0 | R47: =SUMPRODUCT($C$9:$C$45,R9:R45)/100 -> 0 | T47: =SUMPRODUCT($C$9:$C$45,T9:T45)/100 -> 0 | V47: =SUMPRODUCT($C$9:$C$45,V9:V45)/100 -> 0 | X47: =SUMPRODUCT($C$9:$C$45,X9:X45)/100 -> 0 | Z47: =SUMPRODUCT($C$9:$C$45,Z9:Z45)/100 -> 0 | AB47: =SUMPRODUCT($C$9:$C$45,AB9:AB45)/100 -> 0 | AD47: =SUMPRODUCT($C$9:$C$45,AD9:AD45)/100 -> 0 | AF47: =SUMPRODUCT($C$9:$C$45,AF9:AF45)/100 -> 0 | AH47: =SUMPRODUCT($C$9:$C$45,AH9:AH45)/100 -> 0 | AJ47: =SUMPRODUCT($C$9:$C$45,AJ9:AJ45)/100 -> 0 | AL47: =SUMPRODUCT($C$9:$C$45,AL9:AL45)/100 -> 0 | AN47: =SUMPRODUCT($C$9:$C$45,AN9:AN45)/100 -> 0 | AP47: =SUMPRODUCT($C$9:$C$45,AP9:AP45)/100 -> 0
F48: Contrapartida Financeira | G48: =INFORMAÇÕES!$Q60 -> 41766.75 | H48: =SUMPRODUCT($D$9:$D$45,H9:H45)/100 -> 0 | J48: =SUMPRODUCT($D$9:$D$45,J9:J45)/100 -> 0 | L48: =SUMPRODUCT($D$9:$D$45,L9:L45)/100 -> 0 | N48: =SUMPRODUCT($D$9:$D$45,N9:N45)/100 -> 0 | P48: =SUMPRODUCT($D$9:$D$45,P9:P45)/100 -> 0 | R48: =SUMPRODUCT($D$9:$D$45,R9:R45)/100 -> 0 | T48: =SUMPRODUCT($D$9:$D$45,T9:T45)/100 -> 0 | V48: =SUMPRODUCT($D$9:$D$45,V9:V45)/100 -> 0 | X48: =SUMPRODUCT($D$9:$D$45,X9:X45)/100 -> 0 | Z48: =SUMPRODUCT($D$9:$D$45,Z9:Z45)/100 -> 0 | AB48: =SUMPRODUCT($D$9:$D$45,AB9:AB45)/100 -> 0 | AD48: =SUMPRODUCT($D$9:$D$45,AD9:AD45)/100 -> 0 | AF48: =SUMPRODUCT($D$9:$D$45,AF9:AF45)/100 -> 0 | AH48: =SUMPRODUCT($D$9:$D$45,AH9:AH45)/100 -> 0 | AJ48: =SUMPRODUCT($D$9:$D$45,AJ9:AJ45)/100 -> 0 | AL48: =SUMPRODUCT($D$9:$D$45,AL9:AL45)/100 -> 0 | AN48: =SUMPRODUCT($D$9:$D$45,AN9:AN45)/100 -> 0 | AP48: =SUMPRODUCT($D$9:$D$45,AP9:AP45)/100 -> 0
F49: Contrapartida Física | G49: 0 | H49: 0 | J49: 0 | L49: 0 | N49: 0 | P49: 0 | R49: 0 | T49: 0 | V49: 0 | X49: 0 | Z49: 0 | AB49: 0 | AD49: 0 | AF49: 0 | AH49: 0 | AJ49: 0 | AL49: 0 | AN49: 0 | AP49: 0
F50: Outras Fontes | G50: =INFORMAÇÕES!$Q61 -> 0 | H50: 0 | J50: 0 | L50: 0 | N50: 0 | P50: 0 | R50: 0 | T50: 0 | V50: 0 | X50: 0 | Z50: 0 | AB50: 0 | AD50: 0 | AF50: 0 | AH50: 0 | AJ50: 0 | AL50: 0 | AN50: 0 | AP50: 0
F51: TOTAL (R$) | G51: =INFORMAÇÕES!Q62 -> 41766.75 | H51: =SUM(H47:I50) -> 0 | J51: =SUM(J47:K50) -> 0 | L51: =SUM(L47:M50) -> 0 | N51: =SUM(N47:O50) -> 0 | P51: =SUM(P47:Q50) -> 0 | R51: =SUM(R47:S50) -> 0 | T51: =SUM(T47:U50) -> 0 | V51: =SUM(V47:W50) -> 0 | X51: =SUM(X47:Y50) -> 0 | Z51: =SUM(Z47:AA50) -> 0 | AB51: =SUM(AB47:AC50) -> 0 | AD51: =SUM(AD47:AE50) -> 0 | AF51: =SUM(AF47:AG50) -> 0 | AH51: =SUM(AH47:AI50) -> 0 | AJ51: =SUM(AJ47:AK50) -> 0 | AL51: =SUM(AL47:AM50) -> 0 | AN51: =SUM(AN47:AO50) -> 0 | AP51: =SUM(AP47:AQ50) -> 0
F52: ACUMULADO (R$) | H52: =H51 -> 0 | J52: =H52+J51 -> 0 | L52: =J52+L51 -> 0 | N52: =L52+N51 -> 0 | P52: =N52+P51 -> 0 | R52: =P52+R51 -> 0 | T52: =R52+T51 -> 0 | V52: =T52+V51 -> 0 | X52: =V52+X51 -> 0 | Z52: =X52+Z51 -> 0 | AB52: =Z52+AB51 -> 0 | AD52: =AB52+AD51 -> 0 | AF52: =AD52+AF51 -> 0 | AH52: =AF52+AH51 -> 0 | AJ52: =AH52+AJ51 -> 0 | AL52: =AJ52+AL51 -> 0 | AN52: =AL52+AN51 -> 0 | AP52: =AN52+AP51 -> 0
E53: ='ORÇ.GLOBAL REF.'!E1018 -> Responsável Técnico do Município de Castro
E54: Carimbo e Assinatura | N54: ='ORÇ.GLOBAL P CAIXA'!B1017 -> Castro, | P54: ='ORÇ.GLOBAL P CAIXA'!C1017 -> 45414 | Z54: =N54 -> Castro, | AB54: =P54 -> 45414 | AL54: =Z54 -> Castro, | AN54: =AB54 -> 45414
N55: Local e Data | Z55: =N55 -> Local e Data | AL55: =Z55 -> Local e Data

Sheet BDI EMPRESA
D1: Abaixo é possível lançar o BDI 1 e 2. | M1: Nº | N1: ▼ BDI ▼ | R1: I | S1: TIPO | T1: 1º QUARTIL | U1: MÉDIO | V1: 3º QUARTIL | W1: =VLOOKUP(C6,$L$14:$M$19,2,FALSE()) -> 1 | X1: 1º QUARTIL | Y1: MÉDIO | Z1: 3º QUARTIL | AA1: PROPOSTO | AC1: BDI 1
B2: Composição do BDI 1 - Padrão | M2: 1 | N2: =IF(ISERROR(M12),"Rever BDI em 'Composição do BDI 1'",C6) -> Construção de edifícios | P2: =IF(N20<>0,ROUND(AB13,4),ROUND(AB12,4)) -> 0.0183 | R2: 10 | S2: Construção de edifícios | T2: 0.2034 | U2: 0.2212 | V2: 0.25 | W2: =W1*10 -> 10 | X2: =VLOOKUP($W2,$R$2:$V$55,3) -> 0.2034 | Y2: =VLOOKUP($W2,$R$2:$V$55,4) -> 0.2212 | Z2: =VLOOKUP($W2,$R$2:$V$55,5) -> 0.25
B3: =CONCATENATE('ORÇ.GLOBAL REF.'!D6," ",'ORÇ.GLOBAL REF.'!G6) -> Nº do Contrato de Repasse/Financ.: | M3: 2 | N3: =IF(ISERROR(M13),"Rever BDI em 'Composição do BDI 2'",C51) -> Rever BDI em 'Composição do BDI 2' | P3: =IF(N20<>0,ROUND(AB27,4),ROUND(AB26,4)) -> 0 | R3: =R2+1 -> 11 | S3: Administração Central | T3: 0.03 | U3: 0.04 | V3: 0.055 | W3: =IF(W$2=10,(R3),IF(W$2=20,(R3+10),IF(W$2=30,(R3+20),IF(W$2=40,(R3+30),IF(W$2=50,(R3+40),IF(W$2=60,(R3+50))))))) -> 11 | X3: =VLOOKUP($W3,$R$2:$V$55,3) -> 0.03 | Y3: =VLOOKUP($W3,$R$2:$V$55,4) -> 0.04 | Z3: =VLOOKUP($W3,$R$2:$V$55,5) -> 0.055 | AA3: =F16 -> 0
B4: =CONCATENATE('ORÇ.GLOBAL REF.'!B8," ",'ORÇ.GLOBAL REF.'!C8) -> Empreendimento: SUBSTITUIÇÃO TELHAS UBS SOCAVÃO | M4: 3 | N4: Inserir outro tipo - Se necessário: | R4: =R3+1 -> 12 | S4: Seguro e Garantia | T4: 0.008 | U4: 0.008 | V4: 0.01 | W4: =IF(W$2=10,(R4),IF(W$2=20,(R4+10),IF(W$2=30,(R4+20),IF(W$2=40,(R4+30),IF(W$2=50,(R4+40),IF(W$2=60,(R4+50))))))) -> 12 | X4: =VLOOKUP($W4,$R$2:$V$55,3) -> 0.008 | Y4: =VLOOKUP($W4,$R$2:$V$55,4) -> 0.008 | Z4: =VLOOKUP($W4,$R$2:$V$55,5) -> 0.01 | AA4: =F17 -> 0
B5: =CONCATENATE('ORÇ.GLOBAL REF.'!B6," ",'ORÇ.GLOBAL REF.'!C6) -> Programa: | R5: =R4+1 -> 13 | S5: Risco | T5: 0.0097 | U5: 0.0127 | V5: 0.0127 | W5: =IF(W$2=10,(R5),IF(W$2=20,(R5+10),IF(W$2=30,(R5+20),IF(W$2=40,(R5+30),IF(W$2=50,(R5+40),IF(W$2=60,(R5+50))))))) -> 13 | X5: =VLOOKUP($W5,$R$2:$V$55,3) -> 0.0097 | Y5: =VLOOKUP($W5,$R$2:$V$55,4) -> 0.0127 | Z5: =VLOOKUP($W5,$R$2:$V$55,5) -> 0.0127 | AA5: =F18 -> 0
B6: Tipo de obra: | C6: ='BDI REF.'!C6 -> Construção de edifícios | R6: =R5+1 -> 14 | S6: Despesas Financeiras | T6: 0.0059 | U6: 0.0123 | V6: 0.0139 | W6: =IF(W$2=10,(R6),IF(W$2=20,(R6+10),IF(W$2=30,(R6+20),IF(W$2=40,(R6+30),IF(W$2=50,(R6+40),IF(W$2=60,(R6+50))))))) -> 14 | X6: =VLOOKUP($W6,$R$2:$V$55,3) -> 0.0059 | Y6: =VLOOKUP($W6,$R$2:$V$55,4) -> 0.0123 | Z6: =VLOOKUP($W6,$R$2:$V$55,5) -> 0.0139 | AA6: =F19 -> 0
A7: 1 | R7: =R6+1 -> 15 | S7: Lucro | T7: 0.0616 | U7: 0.074 | V7: 0.0896 | W7: =IF(W$2=10,(R7),IF(W$2=20,(R7+10),IF(W$2=30,(R7+20),IF(W$2=40,(R7+30),IF(W$2=50,(R7+40),IF(W$2=60,(R7+50))))))) -> 15 | X7: =VLOOKUP($W7,$R$2:$V$55,3) -> 0.0616 | Y7: =VLOOKUP($W7,$R$2:$V$55,4) -> 0.074 | Z7: =VLOOKUP($W7,$R$2:$V$55,5) -> 0.0896 | AA7: =F20 -> 0
A8: 2 | B8: Conforme Lei n°13.161/15, este orçamento está enquadrado em relação a DESONERAÇÃO da folha de pagamento: | R8: =R7+1 -> 16 | S8: PIS e COFINS | W8: =IF(W$2=10,(R8),IF(W$2=20,(R8+10),IF(W$2=30,(R8+20),IF(W$2=40,(R8+30),IF(W$2=50,(R8+40),IF(W$2=60,(R8+50))))))) -> 16 | AA8: =F21 -> 0
A9: 3 | R9: =R8+1 -> 17 | S9: ISSQN | W9: =IF(W$2=10,(R9),IF(W$2=20,(R9+10),IF(W$2=30,(R9+20),IF(W$2=40,(R9+30),IF(W$2=50,(R9+40),IF(W$2=60,(R9+50))))))) -> 17 | AA9: =F25 -> 0.018
A10: 4 | B10: *** ESCOLHER COM OU SEM DESONERAÇÃO *** | R10: =R9+1 -> 18 | S10: Cont.Prev s/Rec.Bruta (Lei 12844/13 - Desoneração) | W10: =IF(W$2=10,(R10),IF(W$2=20,(R10+10),IF(W$2=30,(R10+20),IF(W$2=40,(R10+30),IF(W$2=50,(R10+40),IF(W$2=60,(R10+50))))))) -> 18 | AA10: =F26 -> 0.045
A11: 5 | R11: 20 | S11: Construção de rodovias e ferrovias | T11: 0.196 | U11: 0.2097 | V11: 0.2423
A12: 6 | L12: BDI 1 | M12: =VLOOKUP(C6,L14:M19,2,) -> 1 | R12: =R3+10 -> 21 | S12: =S$3 -> Administração Central | T12: 0.038 | U12: 0.0401 | V12: 0.0467 | X12: BDI C = [(1+AC+S+G+R)X(1+DF)X(1+L)/(1-I1-I2)]-1 | AB12: =ROUND(((1+AA3+AA4+AA5)*(1+AA6)*(1+AA7)/(1-AA8-AA9)-1),4) -> 0.0183 | AC12: =IF(AB12<X2,"ATENÇÃO! BDI inferior ao 1º quartil - OBRIGATÓRIA APRESENTAÇÃO DE JUSTIFICATIVA!",IF(AB12>Z2,"ATENÇÃO! BDI superior ao 3º quartil - OBRIGATÓRIA APRESENTAÇÃO DE JUSTIFICATIVA!","")) -> ATENÇÃO! BDI inferior ao 1º quartil - OBRIGATÓRIA APRESENTAÇÃO DE JUSTIFICATIVA!
L13: BDI 2 | M13: =VLOOKUP(C51,L14:M19,2,) -> #N/A | R13: =R4+10 -> 22 | S13: =S$4 -> Seguro e Garantia | T13: 0.0032 | U13: 0.004 | V13: 0.0074 | X13: BDI S = [(1+AC+S+G+R)X(1+DF)X(1+L)/(1-I1-I2-I3)]-1 | AB13: =ROUND(((1+AA3+AA4+AA5)*(1+AA6)*(1+AA7)/(1-AA8-AA9-AA10)-1),4) -> 0.0672
C14: Intervalo de admissibilidade | L14: Construção de edifícios | M14: 1 | N14: Informe a base de cálculo do ISSQN. | R14: =R5+10 -> 23 | S14: =S$5 -> Risco | T14: 0.005 | U14: 0.0056 | V14: 0.0097 | AC14: BDI 2
B15: Item Componente do BDI | C15: 1º Quartil | D15: Médio | E15: 3º Quartil | F15: Valores Propostos | L15: Construção de rodovias e ferrovias | M15: 2 | N15: =IF(N16<>0,"","( X )") -> ( X ) | O15: SOBRE SERVIÇOS | R15: =R6+10 -> 24 | S15: =S$6 -> Despesas Financeiras | T15: 0.0102 | U15: 0.0111 | V15: 0.0121 | W15: =VLOOKUP(C51,$L$14:$M$19,2,FALSE()) -> #N/A | X15: 1º QUARTIL | Y15: MÉDIO | Z15: 3º QUARTIL | AA15: PROPOSTO
B16: AC: Administração Central | C16: =X3 -> 0.03 | D16: =Y3 -> 0.04 | E16: =Z3 -> 0.055 | G16: =IF(F16=0,"",IF(F16<C16,"Atenção, observar os intervalos!",IF(F16>E16,"Atenção, observar os intervalos!",""))) | L16: Construção de redes de abastecimento de água, coleta de esgoto e construções correlatas | M16: 3 | O16: SOBRE MÃO-DE-OBRA | R16: =R7+10 -> 25 | S16: =S$7 -> Lucro | T16: 0.0664 | U16: 0.073 | V16: 0.0869 | W16: =$W$15*10 -> #N/A | X16: =VLOOKUP($W16,$R$2:$V$55,3) -> #N/A | Y16: =VLOOKUP($W16,$R$2:$V$55,4) -> #N/A | Z16: =VLOOKUP($W16,$R$2:$V$55,5) -> #N/A
B17: S: Seguro e Garantia | C17: =X4 -> 0.008 | D17: =Y4 -> 0.008 | E17: =Z4 -> 0.01 | G17: =IF(F17=0,"",IF(F17<C17,"Atenção, observar os intervalos!",IF(F17>E17,"Atenção, observar os intervalos!",""))) | L17: Construção e manutenção de estações e redes de distribuição de energia elétrica | M17: 4 | N17: Informe a ocorrência da DESONERAÇÃO da folha de pagamento. Lei 12844/2013. | R17: =R8+10 -> 26 | S17: =S$8 -> PIS e COFINS | W17: =IF(W$16=10,(R3),IF(W$16=20,(R3+10),IF(W$16=30,(R3+20),IF(W$16=40,(R3+30),IF(W$16=50,(R3+40),IF(W$16=60,(R3+50))))))) -> #N/A | X17: =VLOOKUP($W17,$R$2:$V$55,3) -> #N/A | Y17: =VLOOKUP($W17,$R$2:$V$55,4) -> #N/A | Z17: =VLOOKUP($W17,$R$2:$V$55,5) -> #N/A | AA17: =F61 -> 0
B18: R: Risco | C18: =X5 -> 0.0097 | D18: =Y5 -> 0.0127 | E18: =Z5 -> 0.0127 | G18: =IF(F18=0,"",IF(F18<C18,"Atenção, observar os intervalos!",IF(F18>E18,"Atenção, observar os intervalos!",""))) | L18: Obras portuárias, marítimas e fluviais | M18: 5 | O18: *** ESCOLHER COM OU SEM DESONERAÇÃO *** | R18: =R9+10 -> 27 | S18: =S$9 -> ISSQN | W18: =IF(W$16=10,(R4),IF(W$16=20,(R4+10),IF(W$16=30,(R4+20),IF(W$16=40,(R4+30),IF(W$16=50,(R4+40),IF(W$16=60,(R4+50))))))) -> #N/A | X18: =VLOOKUP($W18,$R$2:$V$55,3) -> #N/A | Y18: =VLOOKUP($W18,$R$2:$V$55,4) -> #N/A | Z18: =VLOOKUP($W18,$R$2:$V$55,5) -> #N/A | AA18: =F62 -> 0
B19: DF: Despesas Financeiras | C19: =X6 -> 0.0059 | D19: =Y6 -> 0.0123 | E19: =Z6 -> 0.0139 | G19: =IF(F19=0,"",IF(F19<C19,"Atenção, observar os intervalos!",IF(F19>E19,"Atenção, observar os intervalos!",""))) | L19: Fornecimento de materiais e equipamentos | M19: 6 | N19: =IF(N20<>0,0,"( X )") -> ( X ) | O19: SEM DESONERAÇÃO | R19: =R10+10 -> 28 | S19: =S$10 -> Cont.Prev s/Rec.Bruta (Lei 12844/13 - Desoneração) | W19: =IF(W$16=10,(R5),IF(W$16=20,(R5+10),IF(W$16=30,(R5+20),IF(W$16=40,(R5+30),IF(W$16=50,(R5+40),IF(W$16=60,(R5+50))))))) -> #N/A | X19: =VLOOKUP($W19,$R$2:$V$55,3) -> #N/A | Y19: =VLOOKUP($W19,$R$2:$V$55,4) -> #N/A | Z19: =VLOOKUP($W19,$R$2:$V$55,5) -> #N/A | AA19: =F63 -> 0
B20: L: Lucro | C20: =X7 -> 0.0616 | D20: =Y7 -> 0.074 | E20: =Z7 -> 0.0896 | G20: =IF(F20=0,"",IF(F20<C20,"Atenção, observar os intervalos!",IF(F20>E20,"Atenção, observar os intervalos!",""))) | N20: =IF(B10=O20,"( X )",0) -> 0 | O20: COM DESONERAÇÃO | R20: 30 | S20: Construção de redes de abastecimento de água, coletora de esgoto e construções correlatas | T20: 0.2076 | U20: 0.2418 | V20: 0.2644 | W20: =IF(W$16=10,(R6),IF(W$16=20,(R6+10),IF(W$16=30,(R6+20),IF(W$16=40,(R6+30),IF(W$16=50,(R6+40),IF(W$16=60,(R6+50))))))) -> #N/A | X20: =VLOOKUP($W20,$R$2:$V$55,3) -> #N/A | Y20: =VLOOKUP($W20,$R$2:$V$55,4) -> #N/A | Z20: =VLOOKUP($W20,$R$2:$V$55,5) -> #N/A | AA20: =F64 -> 0
B21: I1: PIS e COFINS | L21: BDI incluso no custo unit? | R21: =R12+10 -> 31 | S21: =S$3 -> Administração Central | T21: 0.0343 | U21: 0.0493 | V21: 0.0671 | W21: =IF(W$16=10,(R7),IF(W$16=20,(R7+10),IF(W$16=30,(R7+20),IF(W$16=40,(R7+30),IF(W$16=50,(R7+40),IF(W$16=60,(R7+50))))))) -> #N/A | X21: =VLOOKUP($W21,$R$2:$V$55,3) -> #N/A | Y21: =VLOOKUP($W21,$R$2:$V$55,4) -> #N/A | Z21: =VLOOKUP($W21,$R$2:$V$55,5) -> #N/A | AA21: =F65 -> 0
B22: ISSQN (conforme legislação municipal) | G22: =X1 -> 1º QUARTIL | H22: =Y1 -> MÉDIO | I22: =Z1 -> 3º QUARTIL | L22: ( X ) | M22: SIM | R22: =R13+10 -> 32 | S22: =S$4 -> Seguro e Garantia | T22: 0.0028 | U22: 0.0049 | V22: 0.0075 | W22: =IF(W$16=10,(R8),IF(W$16=20,(R8+10),IF(W$16=30,(R8+20),IF(W$16=40,(R8+30),IF(W$16=50,(R8+40),IF(W$16=60,(R8+50))))))) -> #N/A | AA22: =F66 -> 0
B23: A base de cálculo do ISSQN é: | D23: (A) Alíquota ISS: | F23: (B) Base de Cálculo: | G23: =X2 -> 0.2034 | H23: =Y2 -> 0.2212 | I23: =Z2 -> 0.25 | L23: =IF(L22<>0,"","( X )") | M23: NÃO | R23: =R14+10 -> 33 | S23: =S$5 -> Risco | T23: 0.01 | U23: 0.0139 | V23: 0.0174 | W23: =IF(W$16=10,(R9),IF(W$16=20,(R9+10),IF(W$16=30,(R9+20),IF(W$16=40,(R9+30),IF(W$16=50,(R9+40),IF(W$16=60,(R9+50))))))) -> #N/A | AA23: =F70 -> 0
B24: ='BDI REF.'!B24 -> SOBRE MÃO-DE-OBRA | D24: ='BDI REF.'!D24 -> 0.03 | F24: ='BDI REF.'!F24 -> 0.6 | R24: =R15+10 -> 34 | S24: =S$6 -> Despesas Financeiras | T24: 0.0094 | U24: 0.0099 | V24: 0.0117 | W24: =IF(W$16=10,(R10),IF(W$16=20,(R10+10),IF(W$16=30,(R10+20),IF(W$16=40,(R10+30),IF(W$16=50,(R10+40),IF(W$16=60,(R10+50))))))) -> #N/A | AA24: =F71 -> 0.045
B25: I2: ISSQN (para fins de orçamento) - (A) x (B) | F25: =D24*F24 -> 0.018 | R25: =R16+10 -> 35 | S25: =S$7 -> Lucro | T25: 0.0674 | U25: 0.0804 | V25: 0.094
B26: I3: Cont.Prev s/Rec.Bruta (Lei n°13.161/15 - Desoneração) | F26: 0.045 | R26: =R17+10 -> 36 | S26: =S$8 -> PIS e COFINS | X26: BDI C = [(1+AC+S+G+R)X(1+DF)X(1+L)/(1-I1-I2)]-1 | AB26: =ROUND(((1+AA17+AA18+AA19)*(1+AA20)*(1+AA21)/(1-AA22-AA23)-1),4) -> 0 | AC26: =IF(AB26<X16,"ATENÇÃO! BDI inferior ao 1º quartil - OBRIGATÓRIA APRESENTAÇÃO DE JUSTIFICATIVA!",IF(AB26>Z16,"ATENÇÃO! BDI superior ao 3º quartil - OBRIGATÓRIA APRESENTAÇÃO DE JUSTIFICATIVA!","")) -> #N/A
B27: BDI incluso no custo unit? | C27: ( X ) | D27: SIM | E27: =IF(C27<>0,"","( X )") | F27: NÃO | R27: =R18+10 -> 37 | S27: =S$9 -> ISSQN | X27: BDI S = [(1+AC+S+G+R)X(1+DF)X(1+L)/(1-I1-I2-I3)]-1 | AB27: =ROUND(((1+AA17+AA18+AA19)*(1+AA20)*(1+AA21)/(1-AA22-AA23-AA24)-1),4) -> 0.0471
B28: BDI conforme Acórdão 2622/2013 - TCU | F28: =ROUND((((1+SUM(F$16:F$18))*(1+F$19)*(1+F$20))/(1-SUM(F$21,F$25)))-1,4) -> 0.0183 | G28: =AC12 -> ATENÇÃO! BDI inferior ao 1º quartil - OBRIGATÓRIA APRESENTAÇÃO DE JUSTIFICATIVA! | R28: =R19+10 -> 38 | S28: =S$10 -> Cont.Prev s/Rec.Bruta (Lei 12844/13 - Desoneração)
B29: BDI Adotado (com desoneração) | F29: =ROUND((((1+SUM(F$16:F$18))*(1+F$19)*(1+F$20))/(1-SUM(F$21,F$25,F26)))-1,4) -> 0.0672 | R29: 40 | S29: Construção e manutenção de estações e redes de distribuição de energia elétrica | T29: 0.24 | U29: 0.2584 | V29: 0.2786
R30: =R21+10 -> 41 | S30: =S$3 -> Administração Central | T30: 0.0529 | U30: 0.0592 | V30: 0.0793
B31: Declaramos que esta planilha foi elaborada conforme equação para cálculo do percentual do BDI recomendada pelo Acórdão 2622/2013 - TCU, representada pela fórmula abaixo. | M31: ▼Digite o Encargo social (hora)▼ | R31: =R22+10 -> 42 | S31: =S$4 -> Seguro e Garantia | T31: 0.0025 | U31: 0.0051 | V31: 0.0056
R32: =R23+10 -> 43 | S32: =S$5 -> Risco | T32: 0.01 | U32: 0.0148 | V32: 0.0197
B33: BDI - SEM Desoneração = [(1+AC+S+G+R)X(1+DF)X(1+L)/(1-I1-I2)]-1 | M33: =IF(N20>0,88.33,117.57) -> 117.57 | R33: =R24+10 -> 44 | S33: =S$6 -> Despesas Financeiras | T33: 0.0101 | U33: 0.0107 | V33: 0.0111
B34: BDI - COM Desoneração = [(1+AC+S+G+R)X(1+DF)X(1+L)/(1-I1-I2-I3)]-1 | M34: ▼Digite o Encargo social (mês)▼ | R34: =R25+10 -> 45 | S34: =S$7 -> Lucro | T34: 0.08 | U34: 0.0831 | V34: 0.0951
R35: =R26+10 -> 46 | S35: =S$8 -> PIS e COFINS
B36: ____________________________________________ | R36: =R27+10 -> 47 | S36: =S$9 -> ISSQN
B37: =CONCATENATE("Responsável Técnico da Empresa ",'ORÇ.GLOBAL EMPRESA'!C2) -> Responsável Técnico da Empresa | M37: =IF(N20>0,50.67,74.17) -> 74.17 | R37: =R28+10 -> 48 | S37: =S$10 -> Cont.Prev s/Rec.Bruta (Lei 12844/13 - Desoneração)
B38: Carimbo e Assinatura | R38: 50 | S38: Obras portuárias, marítimas e fluviais | T38: 0.228 | U38: 0.2748 | V38: 0.3095
B39: Declarações do Tomador dos Recursos: | R39: =R30+10 -> 51 | S39: =S$3 -> Administração Central | T39: 0.04 | U39: 0.0552 | V39: 0.0785
B40: =CONCATENATE("Declaro, conforme legislação tributária municipal, que a alíquota do ISS é de ",D24*100,"%, que a sua base de cálculo é ",B24,", e para fins de orçamento considera-se a incidência de ",F24*100,"% sobre o valor total do orçamento."," Declaro, ainda, que a alternativa mais adequada para a Administração Pública, no caso desta obra em referência, é a adoção do ORÇAMENTO ",B10,", considerando-se a Lei n°13.161/2015 que trata da desoneração sobre a folha de pagamento.") -> Declaro, conforme legislação tributária municipal, que a alíquota do ISS é de 3%, que a sua base de cálculo é SOBRE MÃO-DE-OBRA, e para fins de orçamento considera-se a incidência de 60% sobre o valor total do orçamento. Declaro, ainda, que a alternativa mais adequada para a Administração Pública, no caso desta obra em referência, é a adoção do ORÇAMENTO *** ESCOLHER COM OU SEM DESONERAÇÃO ***, considerando-se a Lei n°13.161/2015 que trata da desoneração sobre a folha de pagamento. | R40: =R31+10 -> 52 | S40: =S$4 -> Seguro e Garantia | T40: 0.0081 | U40: 0.0122 | V40: 0.0199
B41: x____________________________________________________ | R41: =R32+10 -> 53 | S41: =S$5 -> Risco | T41: 0.0146 | U41: 0.0232 | V41: 0.0316
B42: Nome: | C42: =IF('BDI REF.'!C42>0,'BDI REF.'!C42,"") | R42: =R33+10 -> 54 | S42: =S$6 -> Despesas Financeiras | T42: 0.0094 | U42: 0.0102 | V42: 0.0133
B43: Cargo (respons legal): | C43: =IF('BDI REF.'!C43>0,'BDI REF.'!C43,"") | R43: =R34+10 -> 55 | S43: =S$7 -> Lucro | T43: 0.0714 | U43: 0.084 | V43: 0.1043
B44: CPF: | C44: =IF('BDI REF.'!C44>0,'BDI REF.'!C44,"") | R44: =R35+10 -> 56 | S44: =S$8 -> PIS e COFINS
R45: =R36+10 -> 57 | S45: =S$9 -> ISSQN
R46: =R37+10 -> 58 | S46: =S$10 -> Cont.Prev s/Rec.Bruta (Lei 12844/13 - Desoneração)
B47: Composição do BDI 2 - Diferenciado | R47: 60 | S47: Fornecimento de materiais e equipamentos | T47: 0.111 | U47: 0.1402 | V47: 0.168
B48: =B3 -> Nº do Contrato de Repasse/Financ.: | R48: =R39+10 -> 61 | S48: =S$3 -> Administração Central | T48: 0.015 | U48: 0.0345 | V48: 0.0449
B49: =B4 -> Empreendimento: SUBSTITUIÇÃO TELHAS UBS SOCAVÃO | R49: =R40+10 -> 62 | S49: =S$4 -> Seguro e Garantia | T49: 0.003 | U49: 0.0048 | V49: 0.0082
B50: =B5 -> Programa: | R50: =R41+10 -> 63 | S50: =S$5 -> Risco | T50: 0.0056 | U50: 0.0085 | V50: 0.0089
B51: Tipo de obra: | C51: ='BDI REF.'!C51 -> *** ESCOLHER O TIPO DE OBRA *** | R51: =R42+10 -> 64 | S51: =S$6 -> Despesas Financeiras | T51: 0.0085 | U51: 0.0085 | V51: 0.0111
R52: =R43+10 -> 65 | S52: =S$7 -> Lucro | T52: 0.035 | U52: 0.0511 | V52: 0.0622
B53: Conforme Lei n°13.161/15, este orçamento está enquadrado em relação a DESONERAÇÃO da folha de pagamento: | R53: =R44+10 -> 66 | S53: =S$8 -> PIS e COFINS
R54: =R45+10 -> 67 | S54: =S$9 -> ISSQN
B55: =B10 -> *** ESCOLHER COM OU SEM DESONERAÇÃO *** | R55: =R46+10 -> 68 | S55: =S$10 -> Cont.Prev s/Rec.Bruta (Lei 12844/13 - Desoneração)
C59: Intervalo de admissibilidade
B60: Item Componente do BDI | C60: 1º Quartil | D60: Médio | E60: 3º Quartil | F60: Valores Propostos
B61: AC: Administração Central | C61: =X17 -> #N/A | D61: =Y17 -> #N/A | E61: =Z17 -> #N/A | G61: =IF(F61=0,"",IF(F61<C61,"Atenção, observar os intervalos!",IF(F61>E61,"Atenção, observar os intervalos!","")))
B62: S: Seguro e Garantia | C62: =X18 -> #N/A | D62: =Y18 -> #N/A | E62: =Z18 -> #N/A | G62: =IF(F62=0,"",IF(F62<C62,"Atenção, observar os intervalos!",IF(F62>E62,"Atenção, observar os intervalos!","")))
B63: R: Risco | C63: =X19 -> #N/A | D63: =Y19 -> #N/A | E63: =Z19 -> #N/A | G63: =IF(F63=0,"",IF(F63<C63,"Atenção, observar os intervalos!",IF(F63>E63,"Atenção, observar os intervalos!","")))
B64: DF: Despesas Financeiras | C64: =X20 -> #N/A | D64: =Y20 -> #N/A | E64: =Z20 -> #N/A | G64: =IF(F64=0,"",IF(F64<C64,"Atenção, observar os intervalos!",IF(F64>E64,"Atenção, observar os intervalos!","")))
B65: L: Lucro | C65: =X21 -> #N/A | D65: =Y21 -> #N/A | E65: =Z21 -> #N/A | G65: =IF(F65=0,"",IF(F65<C65,"Atenção, observar os intervalos!",IF(F65>E65,"Atenção, observar os intervalos!","")))
B66: I1: PIS e COFINS
B67: ISSQN (conforme legislação municipal)
B68: A base de cálculo do ISSQN é: | D68: (A) Alíquota ISS: | F68: (B) Base de Cálculo:
B69: =IF('BDI REF.'!B69="","",'BDI REF.'!B69) -> SOBRE MÃO-DE-OBRA | D69: =IF('BDI REF.'!D69>0,'BDI REF.'!D69,) -> 0 | F69: ='BDI REF.'!F69 -> 0
B70: I2: ISSQN (para fins de orçamento) - (A) x (B) | F70: =D69*F69 -> 0
B71: I3: Cont.Prev s/Rec.Bruta (Lei n°13.161/15 - Desoneração) | F71: 0.045
B72: BDI incluso no custo unit? | C72: ( X ) | D72: SIM | E72: =IF(C72<>0,"","( X )") | F72: NÃO
B73: BDI conforme Acórdão 2622/2013 - TCU | F73: =ROUND((((1+SUM(F$61:F$63))*(1+F$64)*(1+F$65))/(1-SUM(F$66,F$70)))-1,4) -> 0 | G73: =AC26 -> #N/A
B74: BDI Adotado (com desoneração) | F74: =ROUND((((1+SUM(F$61:F$63))*(1+F$64)*(1+F$65))/(1-SUM(F$66,F$70,F$71)))-1,4) -> 0.0471
B76: Declaramos que esta planilha foi elaborada conforme equação para cálculo do percentual do BDI recomendada pelo Acórdão 2622/2013 - TCU, representada pela fórmula abaixo.
B78: BDI - SEM Desoneração = [(1+AC+S+G+R)X(1+DF)X(1+L)/(1-I1-I2)]-1
B79: BDI - COM Desoneração = [(1+AC+S+G+R)X(1+DF)X(1+L)/(1-I1-I2-I3)]-1
B81: ____________________________________________
B82: =CONCATENATE("Responsável Técnico da Empresa ",'ORÇ.GLOBAL EMPRESA'!C2) -> Responsável Técnico da Empresa
B83: Carimbo e Assinatura
B84: Declarações do Tomador dos Recursos:
B85: =CONCATENATE("Declaro, conforme legislação tributária municipal, que a alíquota do ISS é de ",D69*100,"%, que a sua base de cálculo é ",B69,", e para fins de orçamento considera-se a incidência de ",F69*100,"% sobre o valor total do orçamento."," Declaro, ainda, que a alternativa mais adequada para a Administração Pública, no caso desta obra em referência, é a adoção do ORÇAMENTO ",B55,", considerando-se a Lei n°13.161/2015 que trata da desoneração sobre a folha de pagamento.") -> Declaro, conforme legislação tributária municipal, que a alíquota do ISS é de 0%, que a sua base de cálculo é SOBRE MÃO-DE-OBRA, e para fins de orçamento considera-se a incidência de 0% sobre o valor total do orçamento. Declaro, ainda, que a alternativa mais adequada para a Administração Pública, no caso desta obra em referência, é a adoção do ORÇAMENTO *** ESCOLHER COM OU SEM DESONERAÇÃO ***, considerando-se a Lei n°13.161/2015 que trata da desoneração sobre a folha de pagamento.
B86: x____________________________________________________
B87: Nome: | C87: =IF(C42>0,C42,"")
B88: Cargo (respons legal): | C88: =IF(C43>0,C43,"")
B89: CPF: | C89: =IF(C44>0,C44,"")

Sheet ORÇ.GLOBAL EMPRESA
E1: PLANILHA DE ORÇAMENTO GLOBAL
B2: Empresa: | D2: CNPJ: | H2: BDI: | K2: =IF('BDI EMPRESA'!B10="COM DESONERAÇÃO",'BDI EMPRESA'!F29,'BDI EMPRESA'!F28) -> 0.0183
B4: Tomador: | C4: ='ORÇ.GLOBAL REF.'!C4 -> MUNICÍPIO DE CASTRO | D4: Data base do orçamento: | H4: ='ORÇ.GLOBAL REF.'!G4 -> 45414 | K4: Encargos sociais s/ M.O.
B6: Programa: | C6: ='ORÇ.GLOBAL REF.'!C6 | D6: Nº do Contrato: | F6: ='ORÇ.GLOBAL REF.'!G6 | K6: =CONCATENATE('BDI EMPRESA'!M33,"% (hora)") -> 117,57% (hora)
B8: Empreendimento: | C8: ='ORÇ.GLOBAL REF.'!C8 -> SUBSTITUIÇÃO TELHAS UBS SOCAVÃO | K8: =CONCATENATE('BDI EMPRESA'!M37,"% (mês)") -> 74,17% (mês)
B10: ITEM | C10: DESCRIÇÃO DO SERVIÇO | D10: UND | E10: QTDE | F10: =H1014 -> 0 | I10: BDI | J10: Fonte | K10: CÓDIGO SINAPI
F11: PREÇO UNIT. | G11: PREÇO UNIT. | H11: TOTAL | K11: ou OUTROS | R11: APROPRIAR O MACRO ITEM | S11: CONTAR OS ITENS | T11: APROPRIAR OS CABEÇALHOS DE MACRO ITEM | U11: CONTAR OS CABEÇALHOS DE MACRO ITENS | V11: REPASSE | W11: CONT. FIN. | X11: CONT. FIS. | Y11: OUT. FONT.
A12: 1 | B12: ='ORÇ.GLOBAL REF.'!B12 -> 1 | C12: ='ORÇ.GLOBAL REF.'!C12 -> REMOÇÃO TELHAS | D12: ='ORÇ.GLOBAL REF.'!D12 -> 0 | E12: ='ORÇ.GLOBAL REF.'!E12 -> 0 | G12: =ROUND(F12,2) -> 0 | H12: =IF('ORÇ.GLOBAL P CAIXA'!K12="EXEC.",0,IF(E12<>0,ROUND(E12*G12,2),IF(Z12=0,(SUMIF('ORÇ.GLOBAL REF.'!$S$12:$S$1011,B12,$Z$12:$Z$1011)),Z12))) -> 0 | I12: ='ORÇ.GLOBAL REF.'!H12 | J12: ='ORÇ.GLOBAL REF.'!I12 | K12: ='ORÇ.GLOBAL REF.'!J12 | L12: =IF(B12>0,"ok","ocultar") -> ok | R12: =IF(B12=0,R11,IF(ISNONTEXT(B12)=TRUE(),INT(B12),INT(LEFT(B12,FIND(".",B12)-1)))) -> 1 | S12: =IF(S13=1,1,IF(B12<>0,1,IF(C12<>0,1,IF(D12<>0,1,IF(E12<>0,1,""))))) -> 1 | T12: =IF(R12=0," ",IF(R12<>R11,R12," ")) -> 1 | U12: =COUNT(T12:T1011) -> 3 | V12: =IF(R12<>T12,(IF(J12="",H12*(INFORMAÇÕES!$Q$79/INFORMAÇÕES!$Q$82),IF(J12="R",H12,0))),0) -> 0 | W12: =IF(R12<>T12,(IF(J12="",H12*(INFORMAÇÕES!$Q$80/INFORMAÇÕES!$Q$82),IF(J12="C",H12,0))),0) -> 0 | X12: =IF(R12<>T12,(IF(J12="",H12*INFORMAÇÕES!$U$115,IF(J12="CF",H12,0))),0) -> 0 | Y12: =IF(R12<>T12,(IF(J12="",H12*INFORMAÇÕES!$U$116,IF(J12="O",H12,0))),0) -> 0 | Z12: =IF(E12<>0,H12,0) -> 0
A13: 2 | B13: ='ORÇ.GLOBAL REF.'!B13 -> 1.1 | C13: ='ORÇ.GLOBAL REF.'!C13 -> REMOÇÃO DE TELHAS DE FIBROCIMENTO METÁLICA E CERÂMICA, DE FORMA MANUAL, SEM REAPROVEITAMENTO. AF_09/2023 | D13: ='ORÇ.GLOBAL REF.'!D13 -> M2 | E13: ='ORÇ.GLOBAL REF.'!E13 -> 629.94 | G13: =ROUND(F13,2) -> 0 | H13: =IF('ORÇ.GLOBAL P CAIXA'!K13="EXEC.",0,IF(E13<>0,ROUND(E13*G13,2),IF(Z13=0,(SUMIF('ORÇ.GLOBAL REF.'!$S$12:$S$1011,B13,$Z$12:$Z$1011)),Z13))) -> 0 | I13: ='ORÇ.GLOBAL REF.'!H13 | J13: ='ORÇ.GLOBAL REF.'!I13 | K13: ='ORÇ.GLOBAL REF.'!J13 -> 97647 | L13: =IF(B13>0,"ok","ocultar") -> ok | R13: =IF(B13=0,R12,IF(ISNONTEXT(B13)=TRUE(),INT(B13),INT(LEFT(B13,FIND(".",B13)-1)))) -> 1 | S13: =IF(S14=1,1,IF(B13<>0,1,IF(C13<>0,1,IF(D13<>0,1,IF(E13<>0,1,""))))) -> 1 | T13: =IF(R13=0," ",IF(R13<>R12,R13," ")) | V13: =IF(R13<>T13,(IF(J13="",H13*(INFORMAÇÕES!$Q$79/INFORMAÇÕES!$Q$82),IF(J13="R",H13,0))),0) -> #DIV/0! | W13: =IF(R13<>T13,(IF(J13="",H13*(INFORMAÇÕES!$Q$80/INFORMAÇÕES!$Q$82),IF(J13="C",H13,0))),0) -> #DIV/0! | X13: =IF(R13<>T13,(IF(J13="",H13*INFORMAÇÕES!$U$115,IF(J13="CF",H13,0))),0) -> 0 | Y13: =IF(R13<>T13,(IF(J13="",H13*INFORMAÇÕES!$U$116,IF(J13="O",H13,0))),0) -> 0 | Z13: =IF(E13<>0,H13,0) -> 0
A14: 3 | B14: ='ORÇ.GLOBAL REF.'!B14 -> 2 | C14: ='ORÇ.GLOBAL REF.'!C14 -> COBERTURA | D14: ='ORÇ.GLOBAL REF.'!D14 -> 0 | E14: ='ORÇ.GLOBAL REF.'!E14 -> 0 | G14: =ROUND(F14,2) -> 0 | H14: =IF('ORÇ.GLOBAL P CAIXA'!K14="EXEC.",0,IF(E14<>0,ROUND(E14*G14,2),IF(Z14=0,(SUMIF('ORÇ.GLOBAL REF.'!$S$12:$S$1011,B14,$Z$12:$Z$1011)),Z14))) -> 0 | I14: ='ORÇ.GLOBAL REF.'!H14 | J14: ='ORÇ.GLOBAL REF.'!I14 | K14: ='ORÇ.GLOBAL REF.'!J14 | L14: =IF(B14>0,"ok","ocultar") -> ok | R14: =IF(B14=0,R13,IF(ISNONTEXT(B14)=TRUE(),INT(B14),INT(LEFT(B14,FIND(".",B14)-1)))) -> 2 | S14: =IF(S15=1,1,IF(B14<>0,1,IF(C14<>0,1,IF(D14<>0,1,IF(E14<>0,1,""))))) -> 1 | T14: =IF(R14=0," ",IF(R14<>R13,R14," ")) -> 2 | V14: =IF(R14<>T14,(IF(J14="",H14*(INFORMAÇÕES!$Q$79/INFORMAÇÕES!$Q$82),IF(J14="R",H14,0))),0) -> 0 | W14: =IF(R14<>T14,(IF(J14="",H14*(INFORMAÇÕES!$Q$80/INFORMAÇÕES!$Q$82),IF(J14="C",H14,0))),0) -> 0 | X14: =IF(R14<>T14,(IF(J14="",H14*INFORMAÇÕES!$U$115,IF(J14="CF",H14,0))),0) -> 0 | Y14: =IF(R14<>T14,(IF(J14="",H14*INFORMAÇÕES!$U$116,IF(J14="O",H14,0))),0) -> 0 | Z14: =IF(E14<>0,H14,0) -> 0
A15: 4 | B15: ='ORÇ.GLOBAL REF.'!B15 -> 2.1 | C15: ='ORÇ.GLOBAL REF.'!C15 -> TELHAMENTO COM TELHA ONDULADA DE FIBROCIMENTO E = 6 MM, COM RECOBRIMENTO LATERAL DE 1/4 DE ONDA PARA TELHADO COM INCLINAÇÃO MAIOR QUE 10°, COM ATÉ 2 ÁGUAS, INCLUSO IÇAMENTO. AF_07/2019 | D15: ='ORÇ.GLOBAL REF.'!D15 -> M2 | E15: ='ORÇ.GLOBAL REF.'!E15 -> 629.94 | G15: =ROUND(F15,2) -> 0 | H15: =IF('ORÇ.GLOBAL P CAIXA'!K15="EXEC.",0,IF(E15<>0,ROUND(E15*G15,2),IF(Z15=0,(SUMIF('ORÇ.GLOBAL REF.'!$S$12:$S$1011,B15,$Z$12:$Z$1011)),Z15))) -> 0 | I15: ='ORÇ.GLOBAL REF.'!H15 | J15: ='ORÇ.GLOBAL REF.'!I15 | K15: ='ORÇ.GLOBAL REF.'!J15 -> 94207 | L15: =IF(B15>0,"ok","ocultar") -> ok | R15: =IF(B15=0,R14,IF(ISNONTEXT(B15)=TRUE(),INT(B15),INT(LEFT(B15,FIND(".",B15)-1)))) -> 2 | S15: =IF(S16=1,1,IF(B15<>0,1,IF(C15<>0,1,IF(D15<>0,1,IF(E15<>0,1,""))))) -> 1 | T15: =IF(R15=0," ",IF(R15<>R14,R15," ")) | V15: =IF(R15<>T15,(IF(J15="",H15*(INFORMAÇÕES!$Q$79/INFORMAÇÕES!$Q$82),IF(J15="R",H15,0))),0) -> #DIV/0! | W15: =IF(R15<>T15,(IF(J15="",H15*(INFORMAÇÕES!$Q$80/INFORMAÇÕES!$Q$82),IF(J15="C",H15,0))),0) -> #DIV/0! | X15: =IF(R15<>T15,(IF(J15="",H15*INFORMAÇÕES!$U$115,IF(J15="CF",H15,0))),0) -> 0 | Y15: =IF(R15<>T15,(IF(J15="",H15*INFORMAÇÕES!$U$116,IF(J15="O",H15,0))),0) -> 0 | Z15: =IF(E15<>0,H15,0) -> 0
A16: 5 | B16: ='ORÇ.GLOBAL REF.'!B16 -> 2.2 | C16: ='ORÇ.GLOBAL REF.'!C16 -> CUMEEIRA PARA TELHA DE FIBROCIMENTO ONDULADA E = 6 MM, INCLUSO ACESSÓRIOS DE FIXAÇÃO E IÇAMENTO. AF_07/2019 | D16: ='ORÇ.GLOBAL REF.'!D16 -> M | E16: ='ORÇ.GLOBAL REF.'!E16 -> 34 | G16: =ROUND(F16,2) -> 0 | H16: =IF('ORÇ.GLOBAL P CAIXA'!K16="EXEC.",0,IF(E16<>0,ROUND(E16*G16,2),IF(Z16=0,(SUMIF('ORÇ.GLOBAL REF.'!$S$12:$S$1011,B16,$Z$12:$Z$1011)),Z16))) -> 0 | I16: ='ORÇ.GLOBAL REF.'!H16 | J16: ='ORÇ.GLOBAL REF.'!I16 | K16: ='ORÇ.GLOBAL REF.'!J16 -> 94223 | L16: =IF(B16>0,"ok","ocultar") -> ok | R16: =IF(B16=0,R15,IF(ISNONTEXT(B16)=TRUE(),INT(B16),INT(LEFT(B16,FIND(".",B16)-1)))) -> 2 | S16: =IF(S17=1,1,IF(B16<>0,1,IF(C16<>0,1,IF(D16<>0,1,IF(E16<>0,1,""))))) -> 1 | T16: =IF(R16=0," ",IF(R16<>R15,R16," ")) | V16: =IF(R16<>T16,(IF(J16="",H16*(INFORMAÇÕES!$Q$79/INFORMAÇÕES!$Q$82),IF(J16="R",H16,0))),0) -> #DIV/0! | W16: =IF(R16<>T16,(IF(J16="",H16*(INFORMAÇÕES!$Q$80/INFORMAÇÕES!$Q$82),IF(J16="C",H16,0))),0) -> #DIV/0! | X16: =IF(R16<>T16,(IF(J16="",H16*INFORMAÇÕES!$U$115,IF(J16="CF",H16,0))),0) -> 0 | Y16: =IF(R16<>T16,(IF(J16="",H16*INFORMAÇÕES!$U$116,IF(J16="O",H16,0))),0) -> 0 | Z16: =IF(E16<>0,H16,0) -> 0
A17: 6 | B17: ='ORÇ.GLOBAL REF.'!B17 -> 3 | C17: ='ORÇ.GLOBAL REF.'!C17 -> BEIRAL PVC | D17: ='ORÇ.GLOBAL REF.'!D17 -> 0 | E17: ='ORÇ.GLOBAL REF.'!E17 -> 0 | G17: =ROUND(F17,2) -> 0 | H17: =IF('ORÇ.GLOBAL P CAIXA'!K17="EXEC.",0,IF(E17<>0,ROUND(E17*G17,2),IF(Z17=0,(SUMIF('ORÇ.GLOBAL REF.'!$S$12:$S$1011,B17,$Z$12:$Z$1011)),Z17))) -> 0 | I17: ='ORÇ.GLOBAL REF.'!H17 | J17: ='ORÇ.GLOBAL REF.'!I17 | K17: ='ORÇ.GLOBAL REF.'!J17 | L17: =IF(B17>0,"ok","ocultar") -> ok | R17: =IF(B17=0,R16,IF(ISNONTEXT(B17)=TRUE(),INT(B17),INT(LEFT(B17,FIND(".",B17)-1)))) -> 3 | S17: =IF(S18=1,1,IF(B17<>0,1,IF(C17<>0,1,IF(D17<>0,1,IF(E17<>0,1,""))))) -> 1 | T17: =IF(R17=0," ",IF(R17<>R16,R17," ")) -> 3 | V17: =IF(R17<>T17,(IF(J17="",H17*(INFORMAÇÕES!$Q$79/INFORMAÇÕES!$Q$82),IF(J17="R",H17,0))),0) -> 0 | W17: =IF(R17<>T17,(IF(J17="",H17*(INFORMAÇÕES!$Q$80/INFORMAÇÕES!$Q$82),IF(J17="C",H17,0))),0) -> 0 | X17: =IF(R17<>T17,(IF(J17="",H17*INFORMAÇÕES!$U$115,IF(J17="CF",H17,0))),0) -> 0 | Y17: =IF(R17<>T17,(IF(J17="",H17*INFORMAÇÕES!$U$116,IF(J17="O",H17,0))),0) -> 0 | Z17: =IF(E17<>0,H17,0) -> 0
A18: 7 | B18: ='ORÇ.GLOBAL REF.'!B18 -> 3.1 | C18: ='ORÇ.GLOBAL REF.'!C18 -> FORRO EM RÉGUAS DE PVC, LISO, PARA AMBIENTES RESIDENCIAIS, INCLUSIVE ESTRUTURA UNIDIRECIONAL DE FIXAÇÃO. AF_08/2023_PS | D18: ='ORÇ.GLOBAL REF.'!D18 -> M2 | E18: ='ORÇ.GLOBAL REF.'!E18 -> 5 | G18: =ROUND(F18,2) -> 0 | H18: =IF('ORÇ.GLOBAL P CAIXA'!K18="EXEC.",0,IF(E18<>0,ROUND(E18*G18,2),IF(Z18=0,(SUMIF('ORÇ.GLOBAL REF.'!$S$12:$S$1011,B18,$Z$12:$Z$1011)),Z18))) -> 0 | I18: ='ORÇ.GLOBAL REF.'!H18 | J18: ='ORÇ.GLOBAL REF.'!I18 | K18: ='ORÇ.GLOBAL REF.'!J18 -> 96485 | L18: =IF(B18>0,"ok","ocultar") -> ok | R18: =IF(B18=0,R17,IF(ISNONTEXT(B18)=TRUE(),INT(B18),INT(LEFT(B18,FIND(".",B18)-1)))) -> 3 | S18: =IF(S19=1,1,IF(B18<>0,1,IF(C18<>0,1,IF(D18<>0,1,IF(E18<>0,1,""))))) -> 1 | T18: =IF(R18=0," ",IF(R18<>R17,R18," ")) | V18: =IF(R18<>T18,(IF(J18="",H18*(INFORMAÇÕES!$Q$79/INFORMAÇÕES!$Q$82),IF(J18="R",H18,0))),0) -> #DIV/0! | W18: =IF(R18<>T18,(IF(J18="",H18*(INFORMAÇÕES!$Q$80/INFORMAÇÕES!$Q$82),IF(J18="C",H18,0))),0) -> #DIV/0! | X18: =IF(R18<>T18,(IF(J18="",H18*INFORMAÇÕES!$U$115,IF(J18="CF",H18,0))),0) -> 0 | Y18: =IF(R18<>T18,(IF(J18="",H18*INFORMAÇÕES!$U$116,IF(J18="O",H18,0))),0) -> 0 | Z18: =IF(E18<>0,H18,0) -> 0
A19: 8 | B19: ='ORÇ.GLOBAL REF.'!B19 -> 0 | C19: ='ORÇ.GLOBAL REF.'!C19 -> 0 | D19: ='ORÇ.GLOBAL REF.'!D19 -> 0 | E19: ='ORÇ.GLOBAL REF.'!E19 -> 0 | G19: =ROUND(F19,2) -> 0 | H19: =IF('ORÇ.GLOBAL P CAIXA'!K19="EXEC.",0,IF(E19<>0,ROUND(E19*G19,2),IF(Z19=0,(SUMIF('ORÇ.GLOBAL REF.'!$S$12:$S$1011,B19,$Z$12:$Z$1011)),Z19))) -> 0 | I19: ='ORÇ.GLOBAL REF.'!H19 | J19: ='ORÇ.GLOBAL REF.'!I19 | K19: ='ORÇ.GLOBAL REF.'!J19 | L19: =IF(B19>0,"ok","ocultar") -> ocultar | R19: =IF(B19=0,R18,IF(ISNONTEXT(B19)=TRUE(),INT(B19),INT(LEFT(B19,FIND(".",B19)-1)))) -> 3 | S19: =IF(S20=1,1,IF(B19<>0,1,IF(C19<>0,1,IF(D19<>0,1,IF(E19<>0,1,""))))) | T19: =IF(R19=0," ",IF(R19<>R18,R19," ")) | V19: =IF(R19<>T19,(IF(J19="",H19*(INFORMAÇÕES!$Q$79/INFORMAÇÕES!$Q$82),IF(J19="R",H19,0))),0) -> #DIV/0! | W19: =IF(R19<>T19,(IF(J19="",H19*(INFORMAÇÕES!$Q$80/INFORMAÇÕES!$Q$82),IF(J19="C",H19,0))),0) -> #DIV/0! | X19: =IF(R19<>T19,(IF(J19="",H19*INFORMAÇÕES!$U$115,IF(J19="CF",H19,0))),0) -> 0 | Y19: =IF(R19<>T19,(IF(J19="",H19*INFORMAÇÕES!$U$116,IF(J19="O",H19,0))),0) -> 0 | Z19: =IF(E19<>0,H19,0) -> 0
A20: 9 | B20: ='ORÇ.GLOBAL REF.'!B20 -> 0 | C20: ='ORÇ.GLOBAL REF.'!C20 -> 0 | D20: ='ORÇ.GLOBAL REF.'!D20 -> 0 | E20: ='ORÇ.GLOBAL REF.'!E20 -> 0 | G20: =ROUND(F20,2) -> 0 | H20: =IF('ORÇ.GLOBAL P CAIXA'!K20="EXEC.",0,IF(E20<>0,ROUND(E20*G20,2),IF(Z20=0,(SUMIF('ORÇ.GLOBAL REF.'!$S$12:$S$1011,B20,$Z$12:$Z$1011)),Z20))) -> 0 | I20: ='ORÇ.GLOBAL REF.'!H20 | J20: ='ORÇ.GLOBAL REF.'!I20 | K20: ='ORÇ.GLOBAL REF.'!J20 | L20: =IF(B20>0,"ok","ocultar") -> ocultar | R20: =IF(B20=0,R19,IF(ISNONTEXT(B20)=TRUE(),INT(B20),INT(LEFT(B20,FIND(".",B20)-1)))) -> 3 | S20: =IF(S21=1,1,IF(B20<>0,1,IF(C20<>0,1,IF(D20<>0,1,IF(E20<>0,1,""))))) | T20: =IF(R20=0," ",IF(R20<>R19,R20," ")) | V20: =IF(R20<>T20,(IF(J20="",H20*(INFORMAÇÕES!$Q$79/INFORMAÇÕES!$Q$82),IF(J20="R",H20,0))),0) -> #DIV/0! | W20: =IF(R20<>T20,(IF(J20="",H20*(INFORMAÇÕES!$Q$80/INFORMAÇÕES!$Q$82),IF(J20="C",H20,0))),0) -> #DIV/0! | X20: =IF(R20<>T20,(IF(J20="",H20*INFORMAÇÕES!$U$115,IF(J20="CF",H20,0))),0) -> 0 | Y20: =IF(R20<>T20,(IF(J20="",H20*INFORMAÇÕES!$U$116,IF(J20="O",H20,0))),0) -> 0 | Z20: =IF(E20<>0,H20,0) -> 0
A21: 10 | B21: ='ORÇ.GLOBAL REF.'!B21 -> 0 | C21: ='ORÇ.GLOBAL REF.'!C21 -> 0 | D21: ='ORÇ.GLOBAL REF.'!D21 -> 0 | E21: ='ORÇ.GLOBAL REF.'!E21 -> 0 | G21: =ROUND(F21,2) -> 0 | H21: =IF('ORÇ.GLOBAL P CAIXA'!K21="EXEC.",0,IF(E21<>0,ROUND(E21*G21,2),IF(Z21=0,(SUMIF('ORÇ.GLOBAL REF.'!$S$12:$S$1011,B21,$Z$12:$Z$1011)),Z21))) -> 0 | I21: ='ORÇ.GLOBAL REF.'!H21 | J21: ='ORÇ.GLOBAL REF.'!I21 | K21: ='ORÇ.GLOBAL REF.'!J21 | L21: =IF(B21>0,"ok","ocultar") -> ocultar | R21: =IF(B21=0,R20,IF(ISNONTEXT(B21)=TRUE(),INT(B21),INT(LEFT(B21,FIND(".",B21)-1)))) -> 3 | S21: =IF(S22=1,1,IF(B21<>0,1,IF(C21<>0,1,IF(D21<>0,1,IF(E21<>0,1,""))))) | T21: =IF(R21=0," ",IF(R21<>R20,R21," ")) | V21: =IF(R21<>T21,(IF(J21="",H21*(INFORMAÇÕES!$Q$79/INFORMAÇÕES!$Q$82),IF(J21="R",H21,0))),0) -> #DIV/0! | W21: =IF(R21<>T21,(IF(J21="",H21*(INFORMAÇÕES!$Q$80/INFORMAÇÕES!$Q$82),IF(J21="C",H21,0))),0) -> #DIV/0! | X21: =IF(R21<>T21,(IF(J21="",H21*INFORMAÇÕES!$U$115,IF(J21="CF",H21,0))),0) -> 0 | Y21: =IF(R21<>T21,(IF(J21="",H21*INFORMAÇÕES!$U$116,IF(J21="O",H21,0))),0) -> 0 | Z21: =IF(E21<>0,H21,0) -> 0
A22: 11 | B22: ='ORÇ.GLOBAL REF.'!B22 -> 0 | C22: ='ORÇ.GLOBAL REF.'!C22 -> 0 | D22: ='ORÇ.GLOBAL REF.'!D22 -> 0 | E22: ='ORÇ.GLOBAL REF.'!E22 -> 0 | G22: =ROUND(F22,2) -> 0 | H22: =IF('ORÇ.GLOBAL P CAIXA'!K22="EXEC.",0,IF(E22<>0,ROUND(E22*G22,2),IF(Z22=0,(SUMIF('ORÇ.GLOBAL REF.'!$S$12:$S$1011,B22,$Z$12:$Z$1011)),Z22))) -> 0 | I22: ='ORÇ.GLOBAL REF.'!H22 | J22: ='ORÇ.GLOBAL REF.'!I22 | K22: ='ORÇ.GLOBAL REF.'!J22 | L22: =IF(B22>0,"ok","ocultar") -> ocultar | R22: =IF(B22=0,R21,IF(ISNONTEXT(B22)=TRUE(),INT(B22),INT(LEFT(B22,FIND(".",B22)-1)))) -> 3 | S22: =IF(S23=1,1,IF(B22<>0,1,IF(C22<>0,1,IF(D22<>0,1,IF(E22<>0,1,""))))) | T22: =IF(R22=0," ",IF(R22<>R21,R22," ")) | V22: =IF(R22<>T22,(IF(J22="",H22*(INFORMAÇÕES!$Q$79/INFORMAÇÕES!$Q$82),IF(J22="R",H22,0))),0) -> #DIV/0! | W22: =IF(R22<>T22,(IF(J22="",H22*(INFORMAÇÕES!$Q$80/INFORMAÇÕES!$Q$82),IF(J22="C",H22,0))),0) -> #DIV/0! | X22: =IF(R22<>T22,(IF(J22="",H22*INFORMAÇÕES!$U$115,IF(J22="CF",H22,0))),0) -> 0 | Y22: =IF(R22<>T22,(IF(J22="",H22*INFORMAÇÕES!$U$116,IF(J22="O",H22,0))),0) -> 0 | Z22: =IF(E22<>0,H22,0) -> 0
A23: 12 | B23: ='ORÇ.GLOBAL REF.'!B23 -> 0 | C23: ='ORÇ.GLOBAL REF.'!C23 -> 0 | D23: ='ORÇ.GLOBAL REF.'!D23 -> 0 | E23: ='ORÇ.GLOBAL REF.'!E23 -> 0 | G23: =ROUND(F23,2) -> 0 | H23: =IF('ORÇ.GLOBAL P CAIXA'!K23="EXEC.",0,IF(E23<>0,ROUND(E23*G23,2),IF(Z23=0,(SUMIF('ORÇ.GLOBAL REF.'!$S$12:$S$1011,B23,$Z$12:$Z$1011)),Z23))) -> 0 | I23: ='ORÇ.GLOBAL REF.'!H23 | J23: ='ORÇ.GLOBAL REF.'!I23 | K23: ='ORÇ.GLOBAL REF.'!J23 | L23: =IF(B23>0,"ok","ocultar") -> ocultar | R23: =IF(B23=0,R22,IF(ISNONTEXT(B23)=TRUE(),INT(B23),INT(LEFT(B23,FIND(".",B23)-1)))) -> 3 | S23: =IF(S24=1,1,IF(B23<>0,1,IF(C23<>0,1,IF(D23<>0,1,IF(E23<>0,1,""))))) | T23: =IF(R23=0," ",IF(R23<>R22,R23," ")) | V23: =IF(R23<>T23,(IF(J23="",H23*(INFORMAÇÕES!$Q$79/INFORMAÇÕES!$Q$82),IF(J23="R",H23,0))),0) -> #DIV/0! | W23: =IF(R23<>T23,(IF(J23="",H23*(INFORMAÇÕES!$Q$80/INFORMAÇÕES!$Q$82),IF(J23="C",H23,0))),0) -> #DIV/0! | X23: =IF(R23<>T23,(IF(J23="",H23*INFORMAÇÕES!$U$115,IF(J23="CF",H23,0))),0) -> 0 | Y23: =IF(R23<>T23,(IF(J23="",H23*INFORMAÇÕES!$U$116,IF(J23="O",H23,0))),0) -> 0 | Z23: =IF(E23<>0,H23,0) -> 0
A24: 13 | B24: ='ORÇ.GLOBAL REF.'!B24 -> 0 | C24: ='ORÇ.GLOBAL REF.'!C24 -> 0 | D24: ='ORÇ.GLOBAL REF.'!D24 -> 0 | E24: ='ORÇ.GLOBAL REF.'!E24 -> 0 | G24: =ROUND(F24,2) -> 0 | H24: =IF('ORÇ.GLOBAL P CAIXA'!K24="EXEC.",0,IF(E24<>0,ROUND(E24*G24,2),IF(Z24=0,(SUMIF('ORÇ.GLOBAL REF.'!$S$12:$S$1011,B24,$Z$12:$Z$1011)),Z24))) -> 0 | I24: ='ORÇ.GLOBAL REF.'!H24 | J24: ='ORÇ.GLOBAL REF.'!I24 | K24: ='ORÇ.GLOBAL REF.'!J24 | L24: =IF(B24>0,"ok","ocultar") -> ocultar | R24: =IF(B24=0,R23,IF(ISNONTEXT(B24)=TRUE(),INT(B24),INT(LEFT(B24,FIND(".",B24)-1)))) -> 3 | S24: =IF(S25=1,1,IF(B24<>0,1,IF(C24<>0,1,IF(D24<>0,1,IF(E24<>0,1,""))))) | T24: =IF(R24=0," ",IF(R24<>R23,R24," ")) | V24: =IF(R24<>T24,(IF(J24="",H24*(INFORMAÇÕES!$Q$79/INFORMAÇÕES!$Q$82),IF(J24="R",H24,0))),0) -> #DIV/0! | W24: =IF(R24<>T24,(IF(J24="",H24*(INFORMAÇÕES!$Q$80/INFORMAÇÕES!$Q$82),IF(J24="C",H24,0))),0) -> #DIV/0! | X24: =IF(R24<>T24,(IF(J24="",H24*INFORMAÇÕES!$U$115,IF(J24="CF",H24,0))),0) -> 0 | Y24: =IF(R24<>T24,(IF(J24="",H24*INFORMAÇÕES!$U$116,IF(J24="O",H24,0))),0) -> 0 | Z24: =IF(E24<>0,H24,0) -> 0
... A1011: 1000 | B1011: ='ORÇ.GLOBAL REF.'!B1011 -> 0 | C1011: ='ORÇ.GLOBAL REF.'!C1011 -> 0 | D1011: ='ORÇ.GLOBAL REF.'!D1011 -> 0 | E1011: ='ORÇ.GLOBAL REF.'!E1011 -> 0 | G1011: =ROUND(F1011,2) -> 0 | H1011: =IF('ORÇ.GLOBAL P CAIXA'!K1011="EXEC.",0,IF(E1011<>0,ROUND(E1011*G1011,2),IF(Z1011=0,(SUMIF('ORÇ.GLOBAL REF.'!$S$12:$S$1011,B1011,$Z$12:$Z$1011)),Z1011))) -> 0 | I1011: ='ORÇ.GLOBAL REF.'!H1011 | J1011: ='ORÇ.GLOBAL REF.'!I1011 | K1011: ='ORÇ.GLOBAL REF.'!J1011 | L1011: =IF(B1011>0,"ok","ocultar") -> ocultar | R1011: =IF(B1011=0,R1010,IF(ISNONTEXT(B1011)=TRUE(),INT(B1011),INT(LEFT(B1011,FIND(".",B1011)-1)))) -> 3 | S1011: =IF(S1012=1,1,IF(B1011<>0,1,IF(C1011<>0,1,IF(D1011<>0,1,IF(E1011<>0,1,""))))) | T1011: =IF(R1011=0," ",IF(R1011<>R1010,R1011," ")) | V1011: =IF(R1011<>T1011,(IF(J1011="",H1011*(INFORMAÇÕES!$Q$79/INFORMAÇÕES!$Q$82),IF(J1011="R",H1011,0))),0) -> #DIV/0! | W1011: =IF(R1011<>T1011,(IF(J1011="",H1011*(INFORMAÇÕES!$Q$80/INFORMAÇÕES!$Q$82),IF(J1011="C",H1011,0))),0) -> #DIV/0! | X1011: =IF(R1011<>T1011,(IF(J1011="",H1011*INFORMAÇÕES!$U$115,IF(J1011="CF",H1011,0))),0) -> 0 | Y1011: =IF(R1011<>T1011,(IF(J1011="",H1011*INFORMAÇÕES!$U$116,IF(J1011="O",H1011,0))),0) -> 0 | Z1011: =IF(E1011<>0,H1011,0) -> 0
B1014: TOTAL | H1014: =SUM(Z12:Z1011) -> 0 | S1014: =SUM(S12:S1011) -> 7 | V1014: =SUM(V12:V1012) -> #DIV/0! | W1014: =SUM(W12:W1012) -> #DIV/0! | X1014: =SUM(X12:X1012) -> 0 | Y1014: =SUM(Y12:Y1012) -> 0 | Z1014: =SUM(Z12:Z1012) -> 0
B1018: Local e data | E1018: Responsável Técnico pela Empresa
E1019: Assinatura e carimbo (com registro profissional - CREA/CAU)
B1020: =IF(B1017=0,"Favor preencher acima local e data da PROPOSTA.","") -> Favor preencher acima local e data da PROPOSTA. | E1020: =IF(E1017=0,CONCATENATE(N1020),"") -> Favor indicar os dados do responsável técnico assinante da presente planilha de orçamento da proposta. ** O RESPONSÁVEL TÉCNICO DEVE TER REGISTRO NO CREA/CAU E, APÓS A ORDEM DE SERVIÇO, DEVE EMITIR ART/RRT DE EXECUÇÃO PARA REGULARIDADE DESTA OBRA OU SERVIÇO ** | N1020: Favor indicar os dados do responsável técnico assinante da presente planilha de orçamento da proposta. ** O RESPONSÁVEL TÉCNICO DEVE TER REGISTRO NO CREA/CAU E, APÓS A ORDEM DE SERVIÇO, DEVE EMITIR ART/RRT DE EXECUÇÃO PARA REGULARIDADE DESTA OBRA OU SERVIÇO **

Sheet CRONO EMPRESA
H1: =I2 -> 0 | I1: =J2 -> 0 | J1: =K2 -> 0 | K1: =L2 -> 0 | L1: =M2 -> 0 | M1: =N2 -> 0 | N1: =O2 -> 0 | O1: =P2 -> 0 | ... AQ1: =AR2 -> 0
H2: =E66 -> 1 | I2: =H66 -> 0 | J2: =I66 -> 0 | K2: =J66 -> 0 | L2: =K66 -> 0 | M2: =L66 -> 0 | N2: =M66 -> 0 | O2: =N66 -> 0 | P2: =O66 -> 0 | ... AQ2: =AP66 -> 0
E3: =IF($AQ$47<100,"O percentual acumulado é INFERIOR a 100%",IF($AQ$47>100,"O percentual acumulado é SUPERIOR a 100%","CRONOGRAMA FÍSICO-FINANCEIRO")) -> #DIV/0! | G3: Nº do Contrato: | H3: ='ORÇ.GLOBAL REF.'!G6 | K3: =CONCATENATE("Tomador: ",'ORÇ.GLOBAL REF.'!C4) -> Tomador: MUNICÍPIO DE CASTRO | T3: =H3 | W3: =K3 -> Tomador: MUNICÍPIO DE CASTRO | AF3: =H3 | AI3: =K3 -> Tomador: MUNICÍPIO DE CASTRO
E5: =CONCATENATE("Empreendimento: ",'ORÇ.GLOBAL REF.'!C8) -> Empreendimento: SUBSTITUIÇÃO TELHAS UBS SOCAVÃO | K5: =CONCATENATE("Programa: ",'ORÇ.GLOBAL REF.'!C6) -> Programa: | W5: =K5 -> Programa: | AI5: =K5 -> Programa:
E8: Item | F8: DESCRIÇÃO DOS AGRUPADORES DE SERVIÇOS | G8: Investimento | H8: Mês | I8: 1 | J8: Mês | K8: 2 | L8: Mês | M8: 3 | N8: Mês | O8: 4 | P8: Mês | Q8: 5 | R8: Mês | S8: 6 | T8: Mês | U8: 7 | V8: Mês | W8: 8 | X8: Mês | Y8: 9 | Z8: Mês | AA8: 10 | AB8: Mês | AC8: 11 | AD8: Mês | AE8: 12 | AF8: Mês | AG8: 13 | AH8: Mês | AI8: 14 | AJ8: Mês | AK8: 15 | AL8: Mês | AM8: 16 | AN8: Mês | AO8: 17 | AP8: Mês | AQ8: 18
B9: % Rel. | C9: Rep. | D9: Contr. | H9: No mês | I9: Acum. | J9: No mês | K9: Acum. | L9: No mês | M9: Acum. | N9: No mês | O9: Acum. | P9: No mês | Q9: Acum. | R9: No mês | S9: Acum. | T9: No mês | U9: Acum. | V9: No mês | W9: Acum. | X9: No mês | Y9: Acum. | Z9: No mês | AA9: Acum. | AB9: No mês | AC9: Acum. | AD9: No mês | AE9: Acum. | AF9: No mês | AG9: Acum. | AH9: No mês | AI9: Acum. | AJ9: No mês | AK9: Acum. | AL9: No mês | AM9: Acum. | AN9: No mês | AO9: Acum. | AP9: No mês | AQ9: Acum.
B10: =G10/(SUM($G$10:$G$46)) -> #DIV/0! | C10: =G10*($G$48/$G$52) -> #DIV/0! | D10: =G10*($G$49/$G$52) -> #DIV/0! | E10: =IF('ORÇ.GLOBAL REF.'!A12>'ORÇ.GLOBAL REF.'!$V$12,0,SMALL('ORÇ.GLOBAL REF.'!$U$12:$U$1011,'ORÇ.GLOBAL REF.'!A12)) -> 1 | F10: =IF('ORÇ.GLOBAL REF.'!A12>'ORÇ.GLOBAL REF.'!$V$12,"",VLOOKUP(E10,'ORÇ.GLOBAL REF.'!$B$12:$E$1011,2,FALSE())) -> REMOÇÃO TELHAS | G10: =IFERROR(IF(E10=0,0,VLOOKUP(E10,'ORÇ.GLOBAL EMPRESA'!$B$12:$H$1011,7,FALSE())),0) -> 0 | H10: =IF('CRONO REF.'!H9>0,'CRONO REF.'!H9,0) -> 0 | I10: =H10 -> 0 | J10: =IF('CRONO REF.'!J9>0,'CRONO REF.'!J9,0) -> 0 | K10: =I10+J10 -> 0 | L10: =IF('CRONO REF.'!L9>0,'CRONO REF.'!L9,0) -> 0 | M10: =K10+L10 -> 0 | N10: =IF('CRONO REF.'!N9>0,'CRONO REF.'!N9,0) -> 0 | O10: =M10+N10 -> 0 | P10: =IF('CRONO REF.'!P9>0,'CRONO REF.'!P9,0) -> 0 | Q10: =O10+P10 -> 0 | R10: =IF('CRONO REF.'!R9>0,'CRONO REF.'!R9,0) -> 0 | S10: =Q10+R10 -> 0 | T10: =IF('CRONO REF.'!T9>0,'CRONO REF.'!T9,0) -> 0 | U10: =S10+T10 -> 0 | V10: =IF('CRONO REF.'!V9>0,'CRONO REF.'!V9,0) -> 0 | W10: =U10+V10 -> 0 | X10: =IF('CRONO REF.'!X9>0,'CRONO REF.'!X9,0) -> 0 | Y10: =W10+X10 -> 0 | Z10: =IF('CRONO REF.'!Z9>0,'CRONO REF.'!Z9,0) -> 0 | AA10: =Y10+Z10 -> 0 | AB10: =IF('CRONO REF.'!AB9>0,'CRONO REF.'!AB9,0) -> 0 | AC10: =AA10+AB10 -> 0 | AD10: =IF('CRONO REF.'!AD9>0,'CRONO REF.'!AD9,0) -> 0 | AE10: =AC10+AD10 -> 0 | AF10: =IF('CRONO REF.'!AF9>0,'CRONO REF.'!AF9,0) -> 0 | AG10: =AE10+AF10 -> 0 | AH10: =IF('CRONO REF.'!AH9>0,'CRONO REF.'!AH9,0) -> 0 | AI10: =AG10+AH10 -> 0 | AJ10: =IF('CRONO REF.'!AJ9>0,'CRONO REF.'!AJ9,0) -> 0 | AK10: =AI10+AJ10 -> 0 | AL10: =IF('CRONO REF.'!AL9>0,'CRONO REF.'!AL9,0) -> 0 | AM10: =AK10+AL10 -> 0 | AN10: =IF('CRONO REF.'!AN9>0,'CRONO REF.'!AN9,0) -> 0 | AO10: =AM10+AN10 -> 0 | AP10: =IF('CRONO REF.'!AP9>0,'CRONO REF.'!AP9,0) -> 0 | AQ10: =AO10+AP10 -> 0
B11: =G11/(SUM($G$10:$G$46)) -> #DIV/0! | C11: =G11*($G$48/$G$52) -> #DIV/0! | D11: =G11*($G$49/$G$52) -> #DIV/0! | E11: =IF('ORÇ.GLOBAL REF.'!A13>'ORÇ.GLOBAL REF.'!$V$12,0,SMALL('ORÇ.GLOBAL REF.'!$U$12:$U$1011,'ORÇ.GLOBAL REF.'!A13)) -> 2 | F11: =IF('ORÇ.GLOBAL REF.'!A13>'ORÇ.GLOBAL REF.'!$V$12,"",VLOOKUP(E11,'ORÇ.GLOBAL REF.'!$B$12:$E$1011,2,FALSE())) -> COBERTURA | G11: =IFERROR(IF(E11=0,0,VLOOKUP(E11,'ORÇ.GLOBAL EMPRESA'!$B$12:$H$1011,7,FALSE())),0) -> 0 | H11: =IF('CRONO REF.'!H10>0,'CRONO REF.'!H10,0) -> 0 | I11: =H11 -> 0 | J11: =IF('CRONO REF.'!J10>0,'CRONO REF.'!J10,0) -> 0 | K11: =I11+J11 -> 0 | L11: =IF('CRONO REF.'!L10>0,'CRONO REF.'!L10,0) -> 0 | M11: =K11+L11 -> 0 | N11: =IF('CRONO REF.'!N10>0,'CRONO REF.'!N10,0) -> 0 | O11: =M11+N11 -> 0 | P11: =IF('CRONO REF.'!P10>0,'CRONO REF.'!P10,0) -> 0 | Q11: =O11+P11 -> 0 | R11: =IF('CRONO REF.'!R10>0,'CRONO REF.'!R10,0) -> 0 | S11: =Q11+R11 -> 0 | T11: =IF('CRONO REF.'!T10>0,'CRONO REF.'!T10,0) -> 0 | U11: =S11+T11 -> 0 | V11: =IF('CRONO REF.'!V10>0,'CRONO REF.'!V10,0) -> 0 | W11: =U11+V11 -> 0 | X11: =IF('CRONO REF.'!X10>0,'CRONO REF.'!X10,0) -> 0 | Y11: =W11+X11 -> 0 | Z11: =IF('CRONO REF.'!Z10>0,'CRONO REF.'!Z10,0) -> 0 | AA11: =Y11+Z11 -> 0 | AB11: =IF('CRONO REF.'!AB10>0,'CRONO REF.'!AB10,0) -> 0 | AC11: =AA11+AB11 -> 0 | AD11: =IF('CRONO REF.'!AD10>0,'CRONO REF.'!AD10,0) -> 0 | AE11: =AC11+AD11 -> 0 | AF11: =IF('CRONO REF.'!AF10>0,'CRONO REF.'!AF10,0) -> 0 | AG11: =AE11+AF11 -> 0 | AH11: =IF('CRONO REF.'!AH10>0,'CRONO REF.'!AH10,0) -> 0 | AI11: =AG11+AH11 -> 0 | AJ11: =IF('CRONO REF.'!AJ10>0,'CRONO REF.'!AJ10,0) -> 0 | AK11: =AI11+AJ11 -> 0 | AL11: =IF('CRONO REF.'!AL10>0,'CRONO REF.'!AL10,0) -> 0 | AM11: =AK11+AL11 -> 0 | AN11: =IF('CRONO REF.'!AN10>0,'CRONO REF.'!AN10,0) -> 0 | AO11: =AM11+AN11 -> 0 | AP11: =IF('CRONO REF.'!AP10>0,'CRONO REF.'!AP10,0) -> 0 | AQ11: =AO11+AP11 -> 0
B12: =G12/(SUM($G$10:$G$46)) -> #DIV/0! | C12: =G12*($G$48/$G$52) -> #DIV/0! | D12: =G12*($G$49/$G$52) -> #DIV/0! | E12: =IF('ORÇ.GLOBAL REF.'!A14>'ORÇ.GLOBAL REF.'!$V$12,0,SMALL('ORÇ.GLOBAL REF.'!$U$12:$U$1011,'ORÇ.GLOBAL REF.'!A14)) -> 3 | F12: =IF('ORÇ.GLOBAL REF.'!A14>'ORÇ.GLOBAL REF.'!$V$12,"",VLOOKUP(E12,'ORÇ.GLOBAL REF.'!$B$12:$E$1011,2,FALSE())) -> BEIRAL PVC | G12: =IFERROR(IF(E12=0,0,VLOOKUP(E12,'ORÇ.GLOBAL EMPRESA'!$B$12:$H$1011,7,FALSE())),0) -> 0 | H12: =IF('CRONO REF.'!H11>0,'CRONO REF.'!H11,0) -> 0 | I12: =H12 -> 0 | J12: =IF('CRONO REF.'!J11>0,'CRONO REF.'!J11,0) -> 0 | K12: =I12+J12 -> 0 | L12: =IF('CRONO REF.'!L11>0,'CRONO REF.'!L11,0) -> 0 | M12: =K12+L12 -> 0 | N12: =IF('CRONO REF.'!N11>0,'CRONO REF.'!N11,0) -> 0 | O12: =M12+N12 -> 0 | P12: =IF('CRONO REF.'!P11>0,'CRONO REF.'!P11,0) -> 0 | Q12: =O12+P12 -> 0 | R12: =IF('CRONO REF.'!R11>0,'CRONO REF.'!R11,0) -> 0 | S12: =Q12+R12 -> 0 | T12: =IF('CRONO REF.'!T11>0,'CRONO REF.'!T11,0) -> 0 | U12: =S12+T12 -> 0 | V12: =IF('CRONO REF.'!V11>0,'CRONO REF.'!V11,0) -> 0 | W12: =U12+V12 -> 0 | X12: =IF('CRONO REF.'!X11>0,'CRONO REF.'!X11,0) -> 0 | Y12: =W12+X12 -> 0 | Z12: =IF('CRONO REF.'!Z11>0,'CRONO REF.'!Z11,0) -> 0 | AA12: =Y12+Z12 -> 0 | AB12: =IF('CRONO REF.'!AB11>0,'CRONO REF.'!AB11,0) -> 0 | AC12: =AA12+AB12 -> 0 | AD12: =IF('CRONO REF.'!AD11>0,'CRONO REF.'!AD11,0) -> 0 | AE12: =AC12+AD12 -> 0 | AF12: =IF('CRONO REF.'!AF11>0,'CRONO REF.'!AF11,0) -> 0 | AG12: =AE12+AF12 -> 0 | AH12: =IF('CRONO REF.'!AH11>0,'CRONO REF.'!AH11,0) -> 0 | AI12: =AG12+AH12 -> 0 | AJ12: =IF('CRONO REF.'!AJ11>0,'CRONO REF.'!AJ11,0) -> 0 | AK12: =AI12+AJ12 -> 0 | AL12: =IF('CRONO REF.'!AL11>0,'CRONO REF.'!AL11,0) -> 0 | AM12: =AK12+AL12 -> 0 | AN12: =IF('CRONO REF.'!AN11>0,'CRONO REF.'!AN11,0) -> 0 | AO12: =AM12+AN12 -> 0 | AP12: =IF('CRONO REF.'!AP11>0,'CRONO REF.'!AP11,0) -> 0 | AQ12: =AO12+AP12 -> 0
B13: =G13/(SUM($G$10:$G$46)) -> #DIV/0! | C13: =G13*($G$48/$G$52) -> #DIV/0! | D13: =G13*($G$49/$G$52) -> #DIV/0! | E13: =IF('ORÇ.GLOBAL REF.'!A15>'ORÇ.GLOBAL REF.'!$V$12,0,SMALL('ORÇ.GLOBAL REF.'!$U$12:$U$1011,'ORÇ.GLOBAL REF.'!A15)) -> 0 | F13: =IF('ORÇ.GLOBAL REF.'!A15>'ORÇ.GLOBAL REF.'!$V$12,"",VLOOKUP(E13,'ORÇ.GLOBAL REF.'!$B$12:$E$1011,2,FALSE())) | G13: =IFERROR(IF(E13=0,0,VLOOKUP(E13,'ORÇ.GLOBAL EMPRESA'!$B$12:$H$1011,7,FALSE())),0) -> 0 | H13: =IF('CRONO REF.'!H12>0,'CRONO REF.'!H12,0) -> 0 | I13: =H13 -> 0 | J13: =IF('CRONO REF.'!J12>0,'CRONO REF.'!J12,0) -> 0 | K13: =I13+J13 -> 0 | L13: =IF('CRONO REF.'!L12>0,'CRONO REF.'!L12,0) -> 0 | M13: =K13+L13 -> 0 | N13: =IF('CRONO REF.'!N12>0,'CRONO REF.'!N12,0) -> 0 | O13: =M13+N13 -> 0 | P13: =IF('CRONO REF.'!P12>0,'CRONO REF.'!P12,0) -> 0 | Q13: =O13+P13 -> 0 | R13: =IF('CRONO REF.'!R12>0,'CRONO REF.'!R12,0) -> 0 | S13: =Q13+R13 -> 0 | T13: =IF('CRONO REF.'!T12>0,'CRONO REF.'!T12,0) -> 0 | U13: =S13+T13 -> 0 | V13: =IF('CRONO REF.'!V12>0,'CRONO REF.'!V12,0) -> 0 | W13: =U13+V13 -> 0 | X13: =IF('CRONO REF.'!X12>0,'CRONO REF.'!X12,0) -> 0 | Y13: =W13+X13 -> 0 | Z13: =IF('CRONO REF.'!Z12>0,'CRONO REF.'!Z12,0) -> 0 | AA13: =Y13+Z13 -> 0 | AB13: =IF('CRONO REF.'!AB12>0,'CRONO REF.'!AB12,0) -> 0 | AC13: =AA13+AB13 -> 0 | AD13: =IF('CRONO REF.'!AD12>0,'CRONO REF.'!AD12,0) -> 0 | AE13: =AC13+AD13 -> 0 | AF13: =IF('CRONO REF.'!AF12>0,'CRONO REF.'!AF12,0) -> 0 | AG13: =AE13+AF13 -> 0 | AH13: =IF('CRONO REF.'!AH12>0,'CRONO REF.'!AH12,0) -> 0 | AI13: =AG13+AH13 -> 0 | AJ13: =IF('CRONO REF.'!AJ12>0,'CRONO REF.'!AJ12,0) -> 0 | AK13: =AI13+AJ13 -> 0 | AL13: =IF('CRONO REF.'!AL12>0,'CRONO REF.'!AL12,0) -> 0 | AM13: =AK13+AL13 -> 0 | AN13: =IF('CRONO REF.'!AN12>0,'CRONO REF.'!AN12,0) -> 0 | AO13: =AM13+AN13 -> 0 | AP13: =IF('CRONO REF.'!AP12>0,'CRONO REF.'!AP12,0) -> 0 | AQ13: =AO13+AP13 -> 0
B14: =G14/(SUM($G$10:$G$46)) -> #DIV/0! | C14: =G14*($G$48/$G$52) -> #DIV/0! | D14: =G14*($G$49/$G$52) -> #DIV/0! | E14: =IF('ORÇ.GLOBAL REF.'!A16>'ORÇ.GLOBAL REF.'!$V$12,0,SMALL('ORÇ.GLOBAL REF.'!$U$12:$U$1011,'ORÇ.GLOBAL REF.'!A16)) -> 0 | F14: =IF('ORÇ.GLOBAL REF.'!A16>'ORÇ.GLOBAL REF.'!$V$12,"",VLOOKUP(E14,'ORÇ.GLOBAL REF.'!$B$12:$E$1011,2,FALSE())) | G14: =IFERROR(IF(E14=0,0,VLOOKUP(E14,'ORÇ.GLOBAL EMPRESA'!$B$12:$H$1011,7,FALSE())),0) -> 0 | H14: =IF('CRONO REF.'!H13>0,'CRONO REF.'!H13,0) -> 0 | I14: =H14 -> 0 | J14: =IF('CRONO REF.'!J13>0,'CRONO REF.'!J13,0) -> 0 | K14: =I14+J14 -> 0 | L14: =IF('CRONO REF.'!L13>0,'CRONO REF.'!L13,0) -> 0 | M14: =K14+L14 -> 0 | N14: =IF('CRONO REF.'!N13>0,'CRONO REF.'!N13,0) -> 0 | O14: =M14+N14 -> 0 | P14: =IF('CRONO REF.'!P13>0,'CRONO REF.'!P13,0) -> 0 | Q14: =O14+P14 -> 0 | R14: =IF('CRONO REF.'!R13>0,'CRONO REF.'!R13,0) -> 0 | S14: =Q14+R14 -> 0 | T14: =IF('CRONO REF.'!T13>0,'CRONO REF.'!T13,0) -> 0 | U14: =S14+T14 -> 0 | V14: =IF('CRONO REF.'!V13>0,'CRONO REF.'!V13,0) -> 0 | W14: =U14+V14 -> 0 | X14: =IF('CRONO REF.'!X13>0,'CRONO REF.'!X13,0) -> 0 | Y14: =W14+X14 -> 0 | Z14: =IF('CRONO REF.'!Z13>0,'CRONO REF.'!Z13,0) -> 0 | AA14: =Y14+Z14 -> 0 | AB14: =IF('CRONO REF.'!AB13>0,'CRONO REF.'!AB13,0) -> 0 | AC14: =AA14+AB14 -> 0 | AD14: =IF('CRONO REF.'!AD13>0,'CRONO REF.'!AD13,0) -> 0 | AE14: =AC14+AD14 -> 0 | AF14: =IF('CRONO REF.'!AF13>0,'CRONO REF.'!AF13,0) -> 0 | AG14: =AE14+AF14 -> 0 | AH14: =IF('CRONO REF.'!AH13>0,'CRONO REF.'!AH13,0) -> 0 | AI14: =AG14+AH14 -> 0 | AJ14: =IF('CRONO REF.'!AJ13>0,'CRONO REF.'!AJ13,0) -> 0 | AK14: =AI14+AJ14 -> 0 | AL14: =IF('CRONO REF.'!AL13>0,'CRONO REF.'!AL13,0) -> 0 | AM14: =AK14+AL14 -> 0 | AN14: =IF('CRONO REF.'!AN13>0,'CRONO REF.'!AN13,0) -> 0 | AO14: =AM14+AN14 -> 0 | AP14: =IF('CRONO REF.'!AP13>0,'CRONO REF.'!AP13,0) -> 0 | AQ14: =AO14+AP14 -> 0
B15: =G15/(SUM($G$10:$G$46)) -> #DIV/0! | C15: =G15*($G$48/$G$52) -> #DIV/0! | D15: =G15*($G$49/$G$52) -> #DIV/0! | E15: =IF('ORÇ.GLOBAL REF.'!A17>'ORÇ.GLOBAL REF.'!$V$12,0,SMALL('ORÇ.GLOBAL REF.'!$U$12:$U$1011,'ORÇ.GLOBAL REF.'!A17)) -> 0 | F15: =IF('ORÇ.GLOBAL REF.'!A17>'ORÇ.GLOBAL REF.'!$V$12,"",VLOOKUP(E15,'ORÇ.GLOBAL REF.'!$B$12:$E$1011,2,FALSE())) | G15: =IFERROR(IF(E15=0,0,VLOOKUP(E15,'ORÇ.GLOBAL EMPRESA'!$B$12:$H$1011,7,FALSE())),0) -> 0 | H15: =IF('CRONO REF.'!H14>0,'CRONO REF.'!H14,0) -> 0 | I15: =H15 -> 0 | J15: =IF('CRONO REF.'!J14>0,'CRONO REF.'!J14,0) -> 0 | K15: =I15+J15 -> 0 | L15: =IF('CRONO REF.'!L14>0,'CRONO REF.'!L14,0) -> 0 | M15: =K15+L15 -> 0 | N15: =IF('CRONO REF.'!N14>0,'CRONO REF.'!N14,0) -> 0 | O15: =M15+N15 -> 0 | P15: =IF('CRONO REF.'!P14>0,'CRONO REF.'!P14,0) -> 0 | Q15: =O15+P15 -> 0 | R15: =IF('CRONO REF.'!R14>0,'CRONO REF.'!R14,0) -> 0 | S15: =Q15+R15 -> 0 | T15: =IF('CRONO REF.'!T14>0,'CRONO REF.'!T14,0) -> 0 | U15: =S15+T15 -> 0 | V15: =IF('CRONO REF.'!V14>0,'CRONO REF.'!V14,0) -> 0 | W15: =U15+V15 -> 0 | X15: =IF('CRONO REF.'!X14>0,'CRONO REF.'!X14,0) -> 0 | Y15: =W15+X15 -> 0 | Z15: =IF('CRONO REF.'!Z14>0,'CRONO REF.'!Z14,0) -> 0 | AA15: =Y15+Z15 -> 0 | AB15: =IF('CRONO REF.'!AB14>0,'CRONO REF.'!AB14,0) -> 0 | AC15: =AA15+AB15 -> 0 | AD15: =IF('CRONO REF.'!AD14>0,'CRONO REF.'!AD14,0) -> 0 | AE15: =AC15+AD15 -> 0 | AF15: =IF('CRONO REF.'!AF14>0,'CRONO REF.'!AF14,0) -> 0 | AG15: =AE15+AF15 -> 0 | AH15: =IF('CRONO REF.'!AH14>0,'CRONO REF.'!AH14,0) -> 0 | AI15: =AG15+AH15 -> 0 | AJ15: =IF('CRONO REF.'!AJ14>0,'CRONO REF.'!AJ14,0) -> 0 | AK15: =AI15+AJ15 -> 0 | AL15: =IF('CRONO REF.'!AL14>0,'CRONO REF.'!AL14,0) -> 0 | AM15: =AK15+AL15 -> 0 | AN15: =IF('CRONO REF.'!AN14>0,'CRONO REF.'!AN14,0) -> 0 | AO15: =AM15+AN15 -> 0 | AP15: =IF('CRONO REF.'!AP14>0,'CRONO REF.'!AP14,0) -> 0 | AQ15: =AO15+AP15 -> 0
B16: =G16/(SUM($G$10:$G$46)) -> #DIV/0! | C16: =G16*($G$48/$G$52) -> #DIV/0! | D16: =G16*($G$49/$G$52) -> #DIV/0! | E16: =IF('ORÇ.GLOBAL REF.'!A18>'ORÇ.GLOBAL REF.'!$V$12,0,SMALL('ORÇ.GLOBAL REF.'!$U$12:$U$1011,'ORÇ.GLOBAL REF.'!A18)) -> 0 | F16: =IF('ORÇ.GLOBAL REF.'!A18>'ORÇ.GLOBAL REF.'!$V$12,"",VLOOKUP(E16,'ORÇ.GLOBAL REF.'!$B$12:$E$1011,2,FALSE())) | G16: =IFERROR(IF(E16=0,0,VLOOKUP(E16,'ORÇ.GLOBAL EMPRESA'!$B$12:$H$1011,7,FALSE())),0) -> 0 | H16: =IF('CRONO REF.'!H15>0,'CRONO REF.'!H15,0) -> 0 | I16: =H16 -> 0 | J16: =IF('CRONO REF.'!J15>0,'CRONO REF.'!J15,0) -> 0 | K16: =I16+J16 -> 0 | L16: =IF('CRONO REF.'!L15>0,'CRONO REF.'!L15,0) -> 0 | M16: =K16+L16 -> 0 | N16: =IF('CRONO REF.'!N15>0,'CRONO REF.'!N15,0) -> 0 | O16: =M16+N16 -> 0 | P16: =IF('CRONO REF.'!P15>0,'CRONO REF.'!P15,0) -> 0 | Q16: =O16+P16 -> 0 | R16: =IF('CRONO REF.'!R15>0,'CRONO REF.'!R15,0) -> 0 | S16: =Q16+R16 -> 0 | T16: =IF('CRONO REF.'!T15>0,'CRONO REF.'!T15,0) -> 0 | U16: =S16+T16 -> 0 | V16: =IF('CRONO REF.'!V15>0,'CRONO REF.'!V15,0) -> 0 | W16: =U16+V16 -> 0 | X16: =IF('CRONO REF.'!X15>0,'CRONO REF.'!X15,0) -> 0 | Y16: =W16+X16 -> 0 | Z16: =IF('CRONO REF.'!Z15>0,'CRONO REF.'!Z15,0) -> 0 | AA16: =Y16+Z16 -> 0 | AB16: =IF('CRONO REF.'!AB15>0,'CRONO REF.'!AB15,0) -> 0 | AC16: =AA16+AB16 -> 0 | AD16: =IF('CRONO REF.'!AD15>0,'CRONO REF.'!AD15,0) -> 0 | AE16: =AC16+AD16 -> 0 | AF16: =IF('CRONO REF.'!AF15>0,'CRONO REF.'!AF15,0) -> 0 | AG16: =AE16+AF16 -> 0 | AH16: =IF('CRONO REF.'!AH15>0,'CRONO REF.'!AH15,0) -> 0 | AI16: =AG16+AH16 -> 0 | AJ16: =IF('CRONO REF.'!AJ15>0,'CRONO REF.'!AJ15,0) -> 0 | AK16: =AI16+AJ16 -> 0 | AL16: =IF('CRONO REF.'!AL15>0,'CRONO REF.'!AL15,0) -> 0 | AM16: =AK16+AL16 -> 0 | AN16: =IF('CRONO REF.'!AN15>0,'CRONO REF.'!AN15,0) -> 0 | AO16: =AM16+AN16 -> 0 | AP16: =IF('CRONO REF.'!AP15>0,'CRONO REF.'!AP15,0) -> 0 | AQ16: =AO16+AP16 -> 0
